 Dungeon Crawl Stone Soup version 0.24-a0-201-gf205589 (webtiles) character file.

1892347 ddubois the Slayer (level 27, 209/209 HPs)
             Began as a Halfling Hunter on Jan 24, 2019.
             Was the Champion of Okawaru.
             Escaped with the Orb
             ... and 4 runes on Mar 24, 2019!
             The game lasted 10:23:27 (106934 turns).

ddubois the Slayer (Halfling Hunter)              Turns: 106934, Time: 10:23:28

Health: 209/209    AC: 39    Str: 18      XL:     27
Magic:  41/41      EV: 37    Int: 20 (21) God:    Okawaru [******]
Gold:   3981       SH: 23    Dex: 25 (26) Spells: 0/38 levels left

rFire    + + .     SeeInvis +   b - +3 fustibalus "Waedorr" {venom, +Blink rN+ MP+9}
rCold    . . .     Gourm    .   X - +5 shield {AC+3} {AC+3}
rNeg     + + +     Faith    +   U - +6 steam dragon scales "Daylyhoc" {rN+ SInv}
rPois    +         Spirit   .   Z - +2 hat {MR+} {MR+}
rElec    +         Reflect  .   T - +2 cloak {rPois} {rPois}
rCorr    .         Harm     .   q - +0 pair of gloves "Zopteike" {Int+5 Dex+7}
MR       +++..                  G - +2 pair of boots {run} {Speed+}
Stlth    +++.......             Q - amulet "Modyban" {Faith rElec rF+ rN+}
HPRegen  0.44/turn              d - ring of Plog {rF+ Int+3 Slay+4 Stlth+}
MPRegen  0.27/turn              P - ring of Robustness {AC+8}

@: quick
A: small, deterioration 1, mutation resistance 1, wild magic 1
0: Orb of Zot
}: 4/15 runes: decaying, slimy, silver, gossamer
a: Heroism, Finesse, Renounce Religion, Evoke Blink


You escaped.
You worshipped Okawaru.
Okawaru was exalted by your worship.
You were not hungry.

You visited 12 branches of the dungeon, and saw 56 of its levels.
You visited the Abyss 1 time.
You visited 1 bazaar.
You also visited: Bailey, Gauntlet, Wizlab and Desolation.

You collected 9347 gold pieces.
You spent 5366 gold pieces at shops.

Inventory:

Hand Weapons
 a - a +9 dagger of electrocution
 b - the +3 fustibalus "Waedorr" (weapon) {venom, +Blink rN+ MP+9}
   (You acquired it on level 4 of the Vaults)

   It poisons the ammo it fires.
   It protects you from negative energy.
   It affects your magic capacity (+9).
   It lets you blink.
 v - a +4 demon blade of freezing
 F - a +2 scimitar of holy wrath
Missiles
 m - 5 throwing nets {=f}
 x - 1189 sling bullets (quivered)
Armour
 q - the +0 pair of gloves "Zopteike" (worn) {Int+5 Dex+7}
   (You bought it in a shop in a bazaar)

   It affects your intelligence (+5).
   It affects your dexterity (+7).
 t - the +1 pair of boots of Ohappor {rCorr MP+9 Dex+4}
   (You found it on level 3 of the Realm of Zot)

   It affects your dexterity (+4).
   It affects your magic capacity (+9).
   It provides partial protection from all sources of acid and corrosion.
 G - a +2 pair of boots of running (worn) {Speed+}
 T - a +2 cloak of poison resistance (worn) {rPois}
 U - the +6 steam dragon scales "Daylyhoc" (worn) {rN+ SInv}
   (Okawaru gifted it to you on level 6 of the Lair of Beasts)

   It protects you from negative energy.
   It lets you see invisible.
 X - a +5 shield of protection (worn) {AC+3}
 Z - a +2 hat of magic resistance (worn) {MR+}
Jewellery
 d - the ring of Plog (left hand) {rF+ Int+3 Slay+4 Stlth+}
   (You took it off a tengu conjurer on level 2 of the Depths)

   [ring of slaying]

   It affects your intelligence (+3).
   It affects your accuracy and damage with ranged weapons and melee attacks
   (+4).
   It protects you from fire.
   It makes you more stealthy.
 P - the ring of Robustness (right hand) {AC+8}
   (You took it off a death knight on level 5 of the Vaults)

   [ring of protection]

   It affects your AC (+8).
 Q - the amulet "Modyban" (around neck) {Faith rElec rF+ rN+}
   (You found it in the Desolation of Salt)

   [amulet of faith]

   It allows you to gain divine favour quickly.
   It protects you from fire.
   It insulates you from electricity.
   It protects you from negative energy.
Wands
 D - a wand of digging (12)
 L - a wand of enslavement (5)
 O - a wand of acid (36)
 S - a wand of iceblast (66)
Scrolls
 e - 5 scrolls of fear
 f - 3 scrolls of fog
 g - a scroll of remove curse
 i - 15 scrolls of identify
 l - a scroll of enchant weapon
 r - 4 scrolls of teleportation
 B - 8 scrolls of blinking {!r}
 H - 6 scrolls of magic mapping {!r}
 W - 2 scrolls of silence
Potions
 c - 2 potions of magic
 j - a potion of cancellation
 n - 16 potions of curing
 p - 6 potions of heal wounds
 s - 3 potions of ambrosia
 w - 2 potions of might
 A - 11 potions of brilliance
 C - 2 potions of resistance
 K - 2 potions of flight
 N - 4 potions of haste
 Y - a potion of agility
Miscellaneous
 h - a fan of gales (inert)
 k - a lamp of fire
 u - a lightning rod (4/4)
 z - a box of beasts
 J - a phantom mirror
 V - a phial of floods
Comestibles
 M - 71 rations


   Skills:
 + Level 22.7 Fighting
 - Level 10.2(13.8) Short Blades
 - Level 13.1(14.0) Long Blades
 - Level 14.0 Slings
 - Level 22.0 Armour
 - Level 22.0 Dodging
 - Level 13.2 Stealth
 - Level 21.0 Shields
 - Level 6.0 Spellcasting
 - Level 2.0 Conjurations
 - Level 10.0 Charms
 - Level 5.0 Summonings
 - Level 2.0 Necromancy
 - Level 3.0 Translocations
 - Level 9.0 Air Magic
 - Level 4.0 Poison Magic
 - Level 10.0 Invocations
 - Level 10.0 Evocations


You couldn't memorise any spells.
You knew the following spells:

 Your Spells              Type           Power        Failure   Level  Hunger
a - Summon Lightning Spi  Summ/Air       #####...     10%         4    ####...
b - Blink                 Tloc           N/A          8%          2    None
c - Shadow Creatures      Summ           N/A          94%         6    #######
d - Deflect Missiles      Chrm/Air       ######....   41%         6    #######
e - Swiftness             Chrm/Air       ######..     1%          2    None
f - Animate Dead          Necr           N/A          50%         4    ####...
g - Apportation           Tloc           ###...       5%          1    None
h - Ozocubu's Armour      Chrm/Ice       ####....     7%          3    ##.....
r - Regeneration          Chrm/Necr      #####.....   4%          3    ##.....
s - Shroud of Golubria    Chrm/Tloc      #####.....   2%          2    None
x - Mephitic Cloud        Conj/Pois/Air  ####....     7%          3    ##.....
A - Animate Skeleton      Necr           N/A          8%          1    None
B - Summon Butterflies    Summ           ####....     2%          1    None

Your spell library contained the following spells:

 Spells                   Type           Power        Failure   Level  Hunger
 Shock                    Conj/Air       ####         2%          1    None
 Summon Small Mammal      Summ           ####         2%          1    None
 Poisonous Vapours        Pois/Air       #####.       2%          2    None
 Call Imp                 Summ           ####....     3%          2    None
 Airstrike                Air            ######....   4%          4    ####...
 Static Discharge         Conj/Air       #####...     5%          3    ##.....
 Call Canine Familiar     Summ           ####....     7%          3    ##.....
 Magic Dart               Conj           ###.         8%          1    None
 Pain                     Necr           ###.         8%          1    None
 Recall                   Summ/Tloc      N/A          10%         3    ##.....
 Flame Tongue             Conj/Fire      ##...        11%         1    None
 Corpse Rot               Necr           N/A          11%         2    None
 Searing Ray              Conj           ###...       11%         2    None
 Sublimation of Blood     Necr           ###.......   11%         2    None
 Gell's Gravitas          Tloc           ###.......   13%         3    ##.....
 Lesser Beckoning         Tloc           ###.......   13%         3    ##.....
 Teleport Other           Tloc           ###.....     13%         3    ##.....
 Beastly Appendage        Tmut           #.....       16%         1    None
 Confusing Touch          Hex            #.....       16%         1    None
 Corona                   Hex            #......      16%         1    None
 Freeze                   Ice            #...         16%         1    None
 Sandblast                Erth           #.....       16%         1    None
 Throw Flame              Conj/Fire      ##....       16%         2    None
 Summon Guardian Golem    Hex/Summ       ###.....     16%         3    ##.....
 Spider Form              Tmut/Pois      ###.......   21%         3    ##.....
 Vampiric Draining        Necr           ###.......   21%         3    ##.....
 Ensorcelled Hibernation  Hex/Ice        #.....       22%         2    None
 Passwall                 Tmut/Erth      #.......     22%         2    None
 Slow                     Hex            #.......     22%         2    None
 Sticks to Snakes         Tmut           #.......     22%         2    None
 Portal Projectile        Hex/Tloc       ###...       24%         3    ##.....
 Ignite Poison            Fire/Tmut/Pois ##......     26%         3    ##.....
 Conjure Flame            Conj/Fire      ##......     28%         3    ##.....
 Dazzling Spray           Conj/Hex       ##....       28%         3    ##.....
 Stone Arrow              Conj/Erth      ##....       28%         3    ##.....
 Excruciating Wounds      Chrm/Necr      #####.....   32%         5    #####..
 Confuse                  Hex            #.......     38%         3    ##.....
 Inner Flame              Hex/Fire       #.......     38%         3    ##.....
 Tukima's Dance           Hex            #.......     38%         3    ##.....
 Lightning Bolt           Conj/Air       #####.....   38%         5    #####..
 Force Lance              Conj/Tloc      ###.....     45%         4    ####...
 Summon Ice Beast         Ice/Summ       ###.....     45%         4    ####...
 Aura of Abjuration       Summ           ####......   45%         5    #####..
 Summon Demon             Summ           ####......   45%         5    #####..
 Iskenderun's Mystic Bla  Conj           ###.....     50%         4    ####...
 Silence                  Hex/Air        ####......   50%         5    #####..
 Summon Forest            Summ/Tloc      ####......   58%         5    #####..
 Fulminant Prism          Conj/Hex       ##........   65%         4    ####...
 Sticky Flame             Conj/Fire      ##......     65%         4    ####...
 Cause Fear               Hex            #.........   78%         4    ####...
 Ice Form                 Ice/Tmut       #.......     78%         4    ####...
 Leda's Liquefaction      Hex/Erth       #.........   78%         4    ####...
 Petrify                  Tmut/Erth      #.......     78%         4    ####...
 Summon Mana Viper        Hex/Summ       ###.....     78%         5    #####..
 Agony                    Necr           ###.....     83%         5    #####..
 Alistair's Intoxication  Tmut/Pois      ###.....     83%         5    #####..
 Bolt of Draining         Conj/Necr      ###.......   83%         5    #####..
 Dispel Undead            Necr           ###.....     83%         5    #####..
 Conjure Ball Lightning   Conj/Air       #####.....   90%         6    #######
 Borgnjor's Vile Clutch   Necr/Erth      ##........   92%         5    #####..
 Fireball                 Conj/Fire      ##........   92%         5    #####..
 Irradiate                Conj/Tmut      ##........   92%         5    #####..
 Bolt of Magma            Conj/Fire/Erth ##........   95%         5    #####..
 Blade Hands              Tmut           #.........   98%         5    #####..
 Lee's Rapid Deconstruct  Erth           #.........   98%         5    #####..
 Metabolic Englaciation   Hex/Ice        #.........   98%         5    #####..
 Yara's Violent Unravell  Hex/Tmut       #.........   98%         5    #####..
 Dispersal                Tloc           ###.......   99%         6    #######
 Freezing Cloud           Conj/Ice/Air   ####......   99%         6    #######
 Poison Arrow             Conj/Pois      ###.......   99%         6    #######
 Bolt of Fire             Conj/Fire      ##........   100%        6    #######
 Darkness                 Hex            #.........   100%        6    #######
 Hydra Form               Tmut           #.........   100%        6    #######
 Iron Shot                Conj/Erth      ##........   100%        6    #######
 Statue Form              Tmut/Erth      #........    100%        6    #######
 Dragon Form              Tmut           #.........   100%        7    #######
 Malign Gateway           Summ/Tloc      ####......   100%        7    #######
 Monstrous Menagerie      Summ           ####......   100%        7    #######
 Ring of Flames           Chrm/Fire      ####......   100%        7    #######
 Summon Greater Demon     Summ           ####......   100%        7    #######
 Summon Hydra             Summ           ####......   100%        7    #######
 Chain Lightning          Conj/Air       #####.....   100%        8    #######
 Controlled Blink         Tloc           N/A          100%        8    #######
 Discord                  Hex            #.........   100%        8    #######
 Disjunction              Tloc           ###.......   100%        8    #######
 Ignition                 Fire           #.........   100%        8    #######
 Lehudib's Crystal Spear  Conj/Erth      ##........   100%        8    #######
 Summon Horrible Things   Summ           ####......   100%        8    #######
 Fire Storm               Conj/Fire      ##........   100%        9    #######
 Glaciate                 Conj/Ice       ##........   100%        9    #######
 Shatter                  Erth           #.........   100%        9    #######
 Tornado                  Air            ######....   100%        9    #######
 Passage of Golubria      Tloc           Unusable     N/A         4    N/A

Dungeon Overview and Level Annotations

Branches:
Dungeon (15/15)            Temple (1/1) D:7            Lair (6/6) D:10
  Swamp (4/4) Lair:4       Spider (4/4) Lair:2        Slime (5/5) Lair:5
    Orc (2/2) D:12            Elf (3/3) Orc:2        Vaults (5/5) D:14
  Crypt (0/3) Vaults:2     Depths (5/5) D:15           Hell (1/1)
    Dis (0/7) Hell            Geh (0/7) Hell            Coc (0/7) Hell
    Tar (0/7) Hell            Zot (5/5) Depths:5

Altars:
Ashenzari
Dithmenos
Elyvilon
Fedhas
Gozag
Hepliaklqana
Kikubaaqudgha
Makhleb
Nemelex Xobeh
Okawaru
Qazlal
Ru
Sif Muna
Trog
Uskayaw
Vehumet
Wu Jian
Xom
Yredelemnul
The Shining One
Jiyva
Lugonu

Shops:
Orc:1 =   Orc:2 !((?   Elf:1 %!   Elf:2 }?%   Elf:3 ?   Depths:1 }}=
Depths:3 *

Portals:
Hell: Depths:1 Depths:2 Depths:3 Depths:4 Depths:5
Abyss: Depths:4
Pandemonium: Depths:3
Ziggurat: Depths:5

Annotations:
Elf:3 4 exclusions
Zot:5 1 runed translucent door, exclusion: orange crystal statue, grandjackal's ghost, legendary DsGl


Innate Abilities, Weirdness & Mutations

You are small and have problems with some larger weapons.
You are somewhat resistant to further mutation.
Your body sometimes deteriorates upon taking damage.
Your spells are a little harder to cast, but a little more powerful.


Message History

You hear a grinding noise.
You block the sixfirhy's attack.
The cacodemon gestures next to the sixfirhy.
Some rock shatters into small pieces.
You block the sixfirhy's attack.
A cacodemon comes into view.
The cacodemon gestures at you.
Strange energies course through your body.
You feel odd for a moment.
The cacodemon gestures next to the cacodemon.
Some rock shatters into small pieces.
You block the sixfirhy's attack. x2
The sixfirhy closely misses you.
Health restored: 209
There is an open gate here.
The sixfirhy completely misses you. You block the sixfirhy's attack.
You block the sixfirhy's attack. The sixfirhy misses you.
There is an open door here.
You block the sixfirhy's attack. x2; The sixfirhy completely misses you.
There is a staircase leading out of the dungeon here.
You have escaped!

♣...............22
#♣...♣♣#''2#♣♣♣....
#..♣♣###...###♣♣...
#♣♣♣ #.......# ♣♣♣.
####..8.8..####♣.
###..#.......#..###
#....'.8...8.#....#
#....#...⌠...#....#
#.@3.#.8...8.'..⌠.#
#....#.......#....#
###################


You could see a sixfirhy.

Levels and vault maps discovered:
D:1:      sevenhm_arrival_forest_fort_large_2, chequers_decorated_corner,
          minmay_misc_feat_doors, minmay_tetromino_i4
D:2:      chequers_garden
D:3:      minmay_increasing_density
D:4:      first_ration, uniq_duvessa
D:5:      cheibrodos_ashenzari_chains
D:7:      minmay_temple_entry_glassed_door
D:8:      minmay_nine_imps
D:9:      the_bakery, uniq_harold, uniq_pikel
D:10:     lair_entry_dummy, minmay_lizard_king, uniq_nergalle
D:11:     gauntlet_entry_generic, nooodl_food_tri, uniq_erolcha
D:12:     orc_0_dummy, serial_shops, freezing_bzr, hangedman_cracks_in_the_wall
D:13:     st_stairs_14, nicolae_underground_beach
D:14:     david_vaults_1, enter_bailey_3, nicolae_wwwww,
          minmay_misc_feat_pillars, nicolae_ru_the_path_less_chosen, uniq_louise
D:15:     grunt_enter_depths_magical_seal, nicolae_dithmenos_shadow_blocks,
          minmay_misc_feat_diagonals
Temple:   kilobyte_greek_temple
Lair:1:   gammafunk_ghost_hydra_chop, lemuel_fruit_tree, lemuel_fruit_fields
Lair:2:   dummy_spider_entry
Lair:3:   beast_lair_carwin_5
Lair:4:   swamp_mist, grunt_megastairs_5, infiniplex_staircase_pool
Lair:5:   slime_altar_2, serial_bayou_pond_d, serial_bayou_pond_d, minivault_27,
          fungi_pond_lemuel, uniq_urug, uniq_josephine
Lair:6:   minmay_lair_end_enchanted_forest, nicolae_quartered_pool_medium,
          kb_xom_exploding_sheep, grunt_megastairs_1
Swamp:1:  evilmike_swamp_ruin_rubble_1
Swamp:2:  nicolae_swamp_fairy_circle, swamp_pool3, cheibrodos_swamp_minitomb,
          uniq_roxanne
Swamp:3:  evilmike_swamp_ruin_house_3, swamp_pool1
Swamp:4:  swamp_pestilence, nicolae_swamp_alligator_family
Spider:1: uniq_jorgrun
Spider:4: grunt_spider_rune_circles
Slime:3:  nicolae_slime_barrier
Orc:1:    serial_shops, shop
Orc:2:    st_orc_rangers
Elf:1:    eino_elf_arrival_altar, serial_shops, shop, shop,
          minmay_elf_demonology, hex_large, nicolae_elf_big_sculpture_3,
          minivault_14, lemuel_flamethrower_3
Elf:2:    minmay_shop_star
Elf:3:    minmay_elf_hall_circle, gammafunk_ghost_berserking_beasts,
          serial_shops, shop, minivault_16, columned_hall_lemuel,
          grunt_ministairs_4, st_stairs_14, kilobyte_mutagenic_chamber,
          uniq_donald
Vaults:1: vaults_room_pools, nicolae_vaults_circle_grid_b,
          nicolae_vaults_network_barrier, v_pattern_4,
          vaults_standard_mumra_lines, ontoclasm_vaults_fault,
          nicolae_vaults_little_squares_3, nicolae_vaults_little_squares_6,
          ontoclasm_vaults_hangar, vaults_standard_mumra_enter_the_diamond,
          nicolae_vaults_little_squares_1, grunt_vaults_hallway_short, v_misc_4,
          grunt_vaults_trifunnel, nicolae_vaults_specimen_jars,
          infiniplex_enter_wizlab_glasses
Vaults:2: nicolae_vaults_windows_and_doors_thing,
          minmay_crypt_entry_simple_walls, hangedman_vaults_trim,
          ontoclasm_vaults_pinch, vaults_dpeg_cross, v_alt_pattern_5, v_rooms_2,
          ontoclasm_vaults_ring_square, hangedman_vaults_trim, serial_ice_m,
          portal_desolation_entry_nicolae_slug, uniq_saint_roka, uniq_sojobo
Vaults:3: vaults_dpeg_diagonal, v_misc_16, vaults_room_door_hall, v_misc_10,
          hangedman_vaults_stretched_pinwheel, vaults_room_door_hall,
          vaults_room_grunt_arrival_checkpoint, v_misc_29,
          grunt_vaults_diagonal, v_misc_13, hangedman_vaults_slice,
          ontoclasm_vaults_twist, ontoclasm_vaults_ligature,
          ontoclasm_vaults_loading_screen, ontoclasm_vaults_gateway,
          vaults_mumra_chevron
Vaults:4: nicolae_vaults_asterisk, nicolae_vaults_border_crossing,
          ontoclasm_vaults_bender, v_misc_29,
          nicolae_vaults_stairing_the_circle, nicolae_vaults_network_s,
          v_misc_4, hangedman_vaults_corner_blocks,
          vaults_room_grunt_arrival_ludios, uniq_mara
Vaults:5: serial_shops, uniq_boris
Depths:1: hellmouth_1, hangedman_glass_teeth, kennysheep_boxes, firewood_loft,
          minmay_shop_grove
Depths:2: hangedman_elemental_death_ray, hell_entry, gammafunk_ghost_mausoleum
Depths:3: evilmike_lava_path, serial_shops, nicolae_shop_statue_plus,
          pf_dread_powers_of_hell, serial_sigils_hangedman_snap, pan_entry,
          minmay_staircase_windowed_large
Depths:4: abrahamwl_protected_by_tso_3, chequers_serial_rivers_marsh,
          pf_hell_entry_tar_spiral, abyss_entry_flame_altar,
          small_chamber_with_monster, minmay_staircase_statues
Depths:5: grunt_zot_entry_hairpin, enter_ziggurat_c, hell_entry,
          nicolae_lava_and_water, minmay_the_grid_2x2
Zot:1:    nrook_zot_tub
Zot:2:    infiniplex_zot_generator, grunt_ministairs_4
Zot:5:    ebering_ghost_reflecting_pool

Notes
Turn   | Place    | Note
-------+----------+-------------------------------------------
     0 | D:1      | ddubois the Halfling Hunter began the quest for the Orb.
     0 | D:1      | Reached XP level 1. HP: 14/14 MP: 1/1
    47 | D:1      | Identified a +0 club
   169 | D:1      | Identified a +0 club
   169 | D:1      | Identified a +0 club
   176 | D:1      | Reached skill level 6 in Slings
   190 | D:1      | Reached XP level 2. HP: 19/19 MP: 2/2
   330 | D:1      | Reached skill level 2 in Fighting
   448 | D:1      | Identified a +0 dagger
   458 | D:1      | Identified a +0 short sword
   620 | D:1      | Identified a +0 club
  1151 | D:2      | Reached XP level 3. HP: 24/24 MP: 3/3
  1155 | D:2      | Identified a +1 hunting sling
  1390 | D:2      | Identified a +0 club
  1554 | D:2      | Identified a +0 club
  1565 | D:2      | Reached XP level 4. HP: 29/29 MP: 4/4
  1576 | D:2      | Reached skill level 7 in Slings
  1593 | D:2      | Reached skill level 3 in Dodging
  2185 | D:3      | Identified a +0 club
  2193 | D:3      | Reached XP level 5. HP: 35/35 MP: 5/5
  2925 | D:3      | Identified a +0 short sword
  2930 | D:3      | Identified a +0 dagger
  3289 | D:3      | Identified a +0 dagger
  3289 | D:3      | Identified a +0 robe
  3290 | D:3      | Identified a +0 war axe
  3290 | D:3      | Identified a +0 ring mail
  3302 | D:3      | Reached skill level 1 in Short Blades
  3302 | D:3      | Reached skill level 8 in Slings
  3302 | D:3      | Reached XP level 6. HP: 31/41 MP: 6/6
  3439 | D:4      | Noticed an ice beast
  3452 | D:4      | Reached skill level 3 in Fighting
  3572 | D:4      | Identified a +0 giant spiked club
  3572 | D:4      | Noticed an ogre
  3576 | D:4      | Killed an ogre
  3948 | D:4      | Noticed a sky beast
  3960 | D:4      | Killed a sky beast
  3960 | D:4      | Reached skill level 2 in Short Blades
  3960 | D:4      | Reached skill level 4 in Dodging
  3960 | D:4      | Reached XP level 7. HP: 46/46 MP: 7/7
  4171 | D:4      | Identified a +4 dagger of electrocution
  4171 | D:4      | Identified a +0 robe
  4171 | D:4      | Noticed Dowan
  4186 | D:4      | Killed Dowan
  4186 | D:4      | Reached skill level 9 in Slings
  4211 | D:4      | Identified a +0 short sword
  4211 | D:4      | Identified a +0 leather armour
  4211 | D:4      | Noticed Duvessa
  4212 | D:4      | Identified 3 scrolls of identify
  4212 | D:4      | Identified 2 scrolls of remove curse
  4213 | D:4      | Identified 2 scrolls of enchant weapon
  4216 | D:4      | Identified a scroll of immolation
  4217 | D:4      | Identified a scroll of fear
  4218 | D:4      | Identified a scroll of blinking
  4448 | D:3      | Identified a potion of brilliance
  4449 | D:3      | Identified a ring of attention (You found it on level 1 of
                  | the Dungeon)
  4692 | D:5      | Entered Level 5 of the Dungeon
  4692 | D:5      | Identified a +0 dagger
  4697 | D:5      | Identified a +0 shortbow
  4779 | D:5      | Found a shattered altar of Ashenzari.
  4797 | D:5      | Reached skill level 3 in Short Blades
  4848 | D:5      | Identified a cursed +0 spear
  4853 | D:5      | meem: I am meem, an upgrade of beem built by MalcolmRose
                  | (check out Malcolm's DCSS vids and other projects at
                  | http://youtube.com/malcolmrosegaming). To have me follow
                  | you in your games, type !subscribemeem - to make me go away
                  | forever, type !quitmeem - For help, type: !meem
  4853 | D:5      | Identified a +0 flail
  4918 | D:5      | Reached XP level 8. HP: 47/54 MP: 8/8
  4958 | D:5      | Reached skill level 4 in Fighting
  4958 | D:5      | Reached skill level 10 in Slings
  5018 | D:5      | Identified a +0 whip of electrocution
  5018 | D:5      | Identified a +2 leather armour of fire resistance
  5020 | D:5      | Identified a +0 hand axe
  5020 | D:5      | Identified an uncursed ring of protection from magic
  5026 | D:5      | Identified a +0 flail
  5026 | D:5      | Identified a +0 scale mail
  5035 | D:5      | Identified a +0 morningstar
  5035 | D:5      | Identified a +0 leather armour
  5036 | D:5      | Identified a +0 club
  5036 | D:5      | Identified a +0 chain mail
  5049 | D:5      | HP: 11/54 [orc priest/+0 club (6)]
  5416 | D:5      | Identified a +0 club
  5417 | D:5      | Identified a cursed -3 short sword
  5447 | D:5      | Identified a +0 dagger of venom
  5447 | D:5      | Identified a +0 leather armour
  5448 | D:5      | Identified a +0 falchion
  5448 | D:5      | Identified a +0 dagger
  5448 | D:5      | Identified a +0 robe
  5466 | D:5      | Reached skill level 5 in Dodging
  5715 | D:5      | Identified a +0 giant spiked club
  5745 | D:5      | Reached skill level 4 in Short Blades
  5745 | D:5      | Reached skill level 1 in Armour
  5797 | D:5      | Identified a +0 mace
  5802 | D:5      | Identified a +0 flail
  5802 | D:5      | Identified a +0 scale mail
  5802 | D:5      | Identified a +0 dagger
  5987 | D:6      | Learned a level 2 spell: Blink
  5991 | D:6      | Learned a level 3 spell: Mephitic Cloud
  6021 | D:6      | Identified a +0 dagger
  6021 | D:6      | Identified a +0 chain mail
  6032 | D:6      | Identified a cursed -3 flail
  6032 | D:6      | Identified a +0 leather armour
  6035 | D:6      | Identified a +0 club
  6147 | D:6      | Identified a +0 shortbow
  6291 | D:6      | Reached XP level 9. HP: 59/59 MP: 9/9
  6395 | D:6      | Identified a +0 dagger
  6395 | D:6      | Identified a +0 robe
  6396 | D:6      | Identified a +0 glaive
  6396 | D:6      | Identified a +0 plate armour
  6408 | D:6      | Reached skill level 1 in Translocations
  6410 | D:6      | Reached skill level 1 in Air Magic
  6422 | D:6      | Reached skill level 11 in Slings
  6422 | D:6      | Reached skill level 2 in Armour
  6450 | D:6      | Identified a +0 dagger
  6450 | D:6      | Identified a +0 robe
  6457 | D:6      | Reached skill level 1 in Poison Magic
  6469 | D:6      | Identified a +0 trident
  6469 | D:6      | Identified a +0 robe
  6499 | D:6      | Identified a +5 morningstar
  6499 | D:6      | Identified a +0 robe
  6504 | D:6      | Reached skill level 1 in Conjurations
  6505 | D:6      | Identified a cursed +0 spear
  6505 | D:6      | Identified a +0 robe
  6522 | D:6      | Identified a +0 halberd
  6522 | D:6      | Identified a +0 robe
  7051 | D:5      | Reached skill level 1 in Spellcasting
  7410 | D:6      | Identified a +0 helmet (You found it on level 6 of the
                  | Dungeon)
  7422 | D:6      | Reached skill level 2 in Translocations
  7615 | D:7      | Identified a +0 whip
  7619 | D:7      | Identified a +0 spear
  7619 | D:7      | Identified a +0 scale mail
  7619 | D:7      | Identified a +2 shield
  7619 | D:7      | Identified a +0 whip
  7620 | D:7      | Identified a +1 whip of venom
  7622 | D:7      | Identified a +0 spear
  7627 | D:7      | Identified a +0 mace
  7729 | D:6      | Reached skill level 2 in Poison Magic
  7890 | D:6      | Reached skill level 5 in Short Blades
  7904 | D:7      | Identified a +0 dagger of protection
  7904 | D:7      | Identified a +1 robe of magic resistance
  7954 | D:7      | Identified a +0 dagger
  7954 | D:7      | Identified a +0 robe
  7961 | D:6      | Reached skill level 2 in Air Magic
  8090 | D:7      | Reached skill level 3 in Armour
  8107 | D:7      | Identified a +0 giant spiked club
  8158 | D:7      | Got a tattered robe
  8186 | D:6      | Identified the +1 robe "Saragg" {Int+5 Slay+2} (You found
                  | it on level 7 of the Dungeon)
  8196 | D:6      | Identified a +0 plate armour (You found it on level 1 of
                  | the Dungeon)
  8297 | D:7      | Identified a +0 dagger
  8313 | D:7      | Identified a +0 short sword
  8316 | D:7      | Identified a +0 dagger
  8316 | D:7      | Identified a +0 robe
  8326 | D:7      | Identified a +0 flail
  8326 | D:7      | Identified a +0 scale mail
  8329 | D:7      | Identified a +0 flail
  8329 | D:7      | Identified a +0 leather armour
  8394 | D:7      | Found a staircase to the Ecumenical Temple.
  8399 | Temple   | Entered the Ecumenical Temple
  8445 | Temple   | Identified a cursed -1 ring mail (You found it on level 7
                  | of the Dungeon)
  8450 | Temple   | Identified a +0 cloak (You found it on level 7 of the
                  | Dungeon)
  8472 | Temple   | Became a worshipper of Warmaster Okawaru
  8521 | D:7      | Got an ancient long sword
  8522 | D:7      | Identified the cursed +0 long sword "Ozxiwacs" {flame,
                  | Int+3} (You found it on level 7 of the Dungeon)
  8541 | D:7      | Identified a +0 trident
  8547 | D:7      | Identified a +3 mace
  8570 | D:7      | Reached XP level 10. HP: 57/65 MP: 12/12
  8628 | D:7      | Identified a +0 club
  8646 | D:7      | Reached skill level 6 in Dodging
  8677 | D:7      | Identified a +0 whip
  8677 | D:7      | Identified a +0 ring mail
  8733 | D:7      | Reached skill level 5 in Fighting
  8739 | D:7      | Reached skill level 2 in Conjurations
  9129 | D:8      | Identified a +0 shortbow
  9136 | D:8      | Reached skill level 3 in Translocations
  9136 | D:8      | Reached skill level 3 in Air Magic
  9255 | D:8      | Reached skill level 6 in Short Blades
  9271 | D:8      | Identified a +0 whip
  9271 | D:8      | Identified a +0 dagger
  9278 | D:8      | Reached skill level 2 in Spellcasting
  9347 | D:8      | Identified a cursed +0 hand axe
  9347 | D:8      | Identified a +0 robe
  9368 | D:8      | Identified a +0 battleaxe
  9368 | D:8      | Identified a +0 robe
  9369 | D:8      | Identified a +0 long sword
  9369 | D:8      | Identified a +0 robe
  9370 | D:8      | Identified a +3 trident of freezing
  9370 | D:8      | Identified a +0 robe
  9392 | D:8      | Reached * piety under Okawaru
  9393 | D:8      | Identified a +0 hand axe
  9393 | D:8      | Identified a +0 robe
  9652 | D:8      | Reached skill level 3 in Poison Magic
  9722 | D:8      | Reached skill level 12 in Slings
  9788 | D:8      | Identified an uncursed ring of magical power
  9796 | D:8      | Identified a +0 short sword
 10276 | D:9      | Reached ** piety under Okawaru
 10276 | D:9      | Reached skill level 7 in Short Blades
 10350 | D:9      | Identified a +0 flail
 10559 | D:9      | Identified a +0 halberd
 10559 | D:9      | Identified a +0 plate armour
 10559 | D:9      | Identified a +0 mace
 10559 | D:9      | Identified a +0 chain mail
 10584 | D:9      | Identified a +0 dagger
 10638 | D:9      | Identified a +0 animal skin
 10638 | D:9      | Identified a +0 animal skin
 10639 | D:9      | Identified a +1 whip of electrocution
 10639 | D:9      | Identified a +0 robe
 10639 | D:9      | Noticed Pikel
 10640 | D:9      | Identified a +0 animal skin
 10643 | D:9      | Identified a +0 animal skin
 10653 | D:9      | Killed Pikel
 10653 | D:9      | Reached skill level 4 in Air Magic
 10653 | D:9      | Reached XP level 11. HP: 62/72 MP: 14/14
 10724 | D:9      | Identified a +0 hand axe
 10725 | D:9      | Identified a +0 whip
 10785 | D:9      | Reached skill level 7 in Dodging
 10921 | D:9      | Reached skill level 4 in Poison Magic
 10943 | D:9      | Identified a +0 hand axe
 10943 | D:9      | Identified a +0 chain mail
 10943 | D:9      | Noticed Harold
 10999 | D:9      | Identified a +0 robe
 10999 | D:9      | Identified a +0 dagger
 10999 | D:9      | Identified a +0 robe
 10999 | D:9      | Identified a +0 dagger
 10999 | D:9      | Identified a +0 whip
 10999 | D:9      | Identified a +0 chain mail
 11056 | D:9      | Reached skill level 8 in Short Blades
 11137 | D:9      | Killed Harold
 11137 | D:9      | Reached *** piety under Okawaru
 11137 | D:9      | Reached skill level 6 in Fighting
 11161 | D:9      | Identified a +0 troll leather armour
 11161 | D:9      | Reached skill level 9 in Short Blades
 11381 | D:9      | Identified a +0 dagger
 11381 | D:9      | Identified a +0 robe
 11464 | D:9      | Identified a cursed -2 giant spiked club
 11464 | D:9      | Identified a +0 giant club
 11464 | D:9      | Noticed a two-headed ogre
 11475 | D:9      | HP: 13/74 [two-headed ogre/cursed -2 giant spiked club
                  | (25)]
 11478 | D:9      | Killed a two-headed ogre
 11795 | D:9      | Identified a cursed +2 spear of freezing
 11795 | D:9      | Identified a +0 robe
 11806 | D:9      | Identified a +2 great sword
 11806 | D:9      | Identified a +0 robe
 11810 | D:9      | Identified a cursed +6 falchion
 11810 | D:9      | Identified a +0 robe
 11819 | D:9      | Reached **** piety under Okawaru
 11962 | D:10     | Entered Level 10 of the Dungeon
 11968 | D:10     | Identified a cursed -3 hand axe
 11968 | D:10     | Identified a +0 chain mail
 11968 | D:10     | Identified a +0 short sword
 11970 | D:10     | Identified a +0 hand axe
 11970 | D:10     | Identified a +0 leather armour
 11970 | D:10     | Identified a +0 hand axe
 11976 | D:10     | Identified a +0 dagger
 11976 | D:10     | Identified a +0 leather armour
 11980 | D:10     | Received a gift from Okawaru
 12048 | D:10     | Reached skill level 8 in Dodging
 12133 | D:10     | Identified an amulet of harm (You found it on level 10 of
                  | the Dungeon)
 12229 | D:10     | Identified a cursed +0 mace
 12229 | D:10     | Identified a +0 dagger
 12229 | D:10     | Identified a +0 robe
 12229 | D:10     | Identified a +0 short sword
 12230 | D:10     | Identified a +0 morningstar
 12230 | D:10     | Identified a +0 chain mail
 12266 | D:10     | Identified a ring of dexterity (You found it on level 10 of
                  | the Dungeon)
 12338 | D:10     | Reached skill level 10 in Short Blades
 12541 | D:10     | Found a staircase to the Lair.
 12542 | D:10     | Identified a +0 giant spiked club
 12542 | D:10     | Identified a +0 mace
 12542 | D:10     | Identified a +0 plate armour
 12552 | D:10     | Identified a +0 flail
 12552 | D:10     | Identified a +0 leather armour
 12558 | D:10     | Identified a +0 leather armour
 12565 | D:10     | Identified a +0 scimitar
 12565 | D:10     | Identified a +0 robe
 12567 | D:10     | Identified a +2 morningstar of freezing
 12567 | D:10     | Identified a +0 robe
 12754 | D:10     | Identified a +0 hand crossbow
 12794 | D:10     | Identified a +1 shortbow of velocity
 13403 | D:9      | Identified a +0 buckler (You found it on level 9 of the
                  | Dungeon)
 13619 | D:10     | Killed an unseen horror
 13619 | D:10     | Reached skill level 7 in Fighting
 13619 | D:10     | Reached skill level 1 in Shields
 13907 | D:10     | Reached skill level 2 in Shields
 13977 | D:10     | Identified a +0 shortbow
 14007 | D:10     | Identified a cursed +0 battleaxe
 14007 | D:10     | Identified a +0 robe
 14008 | D:10     | Identified a +0 morningstar
 14008 | D:10     | Identified a +0 robe
 14196 | D:10     | Identified a +0 dagger
 14196 | D:10     | Identified a +2 robe
 14196 | D:10     | Noticed Nergalle
 14231 | D:10     | Identified a +0 flail
 14231 | D:10     | Identified a +2 dagger of speed
 14231 | D:10     | Killed Nergalle
 14231 | D:10     | Reached skill level 3 in Shields
 14400 | D:11     | Identified a scroll of magic mapping
 14404 | D:11     | Identified a +0 flail
 14405 | D:11     | Identified a +0 club
 14412 | D:11     | Identified a +0 dagger of protection
 14412 | D:11     | Identified a cursed +0 robe
 14413 | D:11     | Identified a +0 hand axe
 14413 | D:11     | Identified a +0 leather armour
 14419 | D:11     | Reached XP level 12. HP: 73/81 MP: 15/15
 14490 | D:11     | Identified a +0 giant spiked club
 14490 | D:11     | Identified a +0 dire flail
 14490 | D:11     | Noticed a two-headed ogre
 14495 | D:11     | Received a gift from Okawaru
 14562 | D:11     | Found a gate leading to a gauntlet.
 14564 | D:11     | Identified a cursed -2 giant club
 14564 | D:11     | Identified a +0 giant club
 14564 | D:11     | Noticed a two-headed ogre
 14571 | D:11     | Reached skill level 4 in Shields
 14576 | D:11     | Killed a two-headed ogre
 14576 | D:11     | Reached ***** piety under Okawaru
 14576 | D:11     | Reached skill level 9 in Dodging
 14638 | D:11     | Identified a potion of ambrosia
 14639 | D:11     | Identified a potion of curing
 14640 | D:11     | Identified a potion of lignification
 14641 | D:11     | Identified a potion of resistance
 14642 | D:11     | Identified a potion of flight
 14643 | D:11     | Identified 2 potions of cancellation
 14648 | Gauntlet | Entered a Gauntlet
 14648 | Gauntlet | Found a transporter.
 14656 | Gauntlet | Found a transporter.
 14658 | Gauntlet | Found a transporter.
 14660 | Gauntlet | Found a transporter.
 14674 | Gauntlet | Identified a +0 dagger
 14674 | Gauntlet | Identified a +0 robe
 14674 | Gauntlet | Noticed a wizard
 14675 | Gauntlet | Found a transporter.
 14692 | Gauntlet | Found a transporter.
 14698 | Gauntlet | Found a transporter.
 14712 | Gauntlet | Noticed a death drake
 14717 | Gauntlet | Found a transporter.
 14736 | Gauntlet | Found a transporter.
 14748 | Gauntlet | Found a transporter.
 14748 | Gauntlet | Noticed a dire elephant
 14760 | Gauntlet | Found a transporter.
 14768 | Gauntlet | Noticed a death yak
 14768 | Gauntlet | Noticed a death yak
 14769 | Gauntlet | Noticed a death yak
 14769 | Gauntlet | Noticed a death yak
 14770 | Gauntlet | Noticed a death yak
 14770 | Gauntlet | Noticed a death yak
 14772 | Gauntlet | Found a transporter.
 14773 | Gauntlet | Identified a +0 dagger
 14773 | Gauntlet | Identified a +0 robe
 14784 | Gauntlet | Found a transporter.
 14787 | Gauntlet | Noticed a five-headed hydra
 14805 | Gauntlet | Found a transporter.
 14818 | Gauntlet | Found a transporter.
 14820 | Gauntlet | Found a transporter.
 14822 | Gauntlet | Found a runed translucent gate.
 14822 | Gauntlet | Found a runed translucent gate.
 14822 | Gauntlet | Found a runed translucent gate.
 14823 | Gauntlet | Found a large runed translucent door.
 14823 | Gauntlet | Found a large runed translucent door.
 14825 | Gauntlet | Found a large runed translucent door.
 14826 | Gauntlet | Found a large runed translucent door.
 14831 | Gauntlet | Found a large runed translucent door.
 14831 | Gauntlet | Found a large runed translucent door.
 14832 | Gauntlet | Found a large runed translucent door.
 14832 | Gauntlet | Found a large runed translucent door.
 14835 | Gauntlet | Found a large runed translucent door.
 14835 | Gauntlet | Found a large runed translucent door.
 14835 | Gauntlet | Found a runed translucent door.
 14835 | Gauntlet | Found a runed translucent door.
 14836 | Gauntlet | Found a large runed translucent door.
 14837 | Gauntlet | Found a large runed translucent door.
 14846 | Gauntlet | Found a large runed translucent door.
 14846 | Gauntlet | Found a large runed translucent door.
 14847 | Gauntlet | Found a large runed translucent door.
 14848 | Gauntlet | Found a large runed translucent door.
 14850 | Gauntlet | Found a transporter.
 14852 | Gauntlet | Found a transporter.
 14875 | Gauntlet | Identified 2 potions of might
 14893 | Gauntlet | Reached skill level 5 in Shields
 14944 | Gauntlet | Killed a wizard
 15027 | Gauntlet | Killed a dire elephant
 15027 | Gauntlet | Reached skill level 8 in Fighting
 15037 | Gauntlet | Received a gift from Okawaru
 15073 | Gauntlet | Got a vibrating bone amulet
 15080 | Gauntlet | Identified a +0 demon blade of venom
 15080 | Gauntlet | Identified the +10 arbalest of Tortfeasance {venom, +Blink
                  | +Fly Dex+4}
 15080 | Gauntlet | Identified a +0 plate armour of magic resistance
 15080 | Gauntlet | Noticed a minotaur
 15086 | Gauntlet | Identified 6 potions of heal wounds
 15097 | Gauntlet | HP: 20/83 [minotaur/+0 demon blade of venom (14)]
 15108 | Gauntlet | Identified 2 potions of mutation
 15109 | Gauntlet | Identified 2 potions of agility
 15126 | Gauntlet | Killed a minotaur
 15126 | Gauntlet | Reached skill level 10 in Dodging
 15155 | Gauntlet | Identified a +1 shield of protection (You found it in a
                  | Gauntlet)
 15156 | Gauntlet | Identified the Grimoire of the Voyage
 15162 | Gauntlet | Identified Luxt's Incunabulum of Excruciating Transmutation
 15175 | Gauntlet | Identified a +2 hat of magic resistance (You found it in a
                  | Gauntlet)
 15185 | Gauntlet | Identified a scarf of repulsion (You found it in a
                  | Gauntlet)
 15186 | Gauntlet | Identified a +2 dagger of draining (You found it in a
                  | Gauntlet)
 15205 | Gauntlet | Identified a +1 robe of magic resistance (You found it in a
                  | Gauntlet)
 15259 | Gauntlet | Identified a +2 robe of positive energy (You found it in a
                  | Gauntlet)
 15472 | D:11     | Identified a ring of positive energy (You found it in a
                  | Gauntlet)
 15473 | D:11     | Identified the amulet of Ruxanass {Faith Str+3} (You found
                  | it in a Gauntlet)
 15774 | D:11     | Identified a +0 giant club
 15779 | D:11     | Identified a +0 shortbow
 15781 | D:11     | Identified a +0 giant club
 15810 | D:11     | Reached skill level 6 in Shields
 15940 | D:11     | You fall through a shaft for 3 floors!
 15953 | D:14     | Identified a +0 buckler
 16021 | D:14     | Identified a +1 trident of protection
 16021 | D:14     | Identified a +1 plate armour of poison resistance
 16021 | D:14     | Identified a +0 large shield
 16021 | D:14     | Noticed Louise
 16096 | D:14     | Received a gift from Okawaru
 16105 | D:14     | Identified a +2 halberd
 16105 | D:14     | Identified a +0 robe
 16136 | D:14     | Identified a +0 battleaxe
 16136 | D:14     | Identified a +0 robe
 16142 | D:14     | Identified a +5 great sword
 16142 | D:14     | Identified a +0 robe
 16161 | D:14     | Identified a +0 hand axe
 16163 | D:14     | Identified a +0 hand axe
 16167 | D:14     | Identified a +0 hand axe
 16167 | D:14     | Identified a +0 hand axe
 16257 | D:14     | Found a flagged portal.
 16266 | Bailey   | Entered a bailey
 16325 | Bailey   | Identified a +2 halberd of electrocution
 16335 | Bailey   | Identified a +0 halberd
 16356 | Bailey   | Identified a +0 halberd of electrocution
 16501 | Bailey   | Identified a +0 halberd of electrocution
 16505 | Bailey   | Identified a +0 halberd of electrocution
 16511 | Bailey   | Identified a +2 halberd of electrocution
 16512 | Bailey   | Identified a +1 halberd of electrocution
 16522 | Bailey   | Identified a +0 halberd
 16604 | Bailey   | Identified a +0 halberd of electrocution
 16606 | Bailey   | Identified a +0 halberd
 16653 | Bailey   | Identified a +0 halberd
 16668 | Bailey   | Identified a +0 halberd
 16706 | Bailey   | Identified a +0 battleaxe
 16706 | Bailey   | Identified a +0 chain mail
 16729 | Bailey   | Reached skill level 2 in Evocations
 16730 | Bailey   | Identified a +1 halberd of electrocution
 17047 | D:13     | Identified a +0 giant club
 17047 | D:13     | Identified a +0 giant club
 17047 | D:13     | Noticed a two-headed ogre
 17055 | D:13     | Killed a two-headed ogre
 17055 | D:13     | Reached skill level 3 in Evocations
 17055 | D:13     | Reached XP level 13. HP: 90/90 MP: 16/16
 17092 | D:13     | Identified a +0 shortbow
 17280 | D:12     | Identified a cursed -3 shortbow
 17280 | D:12     | Noticed a centaur warrior
 17296 | D:12     | Killed a centaur warrior
 17296 | D:12     | Reached skill level 4 in Evocations
 17318 | D:12     | Found a gateway to a bazaar.
 17582 | Bazaar   | Entered a bazaar
 17582 | Bazaar   | Found Bygudgh's Distillery.
 17582 | Bazaar   | Found Usoapn's Book Emporium.
 17582 | Bazaar   | Found Rygywe's Antique Armour Shop.
 17582 | Bazaar   | Found Vuppib's Magic Scroll Shoppe.
 17829 | Bazaar   | Found Gaaro's Armour Shoppe.
 17871 | Bazaar   | Bought a glowing cloak for 180 gold pieces
 17871 | Bazaar   | Bought a pair of scorched gloves for 228 gold pieces
 17876 | Bazaar   | Identified the cursed +0 pair of gloves "Zopteike" {Int+5
                  | Dex+7} (You bought it in a shop in a bazaar)
 17886 | Bazaar   | Identified a +2 cloak of poison resistance (You bought it
                  | in a shop in a bazaar)
 17897 | Bazaar   | Bought a scroll of enchant weapon for 120 gold pieces
 17897 | Bazaar   | Bought a scroll of teleportation for 48 gold pieces
 17897 | Bazaar   | Bought a scroll of enchant weapon for 120 gold pieces
 17897 | Bazaar   | Bought a scroll of identify for 32 gold pieces
 17897 | Bazaar   | Identified 2 potions of magic
 17906 | Bazaar   | Bought a potion of heal wounds for 45 gold pieces
 17906 | Bazaar   | Bought a potion of heal wounds for 45 gold pieces
 17906 | Bazaar   | Bought a potion of curing for 27 gold pieces
 17906 | Bazaar   | Bought a potion of curing for 27 gold pieces
 17938 | D:12     | Received a gift from Okawaru
 17944 | D:12     | Reached skill level 5 in Evocations
 18243 | D:12     | Reached skill level 7 in Shields
 18265 | D:12     | Received a gift from Okawaru
 18269 | D:12     | Identified a +2 hunting sling of velocity (Okawaru gifted
                  | it to you on level 12 of the Dungeon)
 18433 | D:12     | Identified a scarf of spirit shield (You found it on level
                  | 12 of the Dungeon)
 18885 | D:11     | Identified a +0 dire flail
 18885 | D:11     | Identified a +0 plate armour
 18889 | D:11     | Identified a +3 hand axe of chopping
 18904 | D:11     | Identified a +0 giant club
 18904 | D:11     | Identified a +0 giant spiked club
 18928 | D:11     | Reached skill level 8 in Shields
 19102 | D:11     | Identified a +0 giant spiked club
 19102 | D:11     | Identified a +0 robe
 19102 | D:11     | Noticed Erolcha
 19113 | D:11     | Killed Erolcha
 19113 | D:11     | Reached skill level 6 in Evocations
 19167 | D:11     | Reached skill level 9 in Shields
 19183 | D:11     | Identified a +0 shortbow
 19185 | D:11     | Identified a +0 shortbow
 19191 | D:11     | Identified a +0 shortbow
 19193 | D:11     | Identified a +0 shortbow
 19246 | D:11     | Received a gift from Okawaru
 19510 | D:11     | Received a gift from Okawaru
 19554 | D:11     | Reached ****** piety under Okawaru
 19717 | Lair:1   | Entered Level 1 of the Lair of Beasts
 19831 | Lair:1   | Received a gift from Okawaru
 19834 | Lair:1   | Got a pitted hat {god gift}
 19845 | Lair:1   | Identified the +2 hat of Gumn {Dex+3} (Okawaru gifted it to
                  | you on level 1 of the Lair of Beasts)
 19909 | Lair:1   | Noticed a seven-headed hydra
 19925 | Lair:1   | Killed a seven-headed hydra
 19925 | Lair:1   | Reached skill level 10 in Shields
 19938 | Lair:1   | Found a runed gate.
 19940 | Lair:1   | Found a runed gate.
 19941 | Lair:1   | Found a runed gate.
 19941 | Lair:1   | Noticed ICEMaiden's ghost (journeyman DEFE)
 19941 | Lair:1   | Noticed a nine-headed hydra
 19942 | Lair:1   | Noticed a 12-headed hydra
 19966 | Lair:1   | Reached skill level 7 in Evocations
 20653 | Lair:1   | Got a translucent sapphire amulet
 20821 | Lair:1   | You fall through a shaft!
 20856 | Lair:2   | Identified the amulet "Abukamen" {rC+ Regen+} (You found it
                  | on level 1 of the Lair of Beasts)
 20858 | Lair:2   | Identified a ring of evasion (You found it on level 11 of
                  | the Dungeon)
 20961 | Lair:2   | Reached skill level 11 in Shields
 21119 | Lair:2   | Reached XP level 14. HP: 75/95 MP: 17/19
 21346 | Lair:1   | Reached skill level 1 in Invocations
 21503 | Lair:2   | Found a hole to the Spider Nest.
 21772 | Lair:2   | Reached skill level 2 in Invocations
 21901 | Lair:1   | HP: 20/95 [death yak (20)]
 22343 | Lair:2   | Reached skill level 8 in Evocations
 22399 | Lair:2   | Received a gift from Okawaru
 22399 | Lair:2   | Reached skill level 3 in Invocations
 22402 | Lair:2   | Got a slimy scale mail {god gift}
 22413 | Lair:2   | Identified the +0 scale mail of the Ward {Int+7 Stlth+}
                  | (Okawaru gifted it to you on level 2 of the Lair of Beasts)
 22796 | Lair:3   | Reached skill level 4 in Invocations
 23050 | Lair:3   | Reached skill level 5 in Invocations
 23306 | Lair:3   | Identified a +0 pair of boots (You found it on level 3 of
                  | the Lair of Beasts)
 23313 | Lair:3   | Identified a ring of wizardry (You found it on level 3 of
                  | the Lair of Beasts)
 23380 | Lair:3   | Reached skill level 12 in Shields
 23380 | Lair:3   | Reached skill level 6 in Invocations
 24175 | Lair:4   | Reached skill level 7 in Invocations
 24204 | Lair:4   | Found a staircase to the Swamp.
 24409 | Lair:4   | Identified an amulet of reflection (You found it on level 2
                  | of the Lair of Beasts)
 24639 | Lair:4   | Received a gift from Okawaru
 24642 | Lair:4   | Got an encrusted buckler {god gift}
 24653 | Lair:4   | Identified the +1 buckler of the Hidden Vale {Str+4}
                  | (Okawaru gifted it to you on level 4 of the Lair of Beasts)
 25121 | Lair:4   | Reached skill level 8 in Invocations
 25359 | Lair:5   | Identified a +0 dagger
 25359 | Lair:5   | Identified a cursed +0 robe
 25359 | Lair:5   | Noticed Josephine
 25514 | Lair:5   | Killed Josephine
 25592 | Lair:5   | Identified a +2 battleaxe of flaming
 25592 | Lair:5   | Identified a +0 scale mail
 25592 | Lair:5   | Noticed Urug
 25608 | Lair:5   | Killed Urug
 25608 | Lair:5   | Reached skill level 13 in Shields
 25815 | Lair:5   | Identified 2 potions of berserk rage
 25861 | Lair:5   | Found a runed door.
 25861 | Lair:5   | Found a viscous altar of Jiyva.
 25861 | Lair:5   | Found a staircase to the Slime Pits.
 25861 | Lair:5   | Noticed an azure jelly
 25861 | Lair:5   | Noticed an azure jelly
 26010 | Lair:5   | Reached XP level 15. HP: 100/100 MP: 21/21
 26388 | Lair:6   | Entered Level 6 of the Lair of Beasts
 26451 | Lair:6   | Reached skill level 14 in Shields
 26511 | Lair:6   | Received a gift from Okawaru
 26525 | Lair:5   | Identified 3 scrolls of vulnerability
 26529 | Lair:5   | Identified 2 scrolls of noise
 26567 | Lair:6   | Got tiger eye-encrusted steam dragon scales {god gift}
 26742 | Lair:5   | Identified the +6 steam dragon scales "Daylyhoc" {rN+ SInv}
                  | (Okawaru gifted it to you on level 6 of the Lair of Beasts)
 26875 | Lair:6   | Identified a +0 spear
 26875 | Lair:6   | Identified a +1 buckler of protection
 26931 | Lair:6   | Identified a +0 short sword
 26931 | Lair:6   | Identified a +0 robe
 26942 | Lair:6   | Identified a +0 short sword
 26942 | Lair:6   | Identified a +0 robe
 26942 | Lair:6   | Identified a +0 spear
 27040 | Lair:6   | Identified a +0 short sword
 27040 | Lair:6   | Identified a +0 robe
 27046 | Lair:6   | Identified a +0 rapier
 27046 | Lair:6   | Identified a +0 robe
 27129 | Lair:6   | Identified a +1 short sword of venom
 27129 | Lair:6   | Identified a +0 robe
 27133 | Lair:6   | Reached skill level 3 in Spellcasting
 27153 | Lair:6   | Identified a +0 rapier
 27153 | Lair:6   | Identified a +0 robe
 27153 | Lair:6   | Identified a +0 buckler
 27167 | Lair:6   | Identified a cursed +0 dagger
 27167 | Lair:6   | Identified a +0 robe
 27571 | Lair:6   | Reached skill level 15 in Shields
 27598 | Lair:6   | Reached skill level 4 in Spellcasting
 27888 | Lair:6   | Identified a +0 rapier
 27888 | Lair:6   | Identified a +0 robe
 27888 | Lair:6   | Identified a +0 dagger of electrocution
 27888 | Lair:6   | Identified a +0 robe
 28013 | Lair:6   | Identified a scroll of enchant armour
 28054 | Lair:6   | Found a shimmering altar of Xom.
 28449 | D:12     | Identified a cursed -1 battleaxe
 28449 | D:12     | Identified a +0 plate armour
 28449 | D:12     | Identified a +0 flail
 28449 | D:12     | Identified a +1 hand axe of electrocution
 28449 | D:12     | Identified a +0 dagger
 28449 | D:12     | Identified a +0 robe
 28752 | D:12     | Received a gift from Okawaru
 28816 | D:12     | Found a staircase to the Orcish Mines.
 28820 | D:12     | Identified a +0 shortbow
 29338 | D:12     | Reached skill level 16 in Shields
 29373 | D:12     | Received a gift from Okawaru
 29390 | D:12     | Identified a +0 pair of boots of stealth (Okawaru gifted it
                  | to you on level 12 of the Dungeon)
 29531 | Orc:1    | Entered Level 1 of the Orcish Mines
 29531 | Orc:1    | Found Unoridgh's Jewellery Boutique.
 29537 | Orc:1    | Bought the ring of Shadows {Umbra +Inv Stlth+} for 600 gold
                  | pieces
 29537 | Orc:1    | Found the ring of Shadows {Umbra +Inv Stlth+}
 29552 | Orc:1    | Identified a +0 giant club
 29556 | Orc:1    | Identified a +0 dagger
 29556 | Orc:1    | Identified a +0 robe
 29557 | Orc:1    | Identified a +0 dagger
 29557 | Orc:1    | Identified a +0 robe
 29562 | Orc:1    | Identified a cursed -3 dagger
 29564 | Orc:1    | Identified a +0 dire flail
 29564 | Orc:1    | Identified a +0 chain mail
 29624 | Orc:1    | Identified a cursed +0 dagger
 29624 | Orc:1    | Identified a +0 robe
 29624 | Orc:1    | Identified a +0 leather armour
 29632 | Orc:1    | Identified a +1 scimitar of flaming
 29632 | Orc:1    | Identified a +0 plate armour
 29721 | Orc:1    | Identified a +1 dagger of venom
 29721 | Orc:1    | Identified a +1 robe of magic resistance
 29737 | Orc:1    | Identified a cursed -3 morningstar
 29737 | Orc:1    | Identified a +0 leather armour
 29740 | Orc:1    | Identified a +0 battleaxe
 29740 | Orc:1    | Identified a cursed +0 plate armour
 29740 | Orc:1    | Identified a +0 flail
 29740 | Orc:1    | Identified a +0 club
 29740 | Orc:1    | Identified a +0 leather armour
 29767 | Orc:1    | Reached skill level 2 in Stealth
 29819 | Orc:1    | Identified a +0 dagger
 29819 | Orc:1    | Identified a +2 robe of cold resistance
 29821 | Orc:1    | Identified a +0 dagger
 29821 | Orc:1    | Identified a +0 robe
 29822 | Orc:1    | Identified a +0 hand axe
 29822 | Orc:1    | Identified a +0 ring mail
 29822 | Orc:1    | Identified a +0 flail
 29838 | Orc:1    | Identified a +0 troll leather armour
 29840 | Orc:1    | Identified a cursed -2 whip
 29841 | Orc:1    | Identified a +0 short sword
 29841 | Orc:1    | Identified a +0 chain mail
 29846 | Orc:1    | Identified a +0 dagger
 29847 | Orc:1    | Identified a +0 mace
 29847 | Orc:1    | Identified a +0 chain mail
 29848 | Orc:1    | Identified a cursed -2 war axe
 29848 | Orc:1    | Identified a +0 leather armour
 29850 | Orc:1    | Identified a +0 dagger
 29850 | Orc:1    | Identified a +0 robe
 29852 | Orc:1    | Identified a +0 club
 29853 | Orc:1    | Identified a +0 short sword
 29853 | Orc:1    | Identified a +0 leather armour
 29870 | Orc:1    | Identified a +0 troll leather armour
 29933 | Orc:1    | Identified a +0 dagger
 29934 | Orc:1    | Identified a +0 short sword
 29944 | Orc:1    | Identified a +0 long sword
 29944 | Orc:1    | Identified a +0 plate armour
 30188 | Orc:2    | Entered Level 2 of the Orcish Mines
 30194 | Orc:2    | Identified a +0 giant club
 30199 | Orc:2    | Identified a +0 long sword
 30199 | Orc:2    | Identified a +0 chain mail
 30199 | Orc:2    | Identified a +0 short sword
 30199 | Orc:2    | Identified a +0 ring mail
 30200 | Orc:2    | Identified a cursed -3 trident
 30200 | Orc:2    | Identified a +0 dagger
 30200 | Orc:2    | Identified a +0 robe
 30201 | Orc:2    | Identified a +0 scimitar
 30201 | Orc:2    | Identified a +0 plate armour
 30203 | Orc:2    | Identified a +0 club
 30203 | Orc:2    | Identified a cursed -2 mace
 30205 | Orc:2    | Identified a +0 trident
 30205 | Orc:2    | Identified a cursed -2 plate armour
 30208 | Orc:2    | Identified a +0 club
 30212 | Orc:2    | Identified a +0 shortbow
 30215 | Orc:2    | Identified a +0 flail
 30225 | Orc:2    | Identified a +4 hand axe
 30225 | Orc:2    | Identified a +0 arbalest
 30229 | Orc:2    | Reached skill level 3 in Stealth
 30235 | Orc:2    | Identified a +0 mace
 30235 | Orc:2    | Identified a +0 arbalest
 30237 | Orc:2    | Identified a +0 shortbow
 30247 | Orc:2    | Reached XP level 16. HP: 91/107 MP: 22/22
 30248 | Orc:2    | Identified a +0 shortbow
 30248 | Orc:2    | Identified a +0 glaive
 30248 | Orc:2    | Identified a +0 arbalest
 30249 | Orc:2    | Identified a +0 hand axe
 30249 | Orc:2    | Identified a +0 arbalest
 30252 | Orc:2    | Identified a +0 shortbow
 30254 | Orc:2    | Identified a +0 trident
 30254 | Orc:2    | Identified a +0 arbalest
 30256 | Orc:2    | Identified a +0 great mace
 30256 | Orc:2    | Identified a +0 arbalest
 30257 | Orc:2    | Identified a +0 glaive
 30257 | Orc:2    | Identified a +0 arbalest
 30263 | Orc:2    | Identified a +0 broad axe
 30263 | Orc:2    | Identified a +0 arbalest
 30274 | Orc:2    | Identified a +0 troll leather armour
 30378 | Orc:2    | Found a staircase to the Elven Halls.
 30418 | Orc:2    | Identified a +0 leather armour
 30420 | Orc:2    | Identified a +0 dagger
 30420 | Orc:2    | Identified a +0 leather armour
 30420 | Orc:2    | Identified a +0 leather armour
 30421 | Orc:2    | Identified a +0 whip
 30421 | Orc:2    | Identified a +0 leather armour
 30421 | Orc:2    | Identified a +0 dagger
 30421 | Orc:2    | Identified a +0 robe
 30422 | Orc:2    | Identified a +0 hand axe
 30422 | Orc:2    | Identified a +0 plate armour
 30422 | Orc:2    | Identified a +0 club
 30422 | Orc:2    | Identified a +0 ring mail
 30422 | Orc:2    | Identified a +2 vampiric morningstar
 30422 | Orc:2    | Identified a +0 glaive
 30422 | Orc:2    | Identified a +0 chain mail
 30423 | Orc:2    | Identified a cursed -1 dagger
 30423 | Orc:2    | Identified a +0 chain mail
 30428 | Orc:2    | Identified a +0 leather armour
 30429 | Orc:2    | Identified a cursed -3 dire flail
 30429 | Orc:2    | Identified a +0 plate armour
 30430 | Orc:2    | Identified a cursed -2 war axe
 30433 | Orc:2    | Identified a +0 dagger
 30433 | Orc:2    | Identified a +0 robe
 30472 | Orc:2    | Identified a +0 dagger
 30472 | Orc:2    | Identified a +0 robe
 30486 | Orc:2    | Reached skill level 4 in Stealth
 30492 | Orc:2    | Identified a +2 battleaxe
 30492 | Orc:2    | Identified a +0 plate armour
 30500 | Orc:2    | Identified a +0 club
 30500 | Orc:2    | Identified a +0 scale mail
 30501 | Orc:2    | Identified a +0 dagger
 30501 | Orc:2    | Identified a +0 robe
 30502 | Orc:2    | Identified a +0 short sword
 30504 | Orc:2    | Identified a +0 war axe
 30504 | Orc:2    | Identified a +0 chain mail
 30505 | Orc:2    | Identified a +0 flail
 30692 | Orc:2    | Identified a +0 giant club
 30703 | Orc:2    | Identified a +0 dagger
 30703 | Orc:2    | Identified a +0 robe
 30707 | Orc:2    | Identified a +0 dire flail
 30707 | Orc:2    | Identified a +0 plate armour
 30731 | Orc:2    | Identified a +0 giant spiked club
 30934 | Orc:2    | Identified a +0 battleaxe
 30934 | Orc:2    | Identified a +0 arbalest
 30934 | Orc:2    | Identified a cursed -2 glaive
 30934 | Orc:2    | Identified a +0 arbalest
 30934 | Orc:2    | Identified a +0 mace
 30934 | Orc:2    | Identified a +0 arbalest
 30941 | Orc:2    | Identified a +0 mace
 30941 | Orc:2    | Identified a cursed -3 arbalest
 30944 | Orc:2    | Identified a +0 great mace
 30944 | Orc:2    | Identified a +0 arbalest
 30946 | Orc:2    | Identified a +0 shortbow
 30948 | Orc:2    | Identified a +0 broad axe
 30948 | Orc:2    | Identified a +0 arbalest
 30964 | Orc:2    | Identified a +0 long sword
 30964 | Orc:2    | Identified a +0 chain mail
 30983 | Orc:2    | Identified a +0 dire flail
 30983 | Orc:2    | Identified a +0 plate armour
 30983 | Orc:2    | Identified a +2 halberd of distortion
 30983 | Orc:2    | Identified a +0 plate armour
 31017 | Orc:2    | Identified a +1 shortbow of flaming
 31051 | Orc:2    | Identified a +0 scimitar
 31051 | Orc:2    | Identified a +0 chain mail
 31059 | Orc:2    | Identified a +0 broad axe
 31059 | Orc:2    | Identified a +0 arbalest
 31091 | Orc:2    | Identified a +0 flail
 31091 | Orc:2    | Identified a +0 plate armour
 31144 | Orc:2    | Identified a +0 broad axe
 31144 | Orc:2    | Identified a +0 arbalest
 31265 | Orc:2    | Identified a +0 great mace
 31265 | Orc:2    | Identified a +0 arbalest
 31275 | Orc:2    | Identified a +0 dire flail
 31275 | Orc:2    | Identified a +0 chain mail
 31291 | Orc:2    | Reached skill level 5 in Stealth
 31294 | Orc:2    | Identified a +0 trident
 31294 | Orc:2    | Identified a +0 arbalest
 31298 | Orc:2    | Identified a +0 scimitar
 31298 | Orc:2    | Identified a +0 plate armour
 31299 | Orc:2    | Identified a +0 halberd
 31299 | Orc:2    | Identified a +0 chain mail
 31381 | Orc:2    | Found Purait's Antique Weapon Emporium.
 31381 | Orc:2    | Found Jatucis's Weapon Boutique.
 31383 | Orc:2    | Found Doroh's Distillery.
 31385 | Orc:2    | Found Cutaoruc's Magic Scroll Shoppe.
 31397 | Orc:2    | Bought a scroll of identify for 20 gold pieces
 31397 | Orc:2    | Bought a scroll of enchant armour for 75 gold pieces
 31397 | Orc:2    | Bought a scroll of fog for 20 gold pieces
 31399 | Orc:2    | Bought a glowing rapier for 210 gold pieces
 31399 | Orc:2    | Identified a +3 rapier of holy wrath (You bought it in a
                  | shop on level 2 of the Orcish Mines)
 31405 | Orc:2    | Bought a potion of haste for 160 gold pieces
 31405 | Orc:2    | Bought a potion of heal wounds for 80 gold pieces
 31405 | Orc:2    | Bought a potion of haste for 160 gold pieces
 31405 | Orc:2    | Bought a potion of heal wounds for 80 gold pieces
 31405 | Orc:2    | Bought a potion of heal wounds for 80 gold pieces
 31405 | Orc:2    | Bought a potion of degeneration for 16 gold pieces
 31409 | Orc:2    | Identified a +0 trident
 31409 | Orc:2    | Identified a +0 arbalest
 31418 | Orc:2    | Identified a +0 shortbow
 31458 | Orc:2    | Identified a +0 glaive
 31458 | Orc:2    | Identified a +0 arbalest
 31688 | Orc:2    | Identified a scroll of summoning
 31689 | Orc:2    | Identified 3 scrolls of acquirement
 31692 | Orc:2    | Got a polished plate armour
 31703 | Orc:2    | Identified the +6 plate armour of Dishonesty {rC+ rCorr}
                  | (You acquired it on level 2 of the Orcish Mines)
 31717 | Orc:2    | Identified a +2 hunting sling of flaming (You acquired it
                  | on level 2 of the Orcish Mines)
 31722 | Orc:2    | Identified a +4 hunting sling of freezing (You acquired it
                  | on level 2 of the Orcish Mines)
 31820 | D:13     | Reached skill level 6 in Stealth
 31855 | D:13     | Identified 6 scrolls of amnesia
 31911 | D:13     | Identified a +0 shortbow
 31963 | D:13     | Identified a +0 club
 32120 | D:13     | Identified an amulet of regeneration (You found it on level
                  | 13 of the Dungeon)
 32658 | D:13     | Identified a +0 club
 32658 | D:13     | Identified a +0 leather armour
 32662 | D:13     | Identified a +0 dagger
 32662 | D:13     | Identified a +0 robe
 32676 | D:13     | Reached skill level 7 in Stealth
 32892 | D:14     | Identified a +2 broad axe
 32892 | D:14     | Identified a +0 chain mail
 33248 | D:14     | Identified a +0 flail
 33248 | D:14     | Identified a +0 chain mail
 33249 | D:14     | Identified a +0 broad axe
 33249 | D:14     | Identified a +0 plate armour
 33250 | D:14     | Identified a +0 club
 33272 | D:14     | Killed Louise
 33272 | D:14     | Received a gift from Okawaru
 33334 | D:14     | Identified a +0 ring mail
 33336 | D:14     | Identified a +0 falchion
 33336 | D:14     | Identified a +0 trident
 33336 | D:14     | Identified a +1 leather armour of poison resistance
 33337 | D:14     | Identified a +0 glaive
 33337 | D:14     | Identified a cursed +0 chain mail
 33337 | D:14     | Identified a +0 hand axe
 33337 | D:14     | Identified a +0 leather armour
 33391 | D:14     | Identified a +0 short sword
 33392 | D:14     | Identified a +0 short sword
 33393 | D:14     | Identified a +0 dagger
 33393 | D:14     | Identified a +0 club
 33394 | D:14     | Identified a +0 dagger
 33395 | D:14     | Identified a +0 dagger
 33395 | D:14     | Identified a +0 robe
 33417 | D:14     | Identified a scroll of silence
 33461 | D:14     | Identified a +0 dagger
 33461 | D:14     | Identified a +0 robe
 33467 | D:14     | Reached skill level 8 in Stealth
 33534 | D:14     | Identified a +0 morningstar
 33534 | D:14     | Identified a +0 robe
 33535 | D:14     | Identified a cursed +6 mace of freezing
 33535 | D:14     | Identified a +0 robe
 33536 | D:14     | Identified a +0 trident
 33536 | D:14     | Identified a +0 robe
 33752 | D:14     | Identified a +0 dagger
 33752 | D:14     | Identified a +0 robe
 33778 | D:14     | Identified +0 acid dragon scales
 33781 | D:14     | Found a gate to the Vaults.
 33937 | D:14     | Found a sacrificial altar of Ru.
 34073 | D:15     | Entered Level 15 of the Dungeon
 34098 | D:15     | Found a shadowy altar of Dithmenos.
 34104 | D:15     | Identified a +0 arbalest
 34127 | D:15     | Identified a +0 trident
 34129 | D:15     | Identified a +0 scimitar
 34130 | D:15     | Identified a +0 shortbow
 34130 | D:15     | Identified a +0 shortbow
 34132 | D:15     | Identified a +0 shortbow
 34140 | D:15     | Identified a +0 shortbow
 34142 | D:15     | Identified a +2 short sword of venom
 34145 | D:15     | Identified a +0 halberd
 34163 | D:14     | Upgraded the game from 0.23-a0-837-ga3e6480 to
                  | 0.23-a0-844-gdc03e01
 34222 | D:15     | Identified a +0 long sword
 34222 | D:15     | Identified a +0 robe
 34306 | D:15     | Reached skill level 9 in Stealth
 34309 | D:15     | Identified a +0 shortbow
 34342 | D:15     | Identified a +0 dagger of speed
 34342 | D:15     | Identified a +0 robe
 34346 | D:15     | Identified a +0 short sword
 34349 | D:15     | Identified a +0 dagger
 34349 | D:15     | Identified a +1 robe of positive energy
 34354 | D:15     | Identified a +0 dagger
 34354 | D:15     | Identified a +0 robe
 34374 | D:15     | Identified a +0 dagger
 34374 | D:15     | Identified a +0 robe
 34405 | D:15     | Received a gift from Okawaru
 34407 | D:15     | Identified a +0 giant spiked club
 34407 | D:15     | Identified a +0 giant club
 34424 | D:15     | Reached skill level 17 in Shields
 34475 | D:14     | Reached skill level 10 in Stealth
 34625 | D:15     | Identified a +0 dagger
 34626 | D:15     | Identified a +0 dagger
 34626 | D:15     | Identified a +0 robe
 34627 | D:15     | Identified a +0 trident
 34627 | D:15     | Identified a +0 chain mail of cold resistance
 34628 | D:15     | Identified a +0 dagger
 34628 | D:15     | Identified a +0 robe
 34668 | D:15     | Identified a +0 dagger
 34668 | D:15     | Identified a +0 robe
 34707 | D:15     | Got a translucent cloak
 34860 | D:15     | Found a staircase to the Depths.
 35644 | D:15     | Reached XP level 17. HP: 94/111 MP: 23/23
 35840 | D:15     | Identified a +0 dagger
 35840 | D:15     | Identified a +0 robe
 35840 | D:15     | Identified an uncursed ring of poison resistance
 36053 | D:15     | Found a shadowy altar of Dithmenos.
 36967 | Spider:1 | Entered Level 1 of the Spider Nest
 36972 | Spider:1 | Reached skill level 18 in Shields
 37067 | Spider:1 | Received a gift from Okawaru
 37450 | Lair:2   | Identified the +1 cloak of the Monkey {rN+ Dex+2} (You
                  | found it on level 15 of the Dungeon)
 37573 | Spider:1 | Got a steaming short sword {god gift}
 37574 | Spider:1 | Identified the +9 short sword of Karma {pain, rElec}
                  | (Okawaru gifted it to you on level 1 of the Spider Nest)
 37678 | Spider:1 | Learned a level 4 spell: Summon Lightning Spire
 37705 | Spider:1 | Identified a +0 quarterstaff of crushing
 37705 | Spider:1 | Identified a +2 robe of cold resistance
 37705 | Spider:1 | Noticed Jorgrun
 37735 | Spider:1 | Killed Jorgrun
 37739 | Spider:1 | Received a gift from Okawaru
 37739 | Spider:1 | Reached skill level 1 in Summonings
 38001 | Spider:2 | Reached skill level 5 in Air Magic
 38196 | Spider:2 | Noticed an entropy weaver
 38247 | Spider:2 | Killed an entropy weaver
 38299 | Spider:2 | Reached skill level 2 in Summonings
 38497 | Spider:2 | Received a gift from Okawaru
 38626 | Spider:2 | Reached skill level 6 in Air Magic
 39148 | Spider:3 | Received a gift from Okawaru
 39516 | Spider:3 | Identified an amulet of rage (You found it on level 3 of
                  | the Spider Nest)
 39791 | Spider:3 | Upgraded the game from 0.23-a0-844-gdc03e01 to
                  | 0.24-a0-7-g1bb0902
 39859 | Spider:4 | Entered Level 4 of the Spider Nest
 39864 | Spider:4 | Reached skill level 7 in Air Magic
 39872 | Spider:4 | Reached skill level 3 in Summonings
 39983 | Spider:4 | Reached skill level 19 in Shields
 40192 | Spider:4 | Received a gift from Okawaru
 40506 | Spider:4 | Received a gift from Okawaru
 40550 | Spider:4 | Reached XP level 18. HP: 110/117 MP: 24/24
 40563 | Spider:4 | Reached skill level 8 in Air Magic
 40764 | Spider:4 | Reached skill level 4 in Summonings
 40866 | Spider:4 | Received a gift from Okawaru
 40869 | Spider:4 | Got a bone quick blade {god gift}
 40870 | Spider:4 | Identified the +8 quick blade of the Valley of Death
                  | {pierce, Fragile rElec Int+3} (Okawaru gifted it to you on
                  | level 4 of the Spider Nest)
 41465 | Spider:3 | Reached skill level 9 in Air Magic
 41915 | Spider:4 | Got a gossamer rune of Zot
 42087 | Swamp:1  | Entered Level 1 of the Swamp
 42187 | Swamp:1  | Reached skill level 5 in Summonings
 42198 | Swamp:1  | Received a gift from Okawaru
 42332 | Swamp:1  | Identified a ring of flight (You found it on level 1 of the
                  | Swamp)
 42547 | Swamp:1  | Learned a level 1 spell: Animate Skeleton
 42551 | Swamp:1  | Learned a level 3 spell: Regeneration
 42558 | Swamp:1  | Learned a level 6 spell: Deflect Missiles
 42899 | Swamp:2  | Identified a +0 rapier
 42899 | Swamp:2  | Identified a +0 robe
 42902 | Swamp:2  | Identified a +0 quarterstaff
 42902 | Swamp:2  | Identified a +0 robe
 42978 | Swamp:2  | Noticed Roxanne
 42980 | Swamp:2  | Identified a +0 quarterstaff
 42980 | Swamp:2  | Identified a +0 robe
 42981 | Swamp:2  | Received a gift from Okawaru
 42983 | Swamp:2  | Identified a +0 spear
 42983 | Swamp:2  | Identified a +2 buckler
 43046 | Swamp:2  | Received a gift from Okawaru
 43181 | Swamp:2  | Reached skill level 1 in Charms
 43282 | Swamp:2  | Identified a +0 flail
 43282 | Swamp:2  | Identified a +0 robe
 43439 | Swamp:2  | Reached skill level 2 in Charms
 43442 | Swamp:2  | Reached skill level 1 in Necromancy
 43619 | Swamp:2  | Reached skill level 3 in Charms
 43685 | Swamp:2  | Killed Roxanne
 43685 | Swamp:2  | Reached skill level 20 in Shields
 43708 | Swamp:2  | Identified a +1 rapier of freezing (You found it on level 2
                  | of the Swamp)
 44085 | Swamp:3  | Reached skill level 4 in Charms
 44113 | Swamp:3  | Identified a scroll of random uselessness
 44132 | Swamp:3  | Reached skill level 2 in Necromancy
 44326 | Swamp:3  | Identified +0 swamp dragon scales
 44624 | Swamp:3  | Reached skill level 5 in Charms
 45038 | Swamp:4  | Entered Level 4 of the Swamp
 45225 | Swamp:4  | Identified a +0 quarterstaff
 45225 | Swamp:4  | Identified a +0 robe
 45225 | Swamp:4  | Identified a cursed -2 quarterstaff
 45225 | Swamp:4  | Identified a +0 robe
 45226 | Swamp:4  | Identified a cursed +0 quarterstaff
 45226 | Swamp:4  | Identified a cursed +0 robe
 45240 | Swamp:4  | Identified a +0 spear
 45240 | Swamp:4  | Identified a +0 blowgun
 45377 | Swamp:3  | Reached XP level 19. HP: 97/122 MP: 25/25
 45500 | Swamp:4  | Received a gift from Okawaru
 45504 | Swamp:4  | Got a spiked cloak {god gift}
 45508 | Swamp:3  | Identified the +0 cloak of Lilacs {SInv} (Okawaru gifted it
                  | to you on level 4 of the Swamp)
 45541 | Swamp:4  | Identified a +0 spear
 45654 | Swamp:4  | Reached skill level 6 in Charms
 45813 | Swamp:4  | Got an ominously black robe
 45836 | Swamp:3  | Identified the +2 robe "Xostexul" {-Tele rElec rC- Str+9}
                  | (You found it on level 4 of the Swamp)
 46270 | Swamp:4  | Reached skill level 7 in Charms
 46330 | Swamp:4  | Reached skill level 5 in Spellcasting
 46760 | Swamp:4  | Noticed a bone dragon
 46834 | Swamp:4  | Killed a bone dragon
 47199 | Swamp:4  | Reached skill level 8 in Charms
 47255 | Swamp:4  | Got a decaying rune of Zot
 47630 | Lair:1   | Killed ICEMaiden's ghost
 47828 | Vaults:1 | Entered Level 1 of the Vaults
 47828 | Vaults:1 | Found a magical portal.
 47843 | WizLab   | Entered The Roulette of Golubria
 47843 | WizLab   | Found a transporter.
 47846 | WizLab   | Found a corrupted altar of Lugonu.
 47869 | WizLab   | Found a transporter.
 47881 | WizLab   | Found a transporter.
 47928 | WizLab   | Found a transporter.
 47970 | WizLab   | Found a transporter.
 48166 | WizLab   | Found a transporter.
 48191 | WizLab   | Found a transporter.
 48227 | WizLab   | Found a transporter.
 48238 | WizLab   | Found a transporter.
 48270 | WizLab   | Received a gift from Okawaru
 48287 | WizLab   | Found a transporter.
 48334 | WizLab   | Found a transporter.
 48335 | WizLab   | Found a corrupted altar of Lugonu.
 48346 | WizLab   | Found a transporter.
 48383 | WizLab   | Found a transporter.
 48420 | WizLab   | Found a transporter.
 48420 | WizLab   | Found a transporter.
 48479 | WizLab   | Found a transporter.
 48504 | WizLab   | Found a transporter.
 48518 | WizLab   | Identified the Disquisition on the Compass
 48522 | WizLab   | Learned a level 1 spell: Apportation
 48531 | WizLab   | Found a transporter.
 48565 | WizLab   | Identified a +0 dagger
 48565 | WizLab   | Identified a +0 robe
 48596 | WizLab   | Found a transporter.
 48616 | WizLab   | Received a gift from Okawaru
 48668 | WizLab   | Got a slimy cloak
 48671 | WizLab   | Got a slimy cloak
 48713 | WizLab   | Reached skill level 9 in Charms
 48763 | WizLab   | Identified a +0 pair of boots of stealth (You found it in a
                  | wizard's laboratory)
 48774 | WizLab   | Identified the +2 cloak of Courage {+Inv Str+5 Int+2} (You
                  | found it in a wizard's laboratory)
 48775 | WizLab   | Identified the +1 cloak of Patterns {SInv} (You found it in
                  | a wizard's laboratory)
 48804 | Vaults:1 | Identified a +0 falchion
 48804 | Vaults:1 | Identified a +0 scale mail
 48819 | Vaults:1 | Identified a +0 long sword
 48819 | Vaults:1 | Identified a +0 arbalest
 48819 | Vaults:1 | Identified a +0 scale mail
 48837 | Vaults:1 | Identified a +0 leather armour
 48840 | Vaults:1 | Identified a +0 flail
 48843 | Vaults:1 | Identified a +0 bardiche
 48843 | Vaults:1 | Identified a +3 chain mail
 48844 | Vaults:1 | Identified a +0 battleaxe
 48844 | Vaults:1 | Identified a +0 plate armour
 48850 | Vaults:1 | Identified a +0 arbalest
 48883 | Vaults:1 | Identified a cursed -3 arbalest
 48885 | Vaults:1 | Identified a +0 battleaxe
 48885 | Vaults:1 | Identified a +0 arbalest
 48885 | Vaults:1 | Identified a +0 plate armour
 48886 | Vaults:1 | Identified a +0 arbalest
 48899 | Vaults:1 | Identified a +0 shortbow
 48899 | Vaults:1 | Identified a +0 shortbow
 48937 | Vaults:1 | Identified a +0 shortbow
 48943 | Vaults:1 | Identified a +0 shortbow
 48944 | Vaults:1 | Identified a cursed -1 dagger
 48944 | Vaults:1 | Identified a +0 robe
 48946 | Vaults:1 | Identified a +0 long sword
 48946 | Vaults:1 | Identified a +0 arbalest
 48946 | Vaults:1 | Identified a +0 scale mail
 48959 | Vaults:1 | Identified a +0 arbalest
 48973 | Vaults:1 | Identified a +0 arbalest
 48979 | Vaults:1 | Identified a cursed +0 arbalest
 48982 | Vaults:1 | Identified a +0 arbalest
 48983 | Vaults:1 | Identified a +4 great sword of protection
 48983 | Vaults:1 | Identified a +0 plate armour
 48987 | Vaults:1 | Identified a +0 arbalest
 49016 | Vaults:1 | Identified a +0 arbalest
 49016 | Vaults:1 | Identified a +0 glaive
 49016 | Vaults:1 | Identified a +0 chain mail
 49047 | Vaults:1 | Received a gift from Okawaru
 49047 | Vaults:1 | Reached skill level 6 in Spellcasting
 49083 | Vaults:1 | Got a pair of smoking gloves {god gift}
 49192 | D:14     | Identified the +0 pair of gloves of the Tick {Int+2}
                  | (Okawaru gifted it to you on level 1 of the Vaults)
 49251 | Vaults:1 | Identified a +0 dire flail
 49251 | Vaults:1 | Identified a +0 scale mail
 49252 | Vaults:1 | Identified a +0 battleaxe of freezing
 49254 | Vaults:1 | Identified a +0 morningstar
 49254 | Vaults:1 | Identified a +0 ring mail
 49268 | Vaults:1 | Identified a +0 arbalest
 49268 | Vaults:1 | Identified a +0 arbalest
 49268 | Vaults:1 | Identified a +0 arbalest
 49274 | Vaults:1 | Identified a +0 falchion
 49274 | Vaults:1 | Identified a +0 ring mail
 49374 | Vaults:1 | Reached skill level 9 in Fighting
 49571 | Vaults:1 | Identified a +0 dagger
 49574 | Vaults:1 | Identified a +0 flail
 49574 | Vaults:1 | Identified a cursed +0 leather armour
 49575 | Vaults:1 | Identified a +0 scale mail
 49575 | Vaults:1 | Identified a +2 short sword of venom
 49575 | Vaults:1 | Identified a +0 leather armour
 49577 | Vaults:1 | Identified a +1 war axe
 49577 | Vaults:1 | Identified a +0 plate armour
 49643 | Vaults:1 | Identified a +0 longbow
 49643 | Vaults:1 | Identified a +0 shortbow
 49643 | Vaults:1 | Identified a +0 shortbow
 49643 | Vaults:1 | Identified a +0 shortbow
 49644 | Vaults:1 | Identified a +0 shortbow
 49644 | Vaults:1 | Identified a cursed +0 shortbow
 49666 | Vaults:1 | Identified a +0 morningstar
 49668 | Vaults:1 | Reached skill level 10 in Charms
 49685 | Vaults:1 | Identified a +0 falchion
 49685 | Vaults:1 | Identified a +0 scale mail
 49745 | Vaults:1 | Identified a +0 giant spiked club
 49745 | Vaults:1 | Identified a +0 giant club
 49745 | Vaults:1 | Identified a +3 long sword
 49745 | Vaults:1 | Identified a +0 chain mail
 49745 | Vaults:1 | Identified a +0 glaive
 49745 | Vaults:1 | Identified a +0 plate armour
 49746 | Vaults:1 | Identified a +0 flail
 49746 | Vaults:1 | Identified a +0 leather armour
 49746 | Vaults:1 | Identified a +0 flail
 49746 | Vaults:1 | Identified a +0 robe
 49746 | Vaults:1 | Identified a +0 giant spiked club
 49747 | Vaults:1 | Identified a +0 great mace
 49747 | Vaults:1 | Identified a +0 ring mail
 49747 | Vaults:1 | Identified a +0 dire flail
 49747 | Vaults:1 | Identified a +0 giant club
 49747 | Vaults:1 | Identified a +0 dagger
 49747 | Vaults:1 | Identified a +0 giant spiked club
 49747 | Vaults:1 | Identified a +0 giant club
 49780 | Vaults:1 | Reached XP level 20. HP: 127/128 MP: 23/29
 49788 | Vaults:1 | Reached skill level 4 in Armour
 49800 | Vaults:1 | Identified a +0 flail of holy wrath
 49800 | Vaults:1 | Identified a +0 scale mail
 49800 | Vaults:1 | Noticed an entropy weaver
 49821 | Vaults:1 | Identified a +0 dire flail
 49821 | Vaults:1 | Identified a +0 scale mail
 49822 | Vaults:1 | Identified a +0 arbalest
 49822 | Vaults:1 | Identified a +0 falchion
 49823 | Vaults:1 | Killed an entropy weaver
 50027 | Vaults:1 | Identified a +0 arbalest
 50031 | Vaults:1 | Identified a +2 arbalest of freezing
 50032 | Vaults:1 | Identified a +0 arbalest
 50035 | Vaults:1 | Noticed an entropy weaver
 50057 | Vaults:1 | Killed an entropy weaver
 50264 | Vaults:1 | Identified a +0 club
 50264 | Vaults:1 | Identified a +0 robe
 50264 | Vaults:1 | Identified a +0 giant club
 50264 | Vaults:1 | Identified a +0 giant spiked club
 50277 | Vaults:1 | Identified a +0 giant club
 50277 | Vaults:1 | Identified a +0 giant club
 50344 | Vaults:1 | Identified a +0 giant club
 50350 | Vaults:1 | Identified a +0 giant spiked club
 50350 | Vaults:1 | Identified a +0 giant club
 50393 | Vaults:1 | Identified a +0 long sword of flaming
 50393 | Vaults:1 | Identified a +0 arbalest
 50393 | Vaults:1 | Identified a +0 ring mail
 50496 | Vaults:1 | Identified a +0 war axe
 50496 | Vaults:1 | Identified a cursed +0 arbalest
 50496 | Vaults:1 | Identified a +0 ring mail
 50625 | Vaults:1 | Reached skill level 5 in Armour
 50682 | Vaults:1 | Identified a +0 giant club
 50682 | Vaults:1 | Identified a cursed +0 dagger
 50682 | Vaults:1 | Identified a +0 robe
 50683 | Vaults:1 | Identified a +2 war axe
 50683 | Vaults:1 | Identified a +0 chain mail
 50683 | Vaults:1 | Identified a +0 trident
 50948 | Vaults:2 | Identified a +0 trident
 50948 | Vaults:2 | Identified a +0 battleaxe
 50948 | Vaults:2 | Identified a +0 mace
 50948 | Vaults:2 | Identified a +0 short sword
 50948 | Vaults:2 | Identified a +0 glaive
 51005 | Vaults:2 | Found a ruined gateway.
 51023 | Vaults:2 | Received a gift from Okawaru
 51034 | Vaults:2 | Identified a +0 arbalest
 51034 | Vaults:2 | Identified a +0 arbalest
 51035 | Vaults:2 | Identified a +0 arbalest
 51036 | Vaults:2 | Identified a +0 broad axe
 51036 | Vaults:2 | Identified a +0 plate armour
 51038 | Vaults:2 | Identified a +2 arbalest of freezing
 51043 | Vaults:2 | Reached skill level 11 in Dodging
 51081 | Vaults:2 | Upgraded the game from 0.24-a0-7-g1bb0902 to
                  | 0.24-a0-11-g46ee55f
 51082 | Desolati | Entered the Desolation of Salt
 51104 | Desolati | Identified a +0 scimitar
 51104 | Desolati | Identified a +0 ring mail
 51162 | Desolati | Identified a +0 morningstar
 51193 | Desolati | Identified a +0 spear
 51193 | Desolati | Identified a +0 robe
 51204 | Desolati | Received a gift from Okawaru
 51206 | Desolati | Identified a cursed +0 short sword
 51206 | Desolati | Identified a +0 robe
 51248 | Desolati | Reached skill level 21 in Shields
 51409 | Desolati | Found the macabre finger necklace {rN+}
 51427 | Desolati | Got an ancient glass ring
 51431 | Desolati | Got a dazzling leather armour
 51433 | Desolati | Got a translucent wooden ring
 51439 | Desolati | Got a bound graven amulet
 51441 | Desolati | Identified the amulet "Modyban" {Faith rElec rF+ rN+} (You
                  | found it in the Desolation of Salt)
 51442 | Desolati | Identified the ring "Seon" {+Fly rN+ SInv} (You found it in
                  | the Desolation of Salt)
 51443 | Desolati | Identified the ring "Baubieck" {*Slow rElec Str+4 Int+2
                  | Dex+7} (You found it in the Desolation of Salt)
 51562 | Desolati | Reached skill level 6 in Armour
 51565 | Desolati | Received a gift from Okawaru
 51614 | Desolati | Identified a +0 scimitar
 51614 | Desolati | Identified a +0 ring mail
 51614 | Desolati | Identified the ring "Wuonot" {MR+ Int+4}
 51643 | Desolati | Received a gift from Okawaru
 51643 | Desolati | Reached skill level 10 in Fighting
 51650 | Desolati | Identified a +0 club
 51650 | Desolati | Identified a +0 robe
 51650 | Desolati | Identified a +0 rapier
 51650 | Desolati | Identified a +0 robe
 51821 | Desolati | Identified the Tome of Flamy Unholy Arts
 51847 | Desolati | Identified the +3 leather armour "Lecuoq" {-Tele Regen+
                  | Int+4 SInv} (You found it in the Desolation of Salt)
 51857 | Desolati | Identified +0 swamp dragon scales (You found it in the
                  | Desolation of Salt)
 51871 | Desolati | Identified a +3 leather armour of cold resistance (You
                  | found it in the Desolation of Salt)
 51889 | Desolati | Identified a +2 leather armour of cold resistance (You
                  | found it in the Desolation of Salt)
 51923 | Desolati | Identified a cursed +0 short sword
 51923 | Desolati | Identified a +0 robe
 52018 | Desolati | Identified a +0 spear
 52018 | Desolati | Identified a +0 robe
 52078 | Desolati | Identified a +0 scimitar
 52078 | Desolati | Identified a +0 ring mail
 52098 | Desolati | Reached skill level 7 in Armour
 52115 | Desolati | Identified a +0 short sword
 52115 | Desolati | Identified a +0 robe
 52131 | Desolati | HP: 29/131 [ragged hierophant/a resonance strike (24)]
 52434 | Desolati | Identified a +0 dagger
 52434 | Desolati | Identified a +0 robe
 52679 | Desolati | Received a gift from Okawaru
 52697 | Desolati | Identified the ring "Ceesael" {rF+ rN+ MR+} (You found it
                  | in the Desolation of Salt)
 52707 | Desolati | Identified the Almanac of Unholy Calling
 52712 | Desolati | Identified an amulet of the acrobat (You found it in the
                  | Desolation of Salt)
 52736 | Desolati | Identified a +0 leather armour of positive energy (You
                  | found it in the Desolation of Salt)
 52971 | Desolati | Reached skill level 12 in Dodging
 53108 | Desolati | Identified a +3 plate armour of cold resistance (You found
                  | it in the Desolation of Salt)
 53169 | Vaults:2 | Identified +0 ice dragon scales
 53265 | Vaults:2 | Identified a +0 morningstar
 53265 | Vaults:2 | Identified a +0 ring mail
 53385 | Vaults:2 | Identified a cursed -1 dagger
 53387 | Vaults:2 | Identified a +0 short sword
 53387 | Vaults:2 | Identified a +0 plate armour
 53388 | Vaults:2 | Identified a +3 great mace of protection
 53388 | Vaults:2 | Identified a +4 plate armour
 53388 | Vaults:2 | Noticed Saint Roka
 53388 | Vaults:2 | Identified a +0 scimitar
 53388 | Vaults:2 | Identified a +0 chain mail
 53388 | Vaults:2 | Identified a +0 dagger
 53388 | Vaults:2 | Identified a +3 ring mail
 53388 | Vaults:2 | Identified a +0 flail
 53388 | Vaults:2 | Identified a +0 chain mail
 53388 | Vaults:2 | Identified a +0 war axe
 53388 | Vaults:2 | Identified a +0 chain mail
 53388 | Vaults:2 | Identified a +0 dagger
 53388 | Vaults:2 | Identified a +0 robe
 53388 | Vaults:2 | Identified a +0 falchion
 53412 | Vaults:2 | Identified a +0 scimitar
 53412 | Vaults:2 | Identified a cursed +0 plate armour
 53416 | Vaults:2 | Identified a +0 morningstar
 53432 | Vaults:2 | Killed Saint Roka
 53432 | Vaults:2 | Received a gift from Okawaru
 53432 | Vaults:2 | Reached skill level 8 in Armour
 53614 | Vaults:2 | Identified a +1 great sword of holy wrath
 53614 | Vaults:2 | Identified a +4 scale mail of magic resistance
 53614 | Vaults:2 | Noticed Sojobo
 53614 | Vaults:2 | Identified a +0 great sword
 53614 | Vaults:2 | Identified a +0 scale mail
 53614 | Vaults:2 | Identified a +0 war axe
 53614 | Vaults:2 | Identified a +1 scale mail of fire resistance
 53614 | Vaults:2 | Identified a +0 buckler
 53628 | Vaults:2 | Identified a +0 giant club
 53628 | Vaults:2 | Identified a +0 giant club
 53648 | Vaults:2 | Killed Sojobo
 53648 | Vaults:2 | Received a gift from Okawaru
 53648 | Vaults:2 | Reached XP level 21. HP: 120/136 MP: 30/30
 53648 | Vaults:2 | Identified a +0 giant club
 53648 | Vaults:2 | Identified a +0 giant spiked club
 53669 | Vaults:2 | Identified a +0 flail
 53669 | Vaults:2 | Identified a +0 robe
 53669 | Vaults:2 | Identified a +0 giant club
 53677 | Vaults:2 | Identified a +0 giant club
 53677 | Vaults:2 | Identified a cursed -1 giant club
 53678 | Vaults:2 | Identified a +0 giant spiked club
 53678 | Vaults:2 | Identified a cursed -1 giant club
 53720 | Vaults:2 | Identified a +0 long sword
 53720 | Vaults:2 | Identified a +0 chain mail
 53720 | Vaults:2 | Identified a +0 dagger
 53720 | Vaults:2 | Identified a +0 robe
 53720 | Vaults:2 | Identified a +0 trident
 53720 | Vaults:2 | Identified a +0 plate armour
 53720 | Vaults:2 | Identified a +0 dire flail
 53720 | Vaults:2 | Identified a +0 plate armour
 53720 | Vaults:2 | Identified a +0 flail
 53746 | Vaults:2 | Received a gift from Okawaru
 53753 | Vaults:2 | Reached skill level 9 in Armour
 53861 | Vaults:2 | Identified a cursed -3 morningstar
 53861 | Vaults:2 | Identified a +0 scale mail
 53866 | Vaults:2 | Identified a +0 giant club
 53870 | Vaults:2 | Identified a +0 giant club
 53870 | Vaults:2 | Identified a +0 giant club
 53871 | Vaults:2 | Identified a +0 robe
 53871 | Vaults:2 | Identified a +0 arbalest
 53872 | Vaults:2 | Identified a +0 arbalest
 53872 | Vaults:2 | Identified a +0 arbalest
 53873 | Vaults:2 | Identified a +0 giant club
 53873 | Vaults:2 | Identified a +0 giant club
 53873 | Vaults:2 | Identified a +0 giant club
 53873 | Vaults:2 | Identified a +0 giant club
 53874 | Vaults:2 | Identified a cursed -2 giant club
 53874 | Vaults:2 | Identified a +0 giant club
 53874 | Vaults:2 | Identified a +0 great mace
 53874 | Vaults:2 | Identified a cursed -2 arbalest
 53874 | Vaults:2 | Identified a +0 plate armour
 53911 | Vaults:2 | Identified a +0 arbalest
 53930 | Vaults:2 | Received a gift from Okawaru
 54021 | Vaults:2 | Reached skill level 13 in Dodging
 54037 | Vaults:2 | Identified a +0 battleaxe
 54037 | Vaults:2 | Identified a +0 chain mail
 54037 | Vaults:2 | Identified a cursed -2 scimitar
 54037 | Vaults:2 | Identified a +0 plate armour
 54037 | Vaults:2 | Identified a +0 trident
 54037 | Vaults:2 | Identified a +1 leather armour of cold resistance
 54037 | Vaults:2 | Identified a +0 flail
 54037 | Vaults:2 | Identified a +0 leather armour
 54037 | Vaults:2 | Identified a +0 giant club
 54039 | Vaults:2 | Identified a +0 club
 54181 | Vaults:2 | Identified a +2 cloak of magic resistance (You acquired it
                  | on level 2 of the Vaults)
 54210 | Vaults:2 | Identified a +0 arbalest
 54210 | Vaults:2 | Identified a +0 arbalest
 54211 | Vaults:2 | Identified a +0 arbalest
 54212 | Vaults:2 | Identified a +0 arbalest
 54214 | Vaults:2 | Identified a cursed +0 arbalest
 54286 | Vaults:2 | Identified a +0 dagger
 54286 | Vaults:2 | Identified a +0 robe
 54345 | Vaults:2 | Identified a +0 dagger
 54345 | Vaults:2 | Identified a +0 hand axe
 54345 | Vaults:2 | Identified a +0 chain mail
 54345 | Vaults:2 | Identified a +0 short sword
 54345 | Vaults:2 | Identified a +0 arbalest
 54345 | Vaults:2 | Identified a cursed -2 arbalest
 54345 | Vaults:2 | Identified a +0 arbalest
 54347 | Vaults:2 | Identified a +0 dagger
 54347 | Vaults:2 | Identified a +0 robe
 54348 | Vaults:2 | Identified a +3 great sword of electrocution
 54348 | Vaults:2 | Identified a +0 arbalest
 54348 | Vaults:2 | Identified a +0 plate armour
 54352 | Vaults:2 | Received a gift from Okawaru
 54565 | Vaults:2 | Identified a +0 battleaxe
 54565 | Vaults:2 | Identified a +0 chain mail
 54566 | Vaults:2 | Identified a +0 long sword
 54584 | Vaults:2 | Identified a +0 whip
 54584 | Vaults:2 | Identified a +0 robe
 54584 | Vaults:2 | Identified a +0 giant club
 54584 | Vaults:2 | Identified a +0 giant club
 54584 | Vaults:2 | Identified a +0 giant spiked club
 54585 | Vaults:2 | Identified a +0 giant club
 54585 | Vaults:2 | Identified a +0 giant club
 54614 | Vaults:2 | Received a gift from Okawaru
 54614 | Vaults:2 | Reached skill level 10 in Armour
 54629 | Vaults:2 | Identified a +0 flail
 54629 | Vaults:2 | Identified a +0 scale mail
 54662 | Vaults:2 | Identified a +0 shield of cold resistance (Okawaru gifted
                  | it to you on level 2 of the Vaults)
 54731 | Vaults:2 | Identified a cursed -2 dire flail
 54731 | Vaults:2 | Identified a +0 chain mail
 54731 | Vaults:2 | Identified a +1 leather armour of magic resistance
 54733 | Vaults:2 | Identified a +0 dagger
 54733 | Vaults:2 | Identified a +2 robe of cold resistance
 54733 | Vaults:2 | Identified a +2 battleaxe of freezing
 54733 | Vaults:2 | Identified a +0 chain mail
 54923 | Vaults:2 | Identified a +0 flail
 54923 | Vaults:2 | Identified a +0 chain mail
 54924 | Vaults:2 | Identified a +0 flail
 54924 | Vaults:2 | Identified a +0 chain mail
 54943 | Vaults:2 | Identified a +1 halberd
 54943 | Vaults:2 | Identified a +0 chain mail
 54943 | Vaults:2 | Identified a +0 short sword
 54943 | Vaults:2 | Identified a +0 plate armour
 54946 | Vaults:2 | Identified a +0 club
 54959 | Vaults:2 | Identified a +0 battleaxe
 54959 | Vaults:2 | Identified a +0 plate armour
 54974 | Vaults:2 | Identified a +0 dagger
 54974 | Vaults:2 | Identified a +0 robe
 54980 | Vaults:2 | Found a staircase to the Crypt.
 55145 | Vaults:2 | Identified +0 fire dragon scales
 55408 | Vaults:2 | Identified a +0 club
 55408 | Vaults:2 | Identified a +0 robe
 55422 | Vaults:2 | Identified a +0 morningstar
 55422 | Vaults:2 | Identified a +0 leather armour
 55434 | Vaults:2 | Identified a +0 great mace
 55434 | Vaults:2 | Identified a +0 dire flail
 55434 | Vaults:2 | Identified a +3 long sword
 55434 | Vaults:2 | Identified a +0 chain mail
 55570 | Vaults:3 | Identified a +0 dagger
 55570 | Vaults:3 | Identified a +0 robe
 55579 | Vaults:3 | Identified a +0 dire flail
 55579 | Vaults:3 | Identified a +0 leather armour
 55579 | Vaults:3 | Identified a +0 battleaxe
 55579 | Vaults:3 | Identified a +0 chain mail
 55583 | Vaults:3 | Identified a +0 battleaxe of electrocution
 55583 | Vaults:3 | Identified a +0 plate armour
 55584 | Vaults:3 | Identified a +0 war axe
 55584 | Vaults:3 | Identified a +0 scale mail
 55771 | Vaults:3 | Identified a +0 dire flail
 55771 | Vaults:3 | Identified a +0 ring mail
 55771 | Vaults:3 | Identified a +0 long sword
 55771 | Vaults:3 | Identified a cursed -3 long sword
 55771 | Vaults:3 | Identified a +2 long sword of protection
 55771 | Vaults:3 | Identified a +0 long sword
 55771 | Vaults:3 | Identified a +0 leather armour
 55771 | Vaults:3 | Identified a +0 short sword
 55771 | Vaults:3 | Identified a +0 leather armour
 55775 | Vaults:3 | Identified a +0 short sword
 55845 | Vaults:3 | Reached skill level 14 in Dodging
 55855 | Vaults:3 | Reached skill level 11 in Armour
 55878 | Vaults:3 | Identified a +0 great sword of flaming
 56147 | Vaults:3 | Identified a +0 arbalest
 56149 | Vaults:3 | Identified a +2 arbalest of flaming
 56150 | Vaults:3 | Identified a +0 arbalest
 56156 | Vaults:3 | Identified a +0 giant club
 56164 | Vaults:3 | Identified a +0 robe
 56165 | Vaults:3 | Identified a +0 giant club
 56177 | Vaults:3 | Identified a +0 dagger
 56177 | Vaults:3 | Identified a +0 robe
 56180 | Vaults:3 | Identified a +0 giant club
 56181 | Vaults:3 | Identified a +0 giant club
 56181 | Vaults:3 | Identified a cursed -3 giant club
 56326 | Vaults:3 | Identified a +0 great mace
 56326 | Vaults:3 | Identified a +0 leather armour
 56330 | Vaults:3 | Identified a +1 dire flail of protection
 56330 | Vaults:3 | Identified a +0 dire flail
 56331 | Vaults:3 | Identified a +0 arbalest
 56332 | Vaults:3 | Identified a +0 arbalest
 56332 | Vaults:3 | Identified a +0 arbalest of flaming
 56333 | Vaults:3 | Identified a +0 robe
 56333 | Vaults:3 | Identified a +0 giant club
 56333 | Vaults:3 | Identified a +0 dire flail
 56337 | Vaults:3 | Identified a +0 giant spiked club
 56337 | Vaults:3 | Identified a +0 giant spiked club
 56342 | Vaults:3 | Identified a +0 giant club
 56342 | Vaults:3 | Identified a +0 giant spiked club
 56347 | Vaults:3 | Identified a +0 great mace
 56347 | Vaults:3 | Identified a +0 scale mail
 56353 | Vaults:3 | Identified a +0 dire flail
 56353 | Vaults:3 | Identified a +0 giant club
 56363 | Vaults:3 | Identified a +0 long sword
 56363 | Vaults:3 | Identified a +0 chain mail
 56380 | Vaults:3 | Identified a +0 war axe
 56380 | Vaults:3 | Identified a +0 plate armour
 56392 | Vaults:3 | Identified a +0 war axe
 56392 | Vaults:3 | Identified a +0 chain mail
 56393 | Vaults:3 | Identified a +0 dire flail
 56393 | Vaults:3 | Identified a +0 chain mail
 56394 | Vaults:3 | Identified a +0 short sword
 56394 | Vaults:3 | Identified a +0 ring mail
 56533 | Vaults:3 | Identified a cursed -1 robe
 56536 | Vaults:3 | Identified a cursed -2 giant club
 56536 | Vaults:3 | Identified a +0 giant spiked club
 56543 | Vaults:3 | Received a gift from Okawaru
 56626 | Vaults:3 | Identified a +0 giant spiked club
 56626 | Vaults:3 | Identified a +0 giant spiked club
 56657 | Vaults:3 | Identified a +0 giant club
 56657 | Vaults:3 | Identified a +0 giant spiked club
 56659 | Vaults:3 | Identified a +0 giant club
 56659 | Vaults:3 | Identified a +0 giant spiked club
 56659 | Vaults:3 | Identified a +0 giant club
 56659 | Vaults:3 | Identified a +0 giant spiked club
 56659 | Vaults:3 | Identified a +0 giant club
 56659 | Vaults:3 | Identified a +0 arbalest
 56660 | Vaults:3 | Identified a +0 flail
 56660 | Vaults:3 | Identified a +0 robe
 56660 | Vaults:3 | Identified a +0 morningstar
 56660 | Vaults:3 | Identified a +0 scale mail
 56661 | Vaults:3 | Identified a +0 dire flail
 56661 | Vaults:3 | Identified a +0 giant spiked club
 56693 | Vaults:3 | Received a gift from Okawaru
 56840 | Vaults:3 | Identified a +0 dagger
 56840 | Vaults:3 | Identified a +0 robe
 56875 | Vaults:3 | Identified a +0 arbalest
 56876 | Vaults:3 | Identified a +0 arbalest
 56876 | Vaults:3 | Identified a cursed -3 arbalest
 56886 | Vaults:3 | Identified a +0 arbalest
 56896 | Vaults:3 | Identified a +0 halberd
 56896 | Vaults:3 | Identified a +0 chain mail
 57037 | Vaults:3 | Identified a cursed -1 giant spiked club
 57037 | Vaults:3 | Identified a +0 giant club
 57161 | Vaults:3 | Identified a +0 long sword
 57161 | Vaults:3 | Identified a +0 ring mail
 57176 | Vaults:3 | Received a gift from Okawaru
 57191 | Vaults:3 | Identified a +2 pair of gloves of strength (Okawaru gifted
                  | it to you on level 3 of the Vaults)
 57266 | Vaults:3 | Reached skill level 12 in Armour
 57344 | Vaults:3 | Identified a +0 great mace
 57344 | Vaults:3 | Identified a +0 scale mail
 57368 | Vaults:3 | Identified a +0 troll leather armour
 57452 | Vaults:3 | Identified a +2 morningstar of crushing
 57452 | Vaults:3 | Identified a +0 ring mail
 57597 | Vaults:3 | Identified a +0 war axe
 57597 | Vaults:3 | Identified a +0 chain mail
 57598 | Vaults:3 | Identified a +0 broad axe
 57598 | Vaults:3 | Identified a +0 plate armour
 57600 | Vaults:3 | Identified a +0 battleaxe
 57600 | Vaults:3 | Identified a +0 plate armour
 57600 | Vaults:3 | Identified a +0 broad axe
 57600 | Vaults:3 | Identified a +0 plate armour
 57616 | Vaults:3 | Reached XP level 22. HP: 142/142 MP: 27/31
 57641 | Vaults:3 | Reached skill level 15 in Dodging
 57801 | Vaults:3 | Identified a +0 club
 57801 | Vaults:3 | Identified a +0 ring mail
 57802 | Vaults:3 | Identified a +0 dire flail
 57802 | Vaults:3 | Identified a +0 plate armour
 57802 | Vaults:3 | Identified a +0 halberd
 57802 | Vaults:3 | Identified a +0 plate armour
 57804 | Vaults:3 | Identified a +0 dagger of speed
 57804 | Vaults:3 | Identified a +0 robe
 57866 | Vaults:3 | You fall through a shaft!
 57880 | Vaults:4 | Identified a +0 war axe
 57880 | Vaults:4 | Identified a +0 scale mail
 57880 | Vaults:4 | Identified a +0 war axe
 57880 | Vaults:4 | Identified a +0 chain mail
 57880 | Vaults:4 | Identified a +0 arbalest
 57883 | Vaults:4 | Identified a +0 war axe
 57883 | Vaults:4 | Identified a +0 ring mail
 57883 | Vaults:4 | Identified a +0 bardiche
 57883 | Vaults:4 | Identified a +0 chain mail
 57884 | Vaults:4 | Identified a +0 great mace
 57884 | Vaults:4 | Identified a +0 plate armour
 57897 | Vaults:4 | Identified a +0 giant club
 57898 | Vaults:4 | Identified a +1 vampiric demon whip
 57898 | Vaults:4 | Identified a +0 robe
 57898 | Vaults:4 | Noticed Mara
 57900 | Vaults:4 | Identified a +0 flail
 57900 | Vaults:4 | Identified a +0 leather armour
 57902 | Vaults:4 | Identified a +0 giant club
 57904 | Vaults:4 | Identified a +0 chain mail
 57913 | Vaults:4 | Identified a +0 giant club
 57913 | Vaults:4 | Identified a +0 giant club
 57914 | Vaults:4 | Identified a +0 giant spiked club
 57914 | Vaults:4 | Identified a +0 giant club
 57914 | Vaults:4 | Identified a +0 flail of holy wrath
 57914 | Vaults:4 | Identified a +0 leather armour
 57914 | Vaults:4 | Identified a +0 giant club
 57914 | Vaults:4 | Identified a +0 giant club
 57914 | Vaults:4 | Identified a +0 arbalest
 57915 | Vaults:4 | Identified a cursed -1 giant club
 57915 | Vaults:4 | Identified a +0 giant club
 57915 | Vaults:4 | Identified a +0 giant club
 57915 | Vaults:4 | Identified a +0 giant spiked club
 57917 | Vaults:4 | Identified a +0 great mace
 57917 | Vaults:4 | Identified a +0 giant spiked club
 57917 | Vaults:4 | Identified a cursed -2 club
 57917 | Vaults:4 | Identified a +0 robe
 57917 | Vaults:4 | Identified a +0 giant club
 57918 | Vaults:4 | Identified a +0 giant spiked club
 57919 | Vaults:4 | Identified a +0 giant spiked club
 57919 | Vaults:4 | Identified a +0 giant club
 57945 | Vaults:4 | Identified a +0 club
 57945 | Vaults:4 | Identified a +0 robe
 57957 | Vaults:4 | Identified a +2 falchion of holy wrath
 57957 | Vaults:4 | Identified a +0 ring mail
 57984 | Vaults:4 | Identified a cursed +0 giant spiked club
 57987 | Vaults:4 | Identified a +0 arbalest
 58039 | Vaults:4 | Identified a +1 cloak (You found it on level 4 of the
                  | Vaults)
 58124 | Vaults:4 | Noticed ddubois's illusion
 58130 | Vaults:4 | Identified a +0 arbalest
 58130 | Vaults:4 | Identified a +0 arbalest
 58130 | Vaults:4 | Identified a +0 arbalest
 58130 | Vaults:4 | Identified a +3 great mace
 58130 | Vaults:4 | Identified a cursed +0 chain mail
 58130 | Vaults:4 | Identified a +0 arbalest
 58130 | Vaults:4 | Identified a +0 arbalest
 58194 | Vaults:4 | Identified a cursed -2 dire flail
 58194 | Vaults:4 | Identified a +0 ring mail
 58194 | Vaults:4 | Identified a +0 long sword
 58194 | Vaults:4 | Identified a +0 plate armour
 58194 | Vaults:4 | Identified a +0 large shield
 58195 | Vaults:4 | Identified a +0 dire flail
 58195 | Vaults:4 | Identified a +0 chain mail
 58195 | Vaults:4 | Identified a +0 morningstar
 58195 | Vaults:4 | Identified a +0 ring mail
 58365 | Vaults:4 | Identified a cursed -3 great sword
 58365 | Vaults:4 | Identified a +0 plate armour
 58365 | Vaults:4 | Identified a +0 morningstar
 58365 | Vaults:4 | Identified a +0 scale mail
 58366 | Vaults:4 | Identified a +0 broad axe
 58366 | Vaults:4 | Identified a +1 plate armour of cold resistance
 58380 | Vaults:4 | Noticed an entropy weaver
 58380 | Vaults:4 | Identified a +0 arbalest
 58380 | Vaults:4 | Identified a +0 arbalest
 58393 | Vaults:4 | Killed an entropy weaver
 58424 | Vaults:4 | Got an encrusted fustibalus
 58426 | Vaults:4 | Identified the +3 fustibalus "Waedorr" {venom, +Blink rN+
                  | MP+9} (You acquired it on level 4 of the Vaults)
 58545 | Vaults:4 | Identified a +0 arbalest
 58553 | Vaults:4 | Identified a +0 scale mail
 58593 | Vaults:4 | Identified a +1 arbalest of flaming
 58594 | Vaults:4 | Identified a +0 arbalest
 59078 | D:4      | Killed Duvessa
 59721 | D:15     | Found a staircase to the Depths.
 59726 | Depths:1 | Entered Level 1 of the Depths
 59748 | Depths:1 | Identified a +0 great mace
 59748 | Depths:1 | Identified a cursed +0 chain mail
 59757 | Depths:1 | Received a gift from Okawaru
 59789 | Depths:1 | Identified a +3 halberd of venom
 59812 | Depths:1 | Identified a +0 trident
 59812 | Depths:1 | Identified a +0 trident
 59892 | Depths:1 | Identified a +2 dire flail of venom
 59892 | Depths:1 | Identified a +0 great mace
 60004 | Depths:1 | Found Qishrol's Gadget Boutique.
 60005 | Depths:1 | Found Xaoteoh's Jewellery Shoppe.
 60008 | Depths:1 | Found Piw Atuo's Gadget Boutique.
 60092 | Depths:1 | Identified a cursed +0 giant club
 60092 | Depths:1 | Identified a +1 dire flail of draining
 60093 | Depths:1 | Identified a +0 giant club
 60095 | Depths:1 | Identified a +0 club
 60095 | Depths:1 | Identified a +0 robe
 60095 | Depths:1 | Identified a +0 giant spiked club
 60095 | Depths:1 | Identified a +0 giant club
 60096 | Depths:1 | Identified a +0 giant club
 60097 | Depths:1 | Identified a +0 giant club
 60098 | Depths:1 | Identified a +0 giant spiked club
 60098 | Depths:1 | Identified a +0 giant club
 60103 | Depths:1 | Reached skill level 9 in Invocations
 60171 | Depths:1 | Identified a +3 shortbow of flaming
 60488 | Depths:1 | Reached skill level 9 in Evocations
 60528 | Depths:2 | Identified a +0 rapier
 60528 | Depths:2 | Identified a +0 animal skin
 60647 | Depths:2 | Identified +0 ice dragon scales
 60648 | Depths:2 | Identified a +0 dagger
 60648 | Depths:2 | Identified a +3 leather armour
 60648 | Depths:2 | Identified a +2 battleaxe of freezing
 60649 | Depths:2 | Identified a +0 robe of fire resistance
 60679 | Depths:2 | Received a gift from Okawaru
 60715 | Depths:2 | Got an encrusted hand axe {god gift}
 60733 | Depths:2 | Identified a +0 arbalest
 60735 | Depths:2 | Identified a +0 arbalest
 60735 | Depths:2 | Identified a +0 arbalest
 60735 | Depths:2 | Identified a +0 arbalest
 60771 | Depths:2 | Identified a ring of protection from cold (You found it on
                  | level 2 of the Depths)
 60773 | Depths:2 | meem: I am meem, an upgrade of beem built by MalcolmRose
                  | (check out Malcolm's DCSS vids and other projects at
                  | http://youtube.com/malcolmrosegaming). To have me follow
                  | you in your games, type !subscribemeem - to make me go away
                  | forever, type !quitmeem - For help, type: !meem
 60833 | Depths:2 | Identified a +0 dire flail
 60833 | Depths:2 | Identified a +1 dire flail of draining
 60845 | Depths:2 | Reached skill level 13 in Armour
 60900 | Depths:2 | Identified a +0 long sword
 60900 | Depths:2 | Identified a +0 ring mail
 60900 | Depths:2 | Identified a +0 shield
 60904 | Depths:2 | Identified a +2 dire flail of crushing
 60904 | Depths:2 | Identified a +0 ring mail
 60906 | Depths:2 | Identified a +0 trident
 60906 | Depths:2 | Identified a +0 robe
 60943 | Depths:2 | Identified a +0 troll leather armour
 61092 | Depths:2 | Identified +0 ice dragon scales
 61197 | Depths:2 | Found a gateway to Hell.
 61197 | Depths:2 | Identified a +0 dagger
 61197 | Depths:2 | Identified a cursed +0 robe
 61273 | Depths:2 | Received a gift from Okawaru
 61293 | Depths:2 | Identified a +2 helmet of see invisible (Okawaru gifted it
                  | to you on level 2 of the Depths)
 61348 | Depths:2 | Identified a +0 dagger
 61348 | Depths:2 | Identified a +0 robe
 61349 | Depths:2 | Identified a +3 great sword of flaming
 61362 | Depths:2 | Identified a +0 shortbow
 61362 | Depths:2 | Identified the ring "Ditegilabra" {rPois rN+ Int-2 Dex+4
                  | Slay+2}
 61362 | Depths:2 | Identified a +0 war axe of freezing
 61362 | Depths:2 | Identified a +2 leather armour of cold resistance
 61362 | Depths:2 | Identified a +0 shield
 61388 | Depths:2 | Found a transporter.
 61388 | Depths:2 | Noticed CanOfBees's ghost (adept CeHu)
 61405 | Depths:2 | Identified a +0 whip
 61405 | Depths:2 | Identified a cursed +0 robe
 61425 | Depths:2 | Identified a +2 great mace of draining
 61425 | Depths:2 | Identified a +0 dire flail
 61435 | Depths:2 | Identified a +2 great mace of draining
 61435 | Depths:2 | Identified a +0 dire flail
 61458 | Depths:2 | Identified a +0 glaive
 61458 | Depths:2 | Identified the ring of Plog {rF+ Int+3 Slay+4 Stlth+}
 61676 | Depths:2 | Found a transporter.
 61695 | Depths:2 | Identified a +3 scimitar of flaming
 61695 | Depths:2 | Identified a +3 scimitar of flaming
 61698 | Depths:2 | Identified a +2 lajatang of freezing
 61721 | Depths:2 | Identified a +1 scimitar of flaming
 61721 | Depths:2 | Identified a +0 great sword of flaming
 61721 | Depths:2 | Identified a +0 flail
 61721 | Depths:2 | Identified a +0 robe of fire resistance
 61721 | Depths:2 | Identified a +1 great sword of slicing
 61721 | Depths:2 | Identified a +0 leather armour
 61898 | Depths:2 | Identified a +1 battleaxe of freezing
 61907 | Depths:2 | Reached skill level 13 in Slings
 62062 | Depths:2 | Identified a +0 robe
 62063 | Depths:2 | Identified a +0 robe
 62260 | Depths:2 | Identified a +0 trident
 62260 | Depths:2 | Identified a +0 robe
 62264 | Depths:2 | Reached XP level 23. HP: 149/149 MP: 32/32
 62272 | Depths:2 | Identified a +0 robe
 62373 | Depths:2 | Upgraded the game from 0.24-a0-11-g46ee55f to
                  | 0.24-a0-25-g8489be9
 62377 | Depths:3 | Found a one-way gate leading to the halls of Pandemonium.
 62397 | Depths:3 | Identified +0 fire dragon scales
 62412 | Depths:3 | Found Uhau's General Store.
 62423 | Depths:3 | Identified a +0 arbalest
 62449 | Depths:3 | Identified a +0 arbalest
 62450 | Depths:3 | Identified a cursed -3 arbalest
 62561 | Depths:3 | Identified a +2 battleaxe of freezing
 62568 | Depths:3 | Reached skill level 11 in Fighting
 62581 | Depths:3 | Identified a +1 battleaxe of freezing
 62655 | Depths:3 | Identified a +0 arbalest
 62657 | Depths:3 | Identified a +0 arbalest
 62657 | Depths:3 | Identified a +0 arbalest
 62661 | Depths:3 | Identified a +2 great sword of flaming
 62662 | Depths:3 | Identified a +0 giant club
 62670 | Depths:3 | Identified a +0 giant spiked club
 62670 | Depths:3 | Identified a +0 giant spiked club
 62683 | Depths:3 | Identified a +0 giant club
 62690 | Depths:3 | Identified a +0 troll leather armour
 62698 | Depths:3 | Identified a +0 troll leather armour
 62740 | Depths:3 | Reached skill level 10 in Invocations
 62771 | Depths:3 | Identified a +0 halberd
 62771 | Depths:3 | Identified a +0 robe
 62772 | Depths:3 | Identified a +2 dire flail of crushing
 62772 | Depths:3 | Identified a +0 dire flail
 62772 | Depths:3 | Identified a cursed -2 giant spiked club
 62772 | Depths:3 | Identified a +0 giant spiked club
 62773 | Depths:3 | Paralysed by an ogre mage for 2 turns
 62774 | Depths:3 | Identified a +0 great sword of flaming
 62777 | Depths:3 | Identified a +0 giant spiked club
 62802 | Depths:3 | Received a gift from Okawaru
 63020 | Depths:3 | Identified a +0 robe
 63231 | Depths:3 | Identified a +0 arbalest
 63231 | Depths:3 | Identified a +0 arbalest
 63231 | Depths:3 | Identified a +0 arbalest
 63232 | Depths:3 | Identified a +0 arbalest
 63261 | Depths:3 | Received a gift from Okawaru
 63261 | Depths:3 | Reached skill level 16 in Dodging
 63262 | Depths:3 | Identified a +0 arbalest
 63288 | Depths:3 | Identified a +0 arbalest
 63289 | Depths:3 | Identified a +0 arbalest
 63290 | Depths:3 | Identified a +0 arbalest
 63293 | Depths:3 | Identified a +0 arbalest
 63303 | Depths:3 | Identified a +1 battleaxe of freezing
 63308 | Depths:3 | Reached skill level 10 in Evocations
 63467 | Depths:3 | Noticed a lich
 63481 | Depths:3 | Paralysed by a lich for 7 turns
 63489 | Depths:3 | Killed a lich
 63591 | Depths:3 | Identified a cursed -3 dagger
 63591 | Depths:3 | Identified a +0 robe
 63727 | Depths:3 | Identified a cursed +0 dire flail
 63727 | Depths:3 | Identified a +0 dire flail
 63769 | Depths:3 | Identified a +2 battleaxe of freezing
 63770 | Depths:3 | Identified a +0 arbalest
 63844 | Depths:3 | Identified a +0 broad axe
 63844 | Depths:3 | Identified a +0 animal skin
 63865 | Depths:3 | Identified a +0 long sword
 63865 | Depths:3 | Identified a +0 robe
 63917 | Depths:3 | Reached skill level 14 in Slings
 63918 | Depths:3 | Received a gift from Okawaru
 63928 | Depths:3 | Identified +0 ice dragon scales
 64013 | Depths:3 | Identified a +0 halberd of flaming
 64034 | Depths:3 | Identified a +1 battleaxe of freezing
 64075 | Depths:3 | Got an iridescent shortbow
 64095 | Depths:3 | Received a gift from Okawaru
 64095 | Depths:3 | Reached skill level 14 in Armour
 64155 | Depths:3 | Identified a +0 falchion of holy wrath
 64155 | Depths:3 | Identified a +0 shortbow of flaming
 64187 | Depths:3 | Noticed a lich
 64204 | Depths:3 | Identified a cursed -1 arbalest
 64401 | Elf:1    | Entered Level 1 of the Elven Halls
 64406 | Elf:1    | Identified a +0 dagger
 64406 | Elf:1    | Identified a +0 leather armour
 64406 | Elf:1    | Identified a +0 rapier
 64419 | Elf:1    | Found a radiant altar of Vehumet.
 64419 | Elf:1    | Identified a +0 rapier
 64419 | Elf:1    | Identified a +0 scale mail
 64419 | Elf:1    | Identified a +2 short sword of draining
 64419 | Elf:1    | Identified a +0 leather armour
 64420 | Elf:1    | Identified a cursed -3 rapier
 64420 | Elf:1    | Identified a +0 short sword
 64420 | Elf:1    | Identified a +0 chain mail
 64428 | Elf:1    | Identified a +0 short sword
 64428 | Elf:1    | Identified a +0 rapier
 64428 | Elf:1    | Identified a +0 leather armour
 64451 | Elf:1    | Identified a +8 battleaxe of flaming
 64464 | Elf:1    | Identified a +0 rapier
 64743 | Elf:1    | Identified a +3 dire flail of holy wrath
 64773 | Elf:1    | Found Eqaedyeq's Distillery.
 64776 | Elf:1    | Identified a +0 long sword
 64776 | Elf:1    | Identified a +0 buckler
 64817 | Elf:1    | Identified a +0 short sword of holy wrath
 64821 | Elf:1    | Identified a +0 long sword
 64822 | Elf:1    | Found Ehuda's Food Boutique.
 64822 | Elf:1    | Identified a +0 short sword
 64822 | Elf:1    | Identified a +0 leather armour
 64822 | Elf:1    | Identified a +0 long sword
 64822 | Elf:1    | Identified a +0 rapier
 64822 | Elf:1    | Identified a +0 leather armour
 64822 | Elf:1    | Identified a +0 rapier
 64822 | Elf:1    | Identified a +0 ring mail
 64824 | Elf:1    | Identified a +0 short sword
 64833 | Elf:1    | Identified a +0 short sword
 64833 | Elf:1    | Identified a +0 leather armour
 64835 | Elf:1    | Identified a +0 dagger
 64835 | Elf:1    | Identified a +0 longbow
 64835 | Elf:1    | Identified a +0 leather armour
 64836 | Elf:1    | Identified a cursed -1 long sword
 64837 | Elf:1    | Identified a +0 long sword
 64840 | Elf:1    | Identified a +0 short sword
 64840 | Elf:1    | Identified a +0 leather armour
 64840 | Elf:1    | Identified a +0 long sword
 64840 | Elf:1    | Identified a +0 ring mail
 64848 | Elf:1    | Identified a +0 long sword
 64848 | Elf:1    | Identified a +0 long sword
 64848 | Elf:1    | Identified a +0 shortbow
 64853 | Elf:1    | Identified a +0 dagger of speed
 64856 | Elf:1    | Identified a +0 short sword
 64856 | Elf:1    | Identified a +0 leather armour
 65055 | Elf:1    | Identified a +0 dagger
 65076 | Elf:1    | Identified a cursed -3 long sword
 65077 | Elf:1    | Identified a cursed -2 long sword
 65077 | Elf:1    | Identified a +0 ring mail
 65077 | Elf:1    | Identified a +0 dagger
 65078 | Elf:1    | Identified a +0 short sword
 65083 | Elf:1    | Identified a +0 rapier
 65083 | Elf:1    | Noticed a deep elf demonologist
 65091 | Elf:1    | Identified a +0 rapier
 65092 | Elf:1    | Identified a +2 long sword of holy wrath
 65096 | Elf:1    | Identified a +0 dagger
 65102 | Elf:1    | Killed a deep elf demonologist
 65143 | Elf:1    | Identified a +0 long sword
 65143 | Elf:1    | Identified a +0 ring mail
 65170 | Elf:1    | Identified the Disquisition on Creation
 65276 | Elf:1    | Identified a +2 rapier of electrocution
 65278 | Elf:1    | Identified a +0 long sword
 65279 | Elf:1    | Identified a +0 short sword
 65279 | Elf:1    | Identified a +0 shortbow
 65279 | Elf:1    | Identified a +0 leather armour
 65279 | Elf:1    | Identified a +0 long sword
 65290 | Elf:1    | Identified a +0 rapier
 65331 | Elf:1    | Identified a +0 short sword
 65480 | Elf:1    | Identified a +0 long sword
 65480 | Elf:1    | Identified a +0 leather armour
 65481 | Elf:1    | Identified a +0 short sword
 65481 | Elf:1    | Identified a +0 shortbow
 65481 | Elf:1    | Identified a +0 leather armour
 65482 | Elf:1    | Identified a +0 dagger
 65482 | Elf:1    | Identified a +0 scale mail
 65483 | Elf:1    | Identified a +0 long sword
 65490 | Elf:1    | Reached skill level 12 in Fighting
 65572 | Elf:1    | Identified a +0 long sword
 65597 | Elf:1    | Identified a +0 dagger
 65605 | Elf:1    | Identified a +0 short sword
 65605 | Elf:1    | Identified a +1 shortbow of flaming
 65605 | Elf:1    | Identified a +0 leather armour
 65630 | Elf:1    | Identified a +1 long sword of holy wrath
 65681 | Elf:1    | Identified a +3 flail of crushing
 65906 | Elf:2    | Identified a +0 dagger
 65906 | Elf:2    | Identified a +0 robe of cold resistance
 65926 | Elf:2    | Identified a +0 short sword of speed
 65931 | Elf:2    | Identified a +0 long sword
 65931 | Elf:2    | Identified a +0 leather armour
 65946 | Elf:2    | Identified a +4 dagger
 65957 | Elf:2    | Identified a +2 dagger
 65993 | Elf:2    | Found a runed translucent gate.
 65994 | Elf:2    | Found a runed translucent gate.
 65999 | Elf:2    | Identified a +2 long sword of holy wrath
 66002 | Elf:2    | Identified a +0 scimitar
 66002 | Elf:2    | Identified a +0 short sword
 66002 | Elf:2    | Identified a +0 longbow
 66002 | Elf:2    | Identified a +0 leather armour
 66003 | Elf:2    | Identified a +0 rapier
 66005 | Elf:2    | Identified a +0 short sword
 66005 | Elf:2    | Identified a +0 longbow
 66005 | Elf:2    | Identified a +1 leather armour of fire resistance
 66009 | Elf:2    | Identified a +0 rapier
 66041 | Elf:2    | Reached XP level 24. HP: 148/159 MP: 32/32
 66062 | Elf:2    | Identified a +1 demon trident of pain
 66092 | Elf:2    | Found a runed translucent gate.
 66136 | Elf:2    | Identified a +0 dagger
 66136 | Elf:2    | Identified a +1 longbow of freezing
 66136 | Elf:2    | Identified a +0 leather armour
 66144 | Elf:2    | Identified a +0 dagger
 66145 | Elf:2    | Identified a +0 long sword
 66148 | Elf:2    | Identified a +0 dagger
 66148 | Elf:2    | Identified a +0 robe
 66150 | Elf:2    | Identified a +0 long sword
 66150 | Elf:2    | Identified a +0 long sword of holy wrath
 66150 | Elf:2    | Identified a +0 long sword
 66156 | Elf:2    | Identified a +0 trident
 66167 | Elf:2    | Identified a cursed +0 long sword
 66167 | Elf:2    | Identified a +0 leather armour
 66238 | Elf:2    | Identified a +0 long sword
 66297 | Elf:2    | Identified a +0 short sword
 66318 | Elf:2    | Identified a +0 rapier
 66347 | Elf:2    | Identified a +0 dagger of speed
 66347 | Elf:2    | Identified a +0 longbow
 66347 | Elf:2    | Identified a +0 leather armour
 66350 | Elf:2    | Found Qis Dan's Gadget Emporium.
 66350 | Elf:2    | Identified a +0 long sword
 66350 | Elf:2    | Identified a +0 ring mail
 66376 | Elf:2    | Found Pynytzaf's Magic Scroll Shoppe.
 66379 | Elf:2    | Identified a +0 long sword of slicing
 66386 | Elf:2    | Found Geirenex's Food Emporium.
 66412 | Elf:2    | Bought a scroll of acquirement for 676 gold pieces
 66438 | Elf:2    | Identified a +0 long sword
 66438 | Elf:2    | Identified a +0 leather armour
 66438 | Elf:2    | Identified a +0 buckler
 66447 | Elf:2    | Identified a +0 long sword
 66459 | Elf:2    | Identified a +0 short sword
 66459 | Elf:2    | Identified a +0 leather armour
 66529 | Elf:2    | Identified a +0 long sword
 66564 | Elf:2    | Received a gift from Okawaru
 66651 | Elf:2    | Identified a +0 rapier
 66708 | Elf:2    | Identified a +0 long sword
 66710 | Elf:2    | Identified a +1 short sword of venom
 66710 | Elf:2    | Identified a +0 long sword
 66727 | Elf:2    | Identified a +0 long sword
 66727 | Elf:2    | Identified a +0 leather armour
 66734 | Elf:2    | Reached skill level 17 in Dodging
 66745 | Elf:2    | Identified a +2 dire flail of draining
 66750 | Elf:2    | Identified a +7 hand axe of electrocution
 66769 | Elf:2    | Identified a +1 long sword of freezing
 66790 | Elf:2    | Identified a +3 glaive of flaming
 66790 | Elf:2    | Identified a +0 battleaxe of chopping
 66790 | Elf:2    | Identified a +0 dagger
 66790 | Elf:2    | Identified a cursed +0 chain mail
 66846 | Elf:2    | Identified a +0 mace of draining
 66866 | Elf:1    | Identified a scroll of torment
 66867 | Elf:1    | Identified a scroll of brand weapon
 66972 | Elf:2    | Identified a +0 short sword
 66972 | Elf:2    | Identified a +0 short sword
 66972 | Elf:2    | Identified a +0 leather armour
 66973 | Elf:2    | Identified a +0 long sword
 66975 | Elf:2    | Identified a +0 rapier
 67030 | Elf:2    | Identified a +4 short sword
 67030 | Elf:2    | Identified a +0 longbow
 67033 | Elf:2    | Identified a +0 rapier
 67034 | Elf:2    | Identified a cursed -1 short sword
 67044 | Elf:2    | Identified a +2 scimitar of holy wrath
 67044 | Elf:2    | Identified a +0 scimitar
 67044 | Elf:2    | Identified a +0 ring mail of fire resistance
 67052 | Elf:2    | Identified a +0 antimagic lajatang
 67067 | Elf:2    | Received a gift from Okawaru
 67100 | Elf:2    | Identified a +0 dagger
 67100 | Elf:2    | Identified a +0 ring mail
 67105 | Elf:2    | Identified a +5 long sword of holy wrath
 67109 | Elf:2    | Identified a +1 glaive of protection
 67326 | Elf:2    | Identified a +2 mace of holy wrath
 67329 | Elf:2    | Identified a +0 war axe of flaming
 67329 | Elf:2    | Identified a +3 vampiric executioner's axe
 67329 | Elf:2    | Identified a +1 long sword of holy wrath
 67329 | Elf:2    | Identified a +0 shortbow of flaming
 67329 | Elf:2    | Identified a +0 ring mail
 67347 | Elf:2    | Identified a +0 vampiric short sword
 67370 | Elf:2    | Identified a +2 trident of venom
 67401 | Elf:2    | Reached skill level 15 in Armour
 67616 | Elf:3    | Entered Level 3 of the Elven Halls
 67616 | Elf:3    | Identified a +0 long sword
 67616 | Elf:3    | Identified a +0 short sword
 67616 | Elf:3    | Identified a +0 leather armour
 67618 | Elf:3    | Identified a +0 dagger
 67700 | Elf:3    | Identified a +0 short sword
 67700 | Elf:3    | Identified a +0 leather armour
 67702 | Elf:3    | Identified a +0 short sword
 67705 | Elf:3    | Identified a +0 dagger
 67705 | Elf:3    | Identified a +0 leather armour
 67719 | Elf:3    | Identified a +1 demon trident of pain
 67790 | Elf:3    | Identified a +0 short sword
 67790 | Elf:3    | Identified a +0 shortbow
 67790 | Elf:3    | Identified a +0 leather armour
 67791 | Elf:3    | Identified a +0 short sword
 67791 | Elf:3    | Identified a +0 shortbow
 67791 | Elf:3    | Identified a +0 leather armour
 67791 | Elf:3    | Identified a +0 rapier
 67791 | Elf:3    | Identified a +0 leather armour
 67792 | Elf:3    | Identified a +0 long sword of holy wrath
 67792 | Elf:3    | Identified a +0 long sword of freezing
 67793 | Elf:3    | Identified a +0 short sword
 67793 | Elf:3    | Identified a +0 shortbow
 67793 | Elf:3    | Identified a +0 leather armour
 67795 | Elf:3    | Identified a +0 long sword
 67805 | Elf:3    | Identified a +4 rapier
 67808 | Elf:3    | Identified a +1 scimitar of slicing
 67808 | Elf:3    | Identified a +2 chain mail of cold resistance
 67854 | Elf:3    | Received a gift from Okawaru
 67860 | Elf:3    | Identified a +0 short sword
 67860 | Elf:3    | Identified a +0 ring mail
 67875 | Elf:3    | Identified a +0 short sword
 67881 | Elf:3    | Found Hipyjom's Magic Scroll Shoppe.
 67881 | Elf:3    | Identified a +0 dagger
 67887 | Elf:3    | Identified a +0 short sword
 67887 | Elf:3    | Identified a +0 buckler
 67968 | Elf:3    | Found a transporter.
 67972 | Elf:3    | Learned a level 1 spell: Summon Butterflies
 67975 | Elf:3    | Learned a level 2 spell: Shroud of Golubria
 67982 | Elf:3    | Learned a level 6 spell: Shadow Creatures
 67997 | Elf:3    | Identified a +0 short sword of holy wrath
 67997 | Elf:3    | Identified a -3 short sword
 67997 | Elf:3    | Identified a +0 longbow
 67997 | Elf:3    | Identified a +0 leather armour
 67997 | Elf:3    | Identified a +0 long sword
 67997 | Elf:3    | Identified a +0 leather armour
 67997 | Elf:3    | Identified a +0 short sword
 67998 | Elf:3    | Identified a +0 long sword
 68013 | Elf:3    | Identified a +2 rapier of draining
 68116 | Elf:3    | Found a transporter.
 68120 | Elf:3    | Noticed grandjackal's ghost (veteran TeFi)
 68145 | Elf:3    | Identified a +4 hand axe of flaming
 68146 | Elf:3    | Identified a +0 short sword
 68152 | Elf:3    | Received a gift from Okawaru
 68156 | Elf:3    | Got a brightly glowing rapier {god gift}
 68157 | Elf:3    | Identified the +7 rapier of Candle {drain, Dex+2} (Okawaru
                  | gifted it to you on level 3 of the Elven Halls)
 68167 | Elf:3    | Identified a +0 rapier
 68167 | Elf:3    | Identified a +0 leather armour
 68167 | Elf:3    | Noticed a deep elf sorcerer
 68172 | Elf:3    | Killed a deep elf sorcerer
 68185 | Elf:3    | Identified a +0 rapier
 68185 | Elf:3    | Identified a +0 scale mail
 68207 | Elf:3    | Identified a cursed -1 long sword
 68207 | Elf:3    | Noticed a deep elf demonologist
 68243 | Elf:3    | Identified a +2 dire flail of draining
 68370 | Elf:3    | Identified a +0 dagger
 68370 | Elf:3    | Identified a +0 shortbow
 68370 | Elf:3    | Identified a +3 leather armour
 68370 | Elf:3    | Identified a +0 dagger
 68370 | Elf:3    | Identified a +0 shortbow
 68370 | Elf:3    | Identified a +0 leather armour
 68370 | Elf:3    | Identified a +0 short sword
 68370 | Elf:3    | Identified a +0 longbow
 68370 | Elf:3    | Identified a +0 leather armour
 68370 | Elf:3    | Identified a +0 dagger
 68370 | Elf:3    | Identified a +0 longbow
 68370 | Elf:3    | Identified a cursed +0 leather armour
 68370 | Elf:3    | Identified a +0 dagger
 68370 | Elf:3    | Identified a +0 shortbow
 68370 | Elf:3    | Identified a +0 leather armour
 68572 | Elf:3    | Identified a +0 rapier
 68572 | Elf:3    | Identified a +0 long sword
 68572 | Elf:3    | Identified a cursed +0 leather armour
 68572 | Elf:3    | Identified a +0 scimitar
 68574 | Elf:3    | Identified a +1 long sword of holy wrath
 68574 | Elf:3    | Identified a +0 buckler
 68576 | Elf:3    | Identified a +0 long sword
 68576 | Elf:3    | Identified a +0 leather armour
 68638 | Elf:3    | Identified a +2 short sword of venom
 68711 | Elf:3    | Identified a +0 dagger
 68742 | Elf:3    | Identified a +0 long sword
 68742 | Elf:3    | Noticed a deep elf demonologist
 68744 | Elf:3    | Identified a +0 short sword
 68744 | Elf:3    | Identified a +0 ring mail
 68746 | Elf:3    | Killed a deep elf demonologist
 68747 | Elf:3    | Identified a +1 rapier of speed
 68747 | Elf:3    | Identified a +0 leather armour
 68749 | Elf:3    | Killed a deep elf demonologist
 68750 | Elf:3    | Identified a +0 dagger
 68751 | Elf:3    | Identified a +0 short sword
 68751 | Elf:3    | Identified a +0 ring mail
 68751 | Elf:3    | Identified a +0 rapier
 68751 | Elf:3    | Noticed a deep elf sorcerer
 68753 | Elf:3    | Identified a +0 dagger
 68753 | Elf:3    | Noticed a deep elf sorcerer
 68910 | Elf:3    | Identified a +1 dagger of venom
 68953 | Elf:3    | Identified a +0 long sword
 68953 | Elf:3    | Identified a +0 leather armour
 68955 | Elf:3    | Identified a +0 long sword
 69054 | Elf:3    | Identified a +0 rapier
 69054 | Elf:3    | Identified a +0 leather armour
 69081 | Elf:3    | Identified a +0 rapier
 69081 | Elf:3    | Identified a +0 chain mail
 69081 | Elf:3    | Noticed a deep elf sorcerer
 69094 | Elf:3    | Reached skill level 13 in Fighting
 69101 | Elf:3    | Identified a cursed +0 short sword
 69101 | Elf:3    | Identified a +0 leather armour
 69116 | Elf:3    | Identified a +1 broad axe of freezing
 69116 | Elf:3    | Identified a +0 plate armour
 69116 | Elf:3    | Identified a +0 shield
 69116 | Elf:3    | Noticed Donald
 69118 | Elf:3    | Identified a +3 short sword
 69119 | Elf:3    | Identified a cursed -1 short sword
 69119 | Elf:3    | Identified a cursed -1 short sword
 69119 | Elf:3    | Identified a +0 leather armour
 69123 | Elf:3    | Identified a +0 short sword
 69123 | Elf:3    | Identified a +0 short sword
 69123 | Elf:3    | Identified a +0 leather armour
 69134 | Elf:3    | Killed Donald
 69146 | Elf:3    | Killed the ghostly Donald
 69167 | Elf:3    | Identified a +3 longbow
 69167 | Elf:3    | Identified a +0 leather armour
 69227 | Elf:3    | Identified a +0 rapier
 69247 | Elf:3    | Received a gift from Okawaru
 69260 | Elf:3    | Killed a deep elf sorcerer
 69320 | Elf:3    | Got an ichor-stained helmet
 69354 | Elf:3    | Gained mutation: You are dopey. (Int -2) [mutagenic glow]
 69365 | Elf:3    | Identified a +0 long sword
 69366 | Elf:3    | Identified a +0 rapier
 69366 | Elf:3    | Identified a +0 chain mail
 69367 | Elf:3    | Identified a +0 longbow
 69367 | Elf:3    | Identified a +0 leather armour
 69399 | Elf:3    | Identified a +0 short sword
 69399 | Elf:3    | Noticed a deep elf demonologist
 69414 | Elf:3    | Killed a deep elf sorcerer
 69442 | Elf:3    | Identified a +4 scythe of venom
 69442 | Elf:3    | Killed a deep elf demonologist
 69678 | Elf:2    | Identified a +2 hat of intelligence (You found it on level
                  | 3 of the Elven Halls)
 69689 | Elf:2    | Identified the +2 helmet of Oxkukh {rElec} (You found it on
                  | level 3 of the Elven Halls)
 69895 | Elf:3    | Killed a deep elf sorcerer
 69897 | Elf:3    | Identified a +0 short sword
 69897 | Elf:3    | Identified a +0 leather armour
 69897 | Elf:3    | Identified a +3 spear of piercing
 69897 | Elf:3    | Identified a +0 leather armour
 69897 | Elf:3    | Identified a +1 halberd of flaming
 69897 | Elf:3    | Identified a +0 longbow
 69897 | Elf:3    | Identified a +0 leather armour
 69907 | Elf:3    | Identified a +0 broad axe
 69907 | Elf:3    | Identified a +0 leather armour
 69912 | Elf:3    | Identified a +0 long sword
 69912 | Elf:3    | Identified a +0 shortbow
 69912 | Elf:3    | Identified a +0 scale mail
 69916 | Elf:3    | Identified a +2 war axe of chopping
 69916 | Elf:3    | Identified a +0 longbow
 69916 | Elf:3    | Identified the cursed +1 robe of Relativism {rElec Int+2
                  | SInv}
 69917 | Elf:3    | Identified the +6 scimitar "Ogrikh" {slice, rC+}
 69917 | Elf:3    | Identified a cursed +0 chain mail
 69917 | Elf:3    | Identified the ring of Sunlight {Ice rN+ Str+6}
 69974 | Elf:3    | Received a gift from Okawaru
 70067 | Elf:3    | Identified a +0 longbow
 70067 | Elf:3    | Identified a +3 scale mail of cold resistance
 70072 | Elf:3    | Identified a +0 longbow
 70072 | Elf:3    | Identified a +10 plate armour of ponderousness
 70108 | Elf:3    | Identified a +0 broad axe
 70123 | Elf:3    | Reached skill level 16 in Armour
 70123 | Elf:3    | Reached skill level 18 in Dodging
 70338 | Elf:3    | Identified a +2 spear of pain
 70338 | Elf:3    | Identified a +0 leather armour
 70338 | Elf:3    | Noticed a deep elf sorcerer
 70352 | Elf:3    | Killed a deep elf sorcerer
 70400 | Elf:3    | Identified a +4 hand axe of flaming
 70427 | Elf:3    | Identified a +0 rapier
 70427 | Elf:3    | Identified a +0 leather armour
 70490 | Elf:3    | Identified a +0 long sword
 70490 | Elf:3    | Identified a +0 ring mail
 70504 | Elf:3    | Identified a +0 long sword
 70504 | Elf:3    | Identified a +0 ring mail
 70530 | Elf:3    | Identified the Guide on the Blistering Compass
 70565 | Elf:3    | Identified a +0 long sword
 70565 | Elf:3    | Identified a +0 leather armour
 70575 | Elf:3    | Reached XP level 25. HP: 168/168 MP: 32/32
 70583 | Elf:3    | Identified the +0 ring mail "Zonont" {Slay+4 Stlth+} (You
                  | found it on level 3 of the Elven Halls)
 70595 | Elf:3    | Identified a scarf of resistance (You found it on level 3
                  | of the Elven Halls)
 70888 | Depths:1 | Bought the ring of Phasing {EV+8} for 1920 gold pieces
 70888 | Depths:1 | Found the ring of Phasing {EV+8}
 71030 | Depths:3 | Killed a lich
 71227 | Depths:3 | Reached skill level 1 in Long Blades
 71259 | Depths:3 | Identified +0 ice dragon scales
 71451 | Depths:4 | Identified a +3 arbalest
 71451 | Depths:4 | Identified a +0 arbalest
 71451 | Depths:4 | Identified a +0 arbalest
 71451 | Depths:4 | Identified a +0 arbalest
 71451 | Depths:4 | Identified a +0 arbalest
 71578 | Depths:4 | Reached skill level 2 in Long Blades
 71800 | Depths:4 | Identified a +0 long sword
 71800 | Depths:4 | Identified a +0 leather armour
 71832 | Depths:4 | Learned a level 2 spell: Swiftness
 71892 | Depths:4 | Identified a +0 dagger
 71892 | Depths:4 | Identified a +0 robe
 71971 | Depths:4 | Found a corrupted altar of Lugonu.
 72010 | Depths:4 | Identified +0 fire dragon scales
 72010 | Depths:4 | Reached skill level 3 in Long Blades
 72119 | Depths:4 | Found a one-way gate to the infinite horrors of the Abyss.
 72379 | Depths:4 | Identified a +0 demon blade of venom (You found it on level
                  | 4 of the Depths)
 72466 | Depths:4 | Identified a +0 dire flail
 72466 | Depths:4 | Identified a +1 dire flail of venom
 72500 | Depths:4 | Identified a +1 whip of holy wrath
 72500 | Depths:4 | Identified a +0 robe
 72660 | Depths:4 | Found a glowing golden altar of the Shining One.
 72868 | Depths:5 | Entered Level 5 of the Depths
 72868 | Depths:5 | Found a gateway to a ziggurat.
 72884 | Depths:5 | Paralysed by a floating eye for 3 turns
 72895 | Depths:5 | Paralysed by a floating eye for 4 turns
 72921 | Depths:5 | Paralysed by a floating eye for 4 turns
 73030 | Depths:5 | Identified a +2 antimagic quarterstaff
 73030 | Depths:5 | Identified a +0 animal skin
 73034 | Depths:5 | Identified a +5 battleaxe of freezing
 73068 | Depths:5 | Identified a +0 rapier
 73069 | Depths:5 | Noticed a juggernaut
 73115 | Depths:5 | Killed a juggernaut
 73115 | Depths:5 | Reached skill level 4 in Long Blades
 73150 | Depths:5 | Received a gift from Okawaru
 73210 | Depths:5 | Identified the ring "Loxkasy" {rPois Dex+3 Stlth-} (You
                  | found it on level 5 of the Depths)
 73378 | Depths:5 | Identified a +0 trident
 73378 | Depths:5 | Identified a +0 leather armour
 73440 | Depths:5 | Reached skill level 5 in Long Blades
 73464 | Depths:5 | Received a gift from Okawaru
 73466 | Depths:5 | Identified a +0 spear
 73466 | Depths:5 | Identified a +0 buckler
 73470 | Depths:5 | Identified a +0 quarterstaff
 73470 | Depths:5 | Identified a +0 animal skin
 73471 | Depths:5 | Identified a +0 war axe
 73472 | Depths:5 | Identified a +0 war axe
 73472 | Depths:5 | Identified a +0 animal skin
 73707 | Depths:5 | Identified a +0 arbalest
 73707 | Depths:5 | Identified a +0 arbalest
 73743 | Depths:5 | Identified a +0 arbalest
 73744 | Depths:5 | Identified a +0 arbalest
 73804 | Depths:5 | Identified a cursed -3 battleaxe
 73835 | Depths:5 | Identified a +0 halberd
 73873 | Depths:5 | Identified a +4 great sword of flaming
 74116 | Depths:5 | Identified a +0 scimitar
 74334 | Depths:5 | Identified +0 gold dragon scales
 74334 | Depths:5 | Reached skill level 14 in Fighting
 74334 | Depths:5 | Reached skill level 6 in Long Blades
 74806 | Elf:3    | Noticed an entropy weaver
 74806 | Elf:3    | a white draconian changed into an entropy weaver
 74808 | Elf:3    | an entropy weaver changed into a spark wasp
 74809 | Elf:3    | Killed grandjackal's ghost
 74829 | Elf:3    | Got a pair of fine boots
 74840 | Elf:3    | Identified the +0 pair of boots of Ostruepa {-Tele rC+
                  | Str+2 Int+4} (You found it on level 3 of the Elven Halls)
 75306 | Hell     | Entered the Vestibule of Hell
 75306 | Hell     | Noticed Geryon
 75307 | Hell     | Identified a +0 trident
 75310 | Hell     | Identified a +1 morningstar of freezing
 75311 | Hell     | Identified a +0 short sword
 75312 | Hell     | Identified a +0 halberd
 75340 | Hell     | Identified a +0 mace
 75340 | Hell     | Identified a +0 dire flail
 75340 | Hell     | Identified a +0 battleaxe
 75361 | Depths:2 | Received a gift from Okawaru
 75491 | Hell     | Identified a +1 demon whip of draining
 75696 | Hell     | Killed Geryon
 75696 | Hell     | Reached skill level 7 in Long Blades
 75725 | Hell     | Found a gateway to the ashen valley of Gehenna.
 75726 | Hell     | Identified a +0 mace
 75737 | Hell     | Received a gift from Okawaru
 75771 | Hell     | Identified a +0 dire flail of crushing
 75775 | Hell     | Identified a +0 lajatang
 75810 | Hell     | Identified a +1 dagger of speed
 75810 | Hell     | Identified a +0 robe
 76015 | Depths:5 | Identified a +0 short sword
 76015 | Depths:5 | Identified a +0 trident
 76015 | Depths:5 | Identified a +0 arbalest
 76054 | Depths:5 | Identified a +0 glaive
 76055 | Depths:5 | Identified a +4 short sword
 76116 | Depths:5 | Identified a +0 long sword
 76116 | Depths:5 | Identified a +0 cloak
 76126 | Depths:5 | Identified a +0 long sword
 76126 | Depths:5 | Identified a +0 cloak
 76209 | Depths:5 | Found a gate to the Realm of Zot.
 76226 | Depths:5 | Identified +0 fire dragon scales
 76339 | Depths:5 | Noticed a juggernaut
 76362 | Depths:5 | Killed a juggernaut
 76362 | Depths:5 | Received a gift from Okawaru
 76368 | Depths:5 | Got a warped ring mail {god gift}
 76379 | Depths:5 | Identified the +3 ring mail of Ufeynos {rF- Str+7 SInv}
                  | (Okawaru gifted it to you on level 5 of the Depths)
 77380 | Elf:2    | Bought a scroll of enchant armour for 97 gold pieces
 77434 | Elf:3    | Bought a scroll of enchant armour for 135 gold pieces
 78468 | Vaults:4 | Identified a +0 robe
 78468 | Vaults:4 | Identified a +0 giant club
 78470 | Vaults:4 | Identified a +0 giant spiked club
 78471 | Vaults:4 | Identified a +0 giant club
 78471 | Vaults:4 | Identified a +0 giant spiked club
 78486 | Vaults:4 | Reached skill level 8 in Long Blades
 78519 | Vaults:4 | Identified a +0 giant club
 78540 | Vaults:4 | Reached XP level 26. HP: 171/178 MP: 32/32
 78695 | Vaults:4 | Identified a cursed -1 battleaxe
 78695 | Vaults:4 | Identified a +0 plate armour
 78695 | Vaults:4 | Identified a +0 halberd of pain
 78695 | Vaults:4 | Identified a +0 plate armour
 78696 | Vaults:4 | Identified a +0 club
 78696 | Vaults:4 | Identified a +0 leather armour
 78696 | Vaults:4 | Identified a +0 hand axe
 78722 | Vaults:4 | Reached skill level 17 in Armour
 78801 | Vaults:4 | Noticed ddubois's illusion
 78813 | Vaults:4 | Identified a +0 long sword of freezing
 78813 | Vaults:4 | Identified a +0 shortbow
 78813 | Vaults:4 | Identified a +0 ring mail
 78826 | Vaults:4 | Killed Mara
 78900 | Vaults:4 | Identified a +2 dagger of speed
 78900 | Vaults:4 | Identified a +0 arbalest
 78902 | Vaults:4 | Identified a +0 arbalest
 78903 | Vaults:4 | Identified a +0 arbalest
 78903 | Vaults:4 | Identified a +0 arbalest
 78904 | Vaults:4 | Identified a +0 arbalest
 78977 | Vaults:4 | Identified a +0 falchion
 78977 | Vaults:4 | Identified a +0 scale mail
 79102 | Vaults:4 | Identified a +0 long sword
 79102 | Vaults:4 | Identified a +0 plate armour
 79102 | Vaults:4 | Identified a +0 long sword
 79102 | Vaults:4 | Identified a +0 plate armour
 79103 | Vaults:4 | Identified a +0 great sword
 79103 | Vaults:4 | Identified a +0 plate armour
 79108 | Vaults:4 | Identified a +0 great mace
 79108 | Vaults:4 | Identified a +0 ring mail
 79236 | Vaults:4 | Identified a cursed +0 robe
 79236 | Vaults:4 | Identified a +0 spear
 79236 | Vaults:4 | Identified a +0 robe
 79236 | Vaults:4 | Identified a +0 arbalest
 79258 | Vaults:4 | HP: 44/179 [ogre mage/bolt of fire (6)]
 79352 | Vaults:4 | Identified a +0 war axe
 79352 | Vaults:4 | Identified a +0 plate armour
 79352 | Vaults:4 | Identified a +0 leather armour
 79352 | Vaults:4 | Identified a +0 club
 79352 | Vaults:4 | Identified a +0 leather armour
 79352 | Vaults:4 | Identified a +0 short sword
 79352 | Vaults:4 | Identified a +0 dire flail
 79352 | Vaults:4 | Identified a +0 plate armour
 79484 | Vaults:4 | Identified a +0 flail
 79484 | Vaults:4 | Identified a +0 leather armour
 79488 | Vaults:4 | Identified a +0 dire flail
 79488 | Vaults:4 | Identified a +0 chain mail
 79503 | Vaults:4 | Identified a +0 giant spiked club
 79503 | Vaults:4 | Identified a +0 dagger of speed
 79505 | Vaults:4 | Identified a +0 battleaxe
 79505 | Vaults:4 | Identified a +0 plate armour
 79833 | Vaults:5 | Entered Level 5 of the Vaults
 79833 | Vaults:5 | Identified a scroll of holy word
 79833 | Vaults:5 | Identified a +0 dire flail
 79833 | Vaults:5 | Identified a +0 chain mail
 79833 | Vaults:5 | Identified a cursed -3 war axe
 79833 | Vaults:5 | Identified a +0 chain mail
 79833 | Vaults:5 | Identified a +0 long sword
 79833 | Vaults:5 | Identified a +0 chain mail
 79833 | Vaults:5 | Identified a +0 shield
 79833 | Vaults:5 | Identified a +3 war axe
 79833 | Vaults:5 | Identified a +0 chain mail
 79833 | Vaults:5 | Identified a +3 long sword of electrocution
 79833 | Vaults:5 | Identified a +0 plate armour
 79833 | Vaults:5 | Identified a +0 large shield
 79833 | Vaults:5 | Identified a +0 long sword
 79833 | Vaults:5 | Identified a +0 chain mail
 79833 | Vaults:5 | Identified a cursed -1 battleaxe
 79833 | Vaults:5 | Identified a +0 plate armour
 79833 | Vaults:5 | Identified a +0 great sword
 79833 | Vaults:5 | Identified a +0 chain mail
 79833 | Vaults:5 | Identified a +1 war axe
 79833 | Vaults:5 | Identified a +0 plate armour
 79833 | Vaults:5 | Identified a +2 shield
 79833 | Vaults:5 | Identified a +0 great sword
 79833 | Vaults:5 | Identified a +0 plate armour
 79833 | Vaults:5 | Identified a +0 dire flail
 79833 | Vaults:5 | Identified a +0 chain mail
 79833 | Vaults:5 | Identified a +0 great mace
 79833 | Vaults:5 | Identified a +0 plate armour
 79833 | Vaults:5 | Identified a +0 war axe
 79833 | Vaults:5 | Identified a +0 chain mail
 79833 | Vaults:5 | Identified a +0 shield
 79833 | Vaults:5 | Identified a +0 halberd
 79833 | Vaults:5 | Identified a +0 chain mail
 79833 | Vaults:5 | Identified a cursed +0 great mace
 79833 | Vaults:5 | Identified a +0 chain mail
 79833 | Vaults:5 | Identified a +0 war axe
 79833 | Vaults:5 | Identified a +0 plate armour
 79833 | Vaults:5 | Identified a +1 shield of protection
 79833 | Vaults:5 | Identified a +0 dire flail
 79833 | Vaults:5 | Identified a cursed +0 plate armour
 79833 | Vaults:5 | Identified a +0 war axe
 79833 | Vaults:5 | Identified a +0 plate armour of cold resistance
 79833 | Vaults:5 | Identified a +0 war axe
 79833 | Vaults:5 | Identified a +0 plate armour
 79833 | Vaults:5 | Identified a +2 great mace of protection
 79833 | Vaults:5 | Identified a +0 plate armour
 79833 | Vaults:5 | Identified a +0 great sword
 79833 | Vaults:5 | Identified a +0 chain mail
 79833 | Vaults:5 | Identified a +0 dire flail
 79833 | Vaults:5 | Identified a +0 plate armour
 79833 | Vaults:5 | Identified a +0 great mace
 79833 | Vaults:5 | Identified a +0 plate armour
 79833 | Vaults:5 | Identified a +0 halberd
 79833 | Vaults:5 | Identified a +0 plate armour
 79874 | Vaults:4 | Reached skill level 9 in Long Blades
 79898 | Vaults:5 | Identified a +0 dagger
 79950 | Vaults:4 | Reached skill level 19 in Dodging
 80045 | Vaults:5 | Identified a +1 battleaxe
 80045 | Vaults:5 | Identified a cursed +0 plate armour
 80046 | Vaults:5 | Identified a +0 dire flail
 80046 | Vaults:5 | Identified a +0 ring mail
 80104 | Vaults:4 | Received a gift from Okawaru
 80107 | Vaults:4 | Got a faintly humming ring mail {god gift}
 80120 | Vaults:4 | Identified the +0 ring mail "Elipnefots" {rC+ SInv Stlth+}
                  | (Okawaru gifted it to you on level 4 of the Vaults)
 80248 | Vaults:5 | Identified a +0 dire flail
 80248 | Vaults:5 | Identified a +0 chain mail
 80248 | Vaults:5 | Identified a +0 club
 80248 | Vaults:5 | Identified a +0 leather armour
 80248 | Vaults:5 | Identified a +0 dire flail
 80248 | Vaults:5 | Identified a +0 great mace
 80296 | Vaults:5 | Identified a +0 club
 80331 | Vaults:5 | Identified a +3 long sword of freezing
 80331 | Vaults:5 | Identified a +0 leather armour
 80333 | Vaults:5 | Identified a +0 arbalest
 80488 | Vaults:5 | Identified a +0 arbalest
 80514 | Vaults:5 | Identified a +0 arbalest
 80531 | Vaults:5 | Identified a +0 leather armour
 80541 | Vaults:4 | Reached skill level 11 in Stealth
 80597 | Vaults:4 | Identified +0 shadow dragon scales
 80671 | Vaults:5 | Identified a +0 battleaxe of freezing
 80718 | Vaults:5 | Identified a +0 scimitar
 80718 | Vaults:5 | Identified a +0 shortbow
 80718 | Vaults:5 | Identified a +3 scale mail
 80733 | Vaults:5 | Reached skill level 10 in Long Blades
 80748 | Vaults:4 | Learned a level 4 spell: Animate Dead
 80869 | Vaults:5 | Identified a +0 falchion of holy wrath
 80869 | Vaults:5 | Identified a +0 arbalest
 80869 | Vaults:5 | Identified a +2 scale mail of cold resistance
 80892 | Vaults:5 | Identified a +0 mace
 80892 | Vaults:5 | Identified a +0 leather armour
 80893 | Vaults:5 | Identified a +0 falchion
 80893 | Vaults:5 | Identified a +0 arbalest
 80893 | Vaults:5 | Identified a +0 ring mail
 80894 | Vaults:5 | Identified a +0 battleaxe
 80894 | Vaults:5 | Identified a +0 plate armour
 80900 | Vaults:5 | Identified a +0 long sword
 80900 | Vaults:5 | Identified a +0 scale mail
 80900 | Vaults:5 | Identified a +0 buckler
 80946 | Vaults:5 | Identified a +3 short sword
 80946 | Vaults:5 | Identified a +0 shortbow
 80946 | Vaults:5 | Identified a +0 leather armour
 80946 | Vaults:5 | Identified a +0 giant club
 80947 | Vaults:5 | Identified a +0 troll leather armour
 80947 | Vaults:5 | Identified a +0 battleaxe of freezing
 80949 | Vaults:5 | Identified a +0 arbalest
 80949 | Vaults:5 | Identified a +0 flail
 80949 | Vaults:5 | Identified a +0 robe
 80949 | Vaults:5 | Identified a +0 giant spiked club
 80949 | Vaults:5 | Identified a +0 giant club
 80949 | Vaults:5 | Identified a +0 giant spiked club
 80949 | Vaults:5 | Identified a +0 giant spiked club
 80949 | Vaults:5 | Identified a +0 dire flail
 80949 | Vaults:5 | Identified a +0 giant club
 80949 | Vaults:5 | Identified a +0 giant spiked club
 80949 | Vaults:5 | Identified a cursed -3 giant club
 80949 | Vaults:5 | Identified a +0 dire flail
 80949 | Vaults:5 | Identified a +0 giant club
 80949 | Vaults:5 | Identified a +0 giant spiked club
 80949 | Vaults:5 | Identified a +0 dire flail
 80949 | Vaults:5 | Identified a +0 war axe
 80949 | Vaults:5 | Identified a +0 plate armour
 80949 | Vaults:5 | Identified a +0 battleaxe of electrocution
 80949 | Vaults:5 | Identified a +0 plate armour
 80949 | Vaults:5 | Identified a +0 dagger
 80949 | Vaults:5 | Identified a +0 robe
 80949 | Vaults:5 | Identified a +0 flail
 80949 | Vaults:5 | Identified a +0 plate armour
 80950 | Vaults:5 | Identified a +2 robe of cold resistance
 80950 | Vaults:5 | Noticed Boris
 80951 | Vaults:5 | Identified a +0 club
 80953 | Vaults:5 | Identified a +0 war axe
 80953 | Vaults:5 | Identified a +0 ring mail
 80955 | Vaults:5 | Identified a +0 dagger
 80955 | Vaults:5 | Identified a cursed +0 leather armour
 80955 | Vaults:5 | Identified a cursed +0 club
 80955 | Vaults:5 | Identified a +0 ring mail
 80957 | Vaults:5 | Identified a cursed -1 short sword
 80957 | Vaults:5 | Noticed a deep elf demonologist
 80958 | Vaults:5 | Identified a +0 short sword
 80958 | Vaults:5 | Identified a +0 trident
 80958 | Vaults:5 | Identified a +0 chain mail
 80968 | Vaults:5 | Identified a +2 scythe of venom
 80981 | Vaults:4 | meem: I am meem, an upgrade of beem built by MalcolmRose
                  | (check out Malcolm's DCSS vids and other projects at
                  | http://youtube.com/malcolmrosegaming). To have me follow
                  | you in your games, type !subscribemeem - to make me go away
                  | forever, type !quitmeem - For help, type: !meem
 81032 | Vaults:4 | Killed Boris
 81148 | Vaults:5 | Identified a +0 flail
 81148 | Vaults:5 | Identified a +0 ring mail
 81148 | Vaults:5 | Identified a +0 war axe
 81148 | Vaults:5 | Identified a +0 chain mail
 81181 | Vaults:5 | Identified a +0 dagger
 81208 | Vaults:4 | Received a gift from Okawaru
 81237 | Vaults:5 | Identified a +0 hand axe
 81238 | Vaults:5 | Identified a +0 halberd
 81238 | Vaults:5 | Noticed a deep elf sorcerer
 81240 | Vaults:5 | Identified a +0 great mace
 81240 | Vaults:5 | Identified a +3 leather armour
 81270 | Vaults:5 | Noticed an ancient lich
 81272 | Vaults:5 | Identified a +0 dagger
 81272 | Vaults:5 | Identified a +2 robe of magic resistance
 81273 | Vaults:5 | Identified a +0 arbalest
 81274 | Vaults:5 | Identified a +0 dire flail
 81274 | Vaults:5 | Identified a +0 dire flail
 81275 | Vaults:5 | Identified a +0 glaive
 81275 | Vaults:5 | Identified a +0 chain mail
 81275 | Vaults:5 | Identified a cursed -3 great mace
 81275 | Vaults:5 | Identified a +0 arbalest
 81275 | Vaults:5 | Identified a +0 plate armour
 81275 | Vaults:5 | Identified a cursed -2 ring of protection
 81275 | Vaults:5 | Identified a +0 dagger
 81275 | Vaults:5 | Identified a +0 robe
 81276 | Vaults:5 | Identified a cursed -2 trident
 81276 | Vaults:5 | Identified a +0 scale mail
 81276 | Vaults:5 | Identified a +0 giant club
 81276 | Vaults:5 | Identified a +0 giant club
 81277 | Vaults:5 | Identified a +0 dire flail
 81277 | Vaults:5 | Identified a +0 dire flail
 81336 | Vaults:5 | Identified a +2 war axe of flaming
 81336 | Vaults:5 | Identified a +0 chain mail
 81336 | Vaults:5 | Identified a +0 arbalest
 81336 | Vaults:5 | Identified a +0 arbalest
 81336 | Vaults:5 | Identified a +0 arbalest
 81336 | Vaults:5 | Identified a +0 arbalest
 81336 | Vaults:5 | Killed a deep elf demonologist
 81378 | Vaults:5 | Identified +0 ice dragon scales
 81396 | Vaults:5 | Identified a +0 great sword
 81396 | Vaults:5 | Identified a +0 chain mail
 81400 | Vaults:5 | Identified a +1 morningstar of draining
 81447 | Vaults:5 | Identified a +0 arbalest
 81447 | Vaults:5 | Identified a +0 arbalest
 81448 | Vaults:5 | Identified a +0 arbalest
 81451 | Vaults:5 | Identified a +0 great mace
 81451 | Vaults:5 | Identified a +0 dire flail
 81470 | Vaults:5 | Identified a +0 arbalest
 81520 | Vaults:5 | Identified a +0 leather armour
 81529 | Vaults:5 | Identified a +0 great sword
 81529 | Vaults:5 | Identified a +0 plate armour
 81529 | Vaults:5 | Identified a +0 dagger
 81529 | Vaults:5 | Identified a +0 robe
 81530 | Vaults:5 | Identified a +0 morningstar
 81530 | Vaults:5 | Identified a +0 leather armour
 81563 | Vaults:5 | Identified a +0 dire flail
 81563 | Vaults:5 | Identified a cursed +0 chain mail
 81606 | Vaults:5 | Identified a +0 great sword
 81606 | Vaults:5 | Identified a +2 ring mail of fire resistance
 81636 | Vaults:5 | Identified a +0 great mace
 81636 | Vaults:5 | Identified a +0 ring mail
 81651 | Vaults:5 | Identified a +0 troll leather armour
 81668 | Vaults:5 | Got a crude helmet
 81679 | Vaults:5 | Identified the +0 helmet of Perpetual Drought {rN+} (You
                  | found it on level 5 of the Vaults)
 81751 | Vaults:5 | Identified a cursed -1 robe
 81804 | Vaults:5 | Identified a +0 giant club
 81804 | Vaults:5 | Identified a +0 giant club
 81811 | Vaults:5 | Identified a +0 giant club
 81811 | Vaults:5 | Identified a +0 dire flail
 81817 | Vaults:5 | Reached skill level 11 in Long Blades
 81827 | Vaults:5 | Identified a +0 leather armour
 81838 | Vaults:5 | Identified +0 shadow dragon scales
 81846 | Vaults:5 | Reached XP level 27. HP: 182/185 MP: 32/32
 81853 | Vaults:5 | Killed a deep elf sorcerer
 81859 | Vaults:5 | Identified a +0 long sword
 81859 | Vaults:5 | Identified a +0 robe
 81937 | Vaults:5 | Received a gift from Okawaru
 81940 | Vaults:5 | Got heavily runed steam dragon scales {god gift}
 81954 | Vaults:4 | Identified the +2 steam dragon scales "Opaolac" {+Blink
                  | MR++} (Okawaru gifted it to you on level 5 of the Vaults)
 81986 | Vaults:5 | Identified a +0 robe
 81990 | Vaults:5 | Identified a +0 giant spiked club
 81999 | Vaults:5 | Identified a +0 giant club
 81999 | Vaults:5 | Identified a +0 giant spiked club
 82028 | Vaults:5 | Identified a +0 giant club
 82082 | Vaults:5 | Got a silver rune of Zot
 82085 | Vaults:5 | Identified a +0 arbalest
 82160 | Vaults:5 | Identified a cursed -3 giant club
 82199 | Vaults:5 | Reached skill level 15 in Fighting
 82263 | Vaults:5 | Identified a +1 war axe of chopping
 82263 | Vaults:5 | Identified a +0 scale mail
 82274 | Vaults:5 | Reached skill level 12 in Stealth
 82308 | Vaults:5 | Identified a +3 dire flail
 82308 | Vaults:5 | Identified a +0 scale mail
 82582 | Vaults:5 | Identified a +0 arbalest
 82584 | Vaults:5 | Identified a +0 dagger
 82584 | Vaults:5 | Identified a +0 arbalest
 82591 | Vaults:5 | Identified a +0 arbalest
 82596 | Vaults:5 | Identified a +0 arbalest
 82650 | Vaults:5 | Identified a +0 hand axe
 82650 | Vaults:5 | Identified a +0 chain mail
 82653 | Vaults:5 | Identified a +0 arbalest
 82659 | Vaults:5 | Identified a +3 halberd
 82659 | Vaults:5 | Identified a +0 hand crossbow of freezing
 82659 | Vaults:5 | Identified a +3 chain mail of fire resistance
 82660 | Vaults:5 | Identified a +0 morningstar
 82660 | Vaults:5 | Identified a +0 leather armour
 82971 | Vaults:5 | Got a transparent golden ring
 82973 | Vaults:5 | Identified the ring of Qaotwysu {Wiz Str+5 Dex-2} (You
                  | found it on level 5 of the Vaults)
 83025 | Vaults:5 | Identified a +0 battleaxe
 83025 | Vaults:5 | Identified a +0 chain mail
 83046 | Vaults:5 | Identified a cursed -3 arbalest
 83047 | Vaults:5 | Identified a +0 great sword
 83047 | Vaults:5 | Identified a +0 hand crossbow
 83047 | Vaults:5 | Identified a +3 plate armour of cold resistance
 83048 | Vaults:5 | Identified a +0 dire flail
 83048 | Vaults:5 | Identified a +1 chain mail of cold resistance
 83048 | Vaults:5 | Identified the amulet of Xearuof {Gourm rF+ rN+ Str+5
                  | Dex-4}
 83048 | Vaults:5 | Identified a +0 flail
 83048 | Vaults:5 | Identified a +0 chain mail
 83049 | Vaults:5 | Identified a +5 executioner's axe of freezing
 83049 | Vaults:5 | Identified a +1 arbalest of flaming
 83049 | Vaults:5 | Identified a +0 chain mail
 83050 | Vaults:5 | Identified a +0 dire flail
 83050 | Vaults:5 | Identified a +0 dire flail
 83050 | Vaults:5 | Identified a +0 dire flail
 83050 | Vaults:5 | Identified a +0 dire flail
 83050 | Vaults:5 | Identified a +0 arbalest
 83050 | Vaults:5 | Identified a +0 robe
 83060 | Vaults:5 | Identified a +0 great mace
 83060 | Vaults:5 | Identified a +1 ring mail of positive energy
 83187 | Vaults:5 | Identified the +10 dire flail "Ilaedo" {flame, Int+2 Dex+6}
 83187 | Vaults:5 | Identified a +0 scale mail
 83187 | Vaults:5 | Noticed a deep elf demonologist
 83189 | Vaults:5 | Noticed an Ice Fiend
 83197 | Vaults:5 | Killed a deep elf demonologist
 83252 | Vaults:5 | Identified a +0 morningstar
 83252 | Vaults:5 | Identified a +0 arbalest
 83252 | Vaults:5 | Identified a +0 ring mail
 83356 | Vaults:5 | Identified a +0 war axe
 83356 | Vaults:5 | Identified a +0 chain mail
 83356 | Vaults:5 | Identified a +2 shield of reflection
 83356 | Vaults:5 | Identified a +1 vampiric great sword
 83356 | Vaults:5 | Identified a +0 plate armour
 83356 | Vaults:5 | Identified a +0 dagger
 83356 | Vaults:5 | Identified a +0 dire flail
 83356 | Vaults:5 | Identified a +0 dire flail
 83453 | Vaults:5 | Identified a +0 bardiche
 83453 | Vaults:5 | Identified a +0 scale mail
 83456 | Vaults:5 | Identified a +2 short sword of draining
 83456 | Vaults:5 | Identified a +3 glaive of flaming
 83456 | Vaults:5 | Identified a +0 ring mail
 83752 | Vaults:5 | Killed an ancient lich
 83752 | Vaults:5 | Reached skill level 12 in Long Blades
 83752 | Vaults:5 | Reached skill level 18 in Armour
 84018 | Vaults:4 | Upgraded the game from 0.24-a0-25-g8489be9 to
                  | 0.24-a0-36-gf1fd2d0
 84524 | Slime:1  | Entered Level 1 of the Pits of Slime
 84915 | Slime:1  | Received a gift from Okawaru
 85161 | Slime:5  | Entered Level 5 of the Pits of Slime
 85175 | Slime:5  | Received a gift from Okawaru
 85518 | Slime:4  | Received a gift from Okawaru
 85521 | Slime:4  | Identified the +1 pearl dragon scales of the Present {+Inv
                  | rN+} (Okawaru gifted it to you on level 4 of the Pits of
                  | Slime)
 86103 | Slime:5  | Noticed the Royal Jelly
 86250 | Slime:5  | Found a viscous altar of Jiyva.
 86318 | Slime:5  | Reached skill level 13 in Stealth
 86663 | Slime:5  | Killed the Royal Jelly
 86663 | Slime:5  | Reached skill level 13 in Long Blades
 86663 | Slime:5  | Reached skill level 20 in Dodging
 86693 | Slime:5  | HP: 45/187 [acid[the Royal Jelly] (4)]
 86847 | Slime:4  | HP: 36/187 [acid blob[the Royal Jelly] (23)]
 87255 | Slime:5  | Found the cursed +14 obsidian axe {chop, +Fly SInv *Curse}
 87385 | Slime:5  | Got a bloodstained scimitar
 87386 | Slime:5  | Identified the +11 scimitar of Aptonlav {chaos, rF- Dex+5
                  | SInv} (You found it on level 5 of the Pits of Slime)
 87394 | Slime:5  | Got a steaming wooden ring
 87396 | Slime:5  | Identified the ring "Serriy Soeh" {Wiz Dex+6 SInv} (You
                  | found it on level 5 of the Pits of Slime)
 87399 | Slime:5  | Identified Yjygg's Grimoire of Fiery Envenoming
 87445 | Slime:5  | Identified Wekack's Tome of Sinister Snow
 87451 | Slime:5  | Got a slimy rune of Zot
 87453 | Slime:5  | Identified the amulet of Bacoasos {rElec MR++ Regen+} (You
                  | found it on level 5 of the Pits of Slime)
 87496 | Slime:5  | Identified a ring of fire (You found it on level 5 of the
                  | Pits of Slime)
 87575 | Slime:5  | Identified a +6 fustibalus (You found it on level 5 of the
                  | Pits of Slime)
 89505 | Depths:3 | Bought a scroll of enchant armour for 165 gold pieces
 90288 | Depths:2 | Killed CanOfBees's ghost
 90379 | Depths:2 | Got a pair of slimy gloves
 90390 | Depths:2 | Identified the cursed -5 pair of gloves of Weirdness {rCorr
                  | Int+4} (You found it on level 2 of the Depths)
 90604 | Zot:1    | Entered Level 1 of the Realm of Zot
 90759 | Zot:1    | Identified a +0 whip
 90759 | Zot:1    | Identified a +0 cloak
 90761 | Zot:1    | Identified a +0 short sword
 90764 | Zot:1    | Identified a +0 hand axe
 90764 | Zot:1    | Identified a +0 scimitar
 90844 | Zot:1    | Identified +0 storm dragon scales
 90935 | Zot:1    | Received a gift from Okawaru
 91063 | Zot:1    | Identified a +0 long sword
 91063 | Zot:1    | Identified a +0 cloak
 91073 | Zot:1    | Identified a +3 trident
 91078 | Zot:1    | Identified a +3 trident
 91078 | Zot:1    | Identified a +0 short sword
 91078 | Zot:1    | Identified a +0 cloak
 91120 | Zot:1    | Received a gift from Okawaru
 91132 | Zot:1    | Identified a +0 dire flail
 91348 | Zot:1    | Received a gift from Okawaru
 91784 | Zot:1    | Identified a +0 cloak
 91786 | Zot:1    | Identified a +0 short sword
 91786 | Zot:1    | Identified a +0 cloak
 91786 | Zot:1    | Identified a +0 flail
 91786 | Zot:1    | Identified a +0 whip
 91786 | Zot:1    | Identified a +0 cloak
 91788 | Zot:1    | Identified a +0 trident
 91788 | Zot:1    | Identified a cursed -1 short sword
 91788 | Zot:1    | Noticed an orb of fire
 91789 | Zot:1    | Identified a +0 short sword
 91789 | Zot:1    | Identified a cursed -2 cloak
 91925 | Zot:2    | Identified a +0 scimitar
 91932 | Zot:2    | Reached skill level 16 in Fighting
 91933 | Zot:2    | Identified a +0 hand axe
 91981 | Zot:2    | Identified a +0 dire flail
 92021 | Zot:2    | Identified a +0 rapier
 92021 | Zot:2    | Identified a +0 cloak
 92023 | Zot:2    | Identified a +0 long sword
 92023 | Zot:2    | Identified a +0 cloak
 92023 | Zot:2    | Identified a +2 war axe of venom
 92024 | Zot:2    | Identified a +1 vampiric short sword
 92024 | Zot:2    | Identified a +0 glaive
 92024 | Zot:2    | Identified a +0 short sword
 92040 | Zot:2    | Received a gift from Okawaru
 92144 | Zot:2    | Got an iridescent flail {god gift}
 92302 | Zot:2    | Identified a +9 club of flaming
 92302 | Zot:2    | Noticed a Killer Klown
 92314 | Zot:2    | Killed a Killer Klown
 92314 | Zot:2    | Reached skill level 19 in Armour
 92466 | Zot:2    | Identified a +11 club
 92466 | Zot:2    | Noticed a Killer Klown
 92564 | Zot:2    | Identified +0 storm dragon scales
 92567 | Zot:2    | Identified a +0 long sword
 92583 | Zot:2    | Identified a +0 mace
 92586 | Zot:2    | Identified a +3 glaive of venom
 92586 | Zot:2    | Identified a +0 cloak
 92588 | Zot:2    | Identified a +0 short sword
 92592 | Zot:2    | Identified a +0 whip
 92592 | Zot:2    | Identified a +0 cloak of poison resistance
 92613 | Zot:2    | Identified a +0 hand axe
 92846 | Zot:2    | Identified a +0 scimitar
 92874 | Zot:2    | Identified a cursed -1 rapier
 92874 | Zot:2    | Identified a +0 cloak
 93191 | Zot:2    | Killed a Killer Klown
 93191 | Zot:2    | Received a gift from Okawaru
 93239 | Zot:2    | Identified a +0 flail
 93257 | Zot:2    | Upgraded the game from 0.24-a0-36-gf1fd2d0 to
                  | 0.24-a0-67-ga78bd38
 93286 | Zot:2    | Identified a +0 battleaxe
 93286 | Zot:2    | Identified a +0 battleaxe
 93402 | Zot:2    | Identified a +0 war axe
 93403 | Zot:2    | Identified a +2 glaive of freezing
 93444 | Zot:2    | Identified a +5 scimitar
 93444 | Zot:2    | Identified a +0 long sword
 93493 | Zot:2    | Identified +0 storm dragon scales
 93502 | Zot:2    | Identified a cursed -1 cloak
 93538 | Zot:2    | Identified a +0 cloak
 93541 | Zot:2    | Reached skill level 21 in Dodging
 93550 | Zot:2    | Identified a +0 battleaxe
 93582 | Zot:2    | Identified a +0 short sword
 93617 | Zot:2    | Identified a +0 long sword
 93618 | Zot:2    | Identified a +0 rapier
 93618 | Zot:2    | Identified a +0 cloak
 93752 | Zot:2    | Identified a +12 club of freezing
 93752 | Zot:2    | Noticed a Killer Klown
 93755 | Zot:2    | Identified a +2 rapier of electrocution
 93755 | Zot:2    | Identified a +0 cloak
 93781 | Zot:2    | Received a gift from Okawaru
 93786 | Zot:2    | Killed a Killer Klown
 93895 | Zot:2    | Identified a +0 rapier of electrocution (You found it on
                  | level 2 of the Realm of Zot)
 94157 | Zot:3    | Identified a +4 vampiric halberd
 94157 | Zot:3    | Identified a +0 short sword
 94162 | Zot:3    | Identified a +0 long sword
 94162 | Zot:3    | Identified a +2 cloak
 94165 | Zot:3    | Identified a +3 halberd of venom
 94165 | Zot:3    | Identified a +2 cloak
 94165 | Zot:3    | Identified a +0 hand axe
 94190 | Zot:3    | Identified a +1 battleaxe of freezing
 94190 | Zot:3    | Identified a +0 short sword
 94190 | Zot:3    | Identified a +0 cloak
 94190 | Zot:3    | Identified a +0 long sword
 94190 | Zot:3    | Identified a +0 whip
 94190 | Zot:3    | Identified a +0 cloak
 94305 | Zot:3    | Identified a +0 hand axe
 94416 | Zot:3    | Got a pair of shimmering boots
 94438 | Zot:2    | Identified the +1 pair of boots of Ohappor {rCorr MP+9
                  | Dex+4} (You found it on level 3 of the Realm of Zot)
 94461 | Zot:2    | meem: I am meem, an upgrade of beem built by MalcolmRose
                  | (check out Malcolm's DCSS vids and other projects at
                  | http://youtube.com/malcolmrosegaming). To have me follow
                  | you in your games, type !subscribemeem - to make me go away
                  | forever, type !quitmeem - For help, type: !meem
 94499 | Zot:3    | Identified a +0 dire flail
 94511 | Zot:3    | Identified a +0 long sword
 94511 | Zot:3    | Identified a +0 cloak
 94542 | Zot:3    | Identified a +0 broad axe
 94690 | Zot:3    | Reached skill level 17 in Fighting
 94699 | Zot:3    | Identified a +9 vampiric club
 94699 | Zot:3    | Noticed a Killer Klown
 94743 | Zot:3    | Killed a Killer Klown
 94780 | Zot:3    | Identified +0 shadow dragon scales
 94780 | Zot:3    | Reached skill level 20 in Armour
 94905 | Zot:3    | Identified a +0 scimitar
 94905 | Zot:3    | Identified a cursed -3 dire flail
 94907 | Zot:3    | Identified a cursed -2 flail
 94908 | Zot:3    | Identified a +0 trident
 94908 | Zot:3    | Identified a +0 trident
 94908 | Zot:3    | Identified a +0 scimitar
 94921 | Zot:3    | Identified a +0 whip
 94921 | Zot:3    | Identified a +0 cloak
 94924 | Zot:3    | Identified a +0 hand axe
 94932 | Zot:3    | Identified a +0 scimitar
 94934 | Zot:3    | Identified a +0 short sword
 94935 | Zot:3    | Identified a +0 battleaxe
 95047 | Zot:3    | Received a gift from Okawaru
 95051 | Zot:3    | Got an encrusted short sword {god gift}
 95204 | Zot:3    | Identified a +0 scimitar
 95353 | Zot:3    | Identified a +2 long sword of slicing
 95353 | Zot:3    | Identified a +0 cloak
 95354 | Zot:3    | Identified a +0 short sword
 95354 | Zot:3    | Identified a +0 cloak
 95356 | Zot:3    | Identified a +0 long sword of slicing
 95356 | Zot:3    | Identified a +0 cloak
 95356 | Zot:3    | Identified a +0 mace
 95360 | Zot:3    | Identified a +0 long sword
 95360 | Zot:3    | Identified a +0 cloak
 95696 | Zot:3    | Received a gift from Okawaru
 95699 | Zot:3    | Got a polished ring mail {god gift}
 95746 | Zot:2    | Identified the +0 ring mail "Gokang" {SInv} (Okawaru gifted
                  | it to you on level 3 of the Realm of Zot)
 95758 | Zot:2    | Identified the +3 short sword of Neibuf {freeze, Str+7
                  | Int+2} (Okawaru gifted it to you on level 3 of the Realm of
                  | Zot)
 96052 | Zot:3    | Identified +0 storm dragon scales
 96277 | Zot:4    | Identified a cursed +0 cloak
 96285 | Zot:4    | Identified a +0 dire flail
 96286 | Zot:4    | Identified a +0 cloak
 96294 | Zot:4    | Identified a +0 short sword
 96294 | Zot:4    | Identified a +0 cloak
 96303 | Zot:4    | Identified a +0 glaive
 96303 | Zot:4    | Identified a +0 short sword
 96303 | Zot:4    | Identified a +0 cloak
 96303 | Zot:4    | Identified a +0 long sword
 96303 | Zot:4    | Identified a +0 cloak
 96306 | Zot:4    | Identified a +0 scimitar
 96313 | Zot:4    | Identified a +6 dire flail of draining
 96313 | Zot:4    | Identified a +0 cloak
 96323 | Zot:4    | Identified a +0 trident
 96329 | Zot:4    | Identified a +0 rapier
 96329 | Zot:4    | Identified a +0 cloak
 96345 | Zot:4    | Identified a +2 glaive of protection
 96358 | Zot:4    | Identified +0 gold dragon scales
 96371 | Zot:4    | Reached skill level 22 in Dodging
 96382 | Zot:4    | HP: 47/194 [yellow draconian/+2 glaive of protection (9)]
 96680 | Zot:4    | Identified a +0 halberd
 96681 | Zot:4    | Identified a +0 short sword
 96683 | Zot:4    | Identified a +0 dire flail
 96684 | Zot:4    | Identified a +0 morningstar
 96684 | Zot:4    | Identified a +0 short sword
 96856 | Zot:4    | Noticed an orb of fire
 96865 | Zot:4    | Gained mutation: Your body sometimes deteriorates upon
                  | taking damage. [an orb of fire]
 96872 | Zot:4    | Identified a +0 flail
 96893 | Zot:4    | Identified a +0 morningstar
 96900 | Zot:4    | Killed an orb of fire
 97067 | Zot:3    | Lost mutation: You are dopey. (Int -2) [potion of mutation]
 97067 | Zot:3    | Lost mutation: Your body sometimes deteriorates upon taking
                  | damage. [potion of mutation]
 97273 | Zot:4    | Identified a +0 hand axe
 97273 | Zot:4    | Identified a +0 glaive
 97273 | Zot:4    | Identified a +0 long sword
 97273 | Zot:4    | Identified a +0 cloak
 97273 | Zot:4    | Identified a +0 flail
 97273 | Zot:4    | Identified a +0 hand axe
 97295 | Zot:3    | Identified +0 gold dragon scales
 97363 | Zot:3    | Reached skill level 18 in Fighting
 97363 | Zot:3    | Reached skill level 21 in Armour
 97368 | Zot:3    | Received a gift from Okawaru
 97422 | Zot:4    | Got a twisted scimitar
 97429 | Zot:3    | Identified the cursed +1 scimitar "Arbiter" {slice, MR-
                  | Str+5 Dex+4} (You found it on level 4 of the Realm of Zot)
 97500 | Zot:4    | Identified +0 shadow dragon scales
 98271 | Zot:5    | Entered Level 5 of the Realm of Zot
 98278 | Zot:5    | Received a gift from Okawaru
 98291 | Zot:5    | Found a runed translucent door.
 98297 | Zot:5    | Noticed grandjackal's ghost (legendary DsGl)
 98367 | Zot:5    | Noticed an orb of fire
 98368 | Zot:5    | Identified a cursed -3 dire flail
 98368 | Zot:5    | Identified a +9 antimagic club
 98368 | Zot:5    | Noticed a Killer Klown
 98368 | Zot:5    | Identified a +9 club of electrocution
 98368 | Zot:5    | Noticed a Killer Klown
 98368 | Zot:5    | Noticed an ancient lich
 98368 | Zot:5    | Noticed an ancient lich
 98368 | Zot:5    | Identified a +0 dire flail
 98375 | Zot:5    | Identified a +0 short sword
 98375 | Zot:5    | Noticed an orb of fire
 98376 | Zot:5    | Identified a +0 short sword
 98587 | Zot:5    | Identified a +0 whip
 98587 | Zot:5    | Identified a +0 cloak
 98588 | Zot:5    | Identified a +0 cloak
 98605 | Zot:5    | Identified a +0 glaive
 98847 | Zot:5    | Identified +0 shadow dragon scales
 98876 | Zot:5    | Identified a +1 war axe of freezing
 98905 | Zot:5    | Identified a +1 pair of boots (You found it on level 5 of
                  | the Realm of Zot)
 99104 | Zot:5    | Gained mutation: Your body sometimes deteriorates upon
                  | taking damage. [an orb of fire]
 99122 | Zot:5    | Killed an orb of fire
 99122 | Zot:5    | Received a gift from Okawaru
 99217 | Zot:5    | Killed an orb of fire
 99217 | Zot:5    | Received a gift from Okawaru
 99235 | Zot:5    | Cast into level 5 of the Abyss (an ancient lich)
 99235 | Abyss:5  | Entered Level 5 of the Abyss
 99242 | Abyss:5  | Found a corrupted altar of Lugonu.
 99404 | Abyss:5  | Noticed an ancient lich
 99431 | Abyss:5  | Killed an ancient lich
 99522 | Zot:5    | Escaped the Abyss
 99545 | Zot:5    | Killed an ancient lich
 99545 | Zot:5    | Received a gift from Okawaru
 99545 | Zot:5    | Reached skill level 22 in Armour
 99552 | Zot:5    | Reached skill level 19 in Fighting
 99628 | Zot:4    | Identified a ring of protection from fire (You found it on
                  | level 5 of the Abyss)
 99754 | Zot:5    | Identified a +0 hand axe
 99782 | Zot:5    | Identified a +0 scimitar
 99782 | Zot:5    | Identified a +0 cloak
 99782 | Zot:5    | Identified a +0 short sword
 99782 | Zot:5    | Identified a +0 cloak
 99783 | Zot:5    | Identified a +0 mace
 99812 | Zot:5    | Identified a +0 flail
 99816 | Zot:5    | Identified a +0 war axe
 99824 | Zot:5    | Identified a +2 battleaxe of chopping
 99824 | Zot:5    | Identified a +0 cloak
 99933 | Zot:5    | Identified a +0 hand axe
 99960 | Zot:5    | Got an ichor-stained scimitar {god gift}
 99966 | Zot:5    | Noticed an ancient lich
100032 | Zot:5    | Identified a +2 demon whip of freezing
100048 | Zot:5    | Killed an ancient lich
100048 | Zot:5    | Received a gift from Okawaru
100259 | Zot:5    | Killed a Killer Klown
100297 | Zot:5    | Received a gift from Okawaru
100327 | Zot:5    | Identified a +1 pair of boots of running (Okawaru gifted it
                  | to you on level 5 of the Realm of Zot)
100379 | Zot:5    | Reached skill level 20 in Fighting
100530 | Zot:5    | Identified a +2 vampiric war axe
100530 | Zot:5    | Identified a +0 cloak
100534 | Zot:5    | Identified a +0 hand axe
100534 | Zot:5    | Identified a +0 battleaxe
100534 | Zot:5    | Identified a +0 dire flail
100537 | Zot:5    | Noticed an ancient lich
100552 | Zot:5    | Identified a +11 club of flaming
100552 | Zot:5    | Noticed a Killer Klown
100575 | Zot:5    | Noticed an orb of fire
100580 | Zot:5    | Gained mutation: Your spells are a little harder to cast,
                  | but a little more powerful. [an orb of fire]
100586 | Zot:5    | Noticed an ancient lich
100612 | Zot:5    | Killed an orb of fire
100622 | Zot:5    | Killed a Killer Klown
100635 | Zot:5    | Killed an ancient lich
100653 | Zot:5    | Killed an ancient lich
100653 | Zot:5    | Received a gift from Okawaru
100784 | Zot:5    | Identified a +0 scimitar
100818 | Zot:5    | Noticed an ancient lich
100818 | Zot:5    | Noticed an ancient lich
100818 | Zot:5    | Identified a +0 long sword
100818 | Zot:5    | Identified a cursed -1 cloak
100818 | Zot:5    | Identified a +0 rapier
100818 | Zot:5    | Identified a +0 cloak
100819 | Zot:5    | Identified a +0 short sword
100820 | Zot:5    | Identified a +0 rapier
100820 | Zot:5    | Identified a +0 cloak
100820 | Zot:5    | Identified a +1 battleaxe of freezing
100820 | Zot:5    | Identified a +0 short sword
100820 | Zot:5    | Identified a cursed -2 flail
100910 | Zot:5    | Killed a Killer Klown
100953 | Zot:5    | Noticed a Brimstone Fiend
101118 | Zot:5    | Killed an ancient lich
101118 | Zot:5    | Received a gift from Okawaru
101207 | Zot:5    | Killed an ancient lich
101207 | Zot:5    | Reached skill level 21 in Fighting
101388 | Zot:5    | Received a gift from Okawaru
101413 | Zot:5    | Killed an ancient lich
101413 | Zot:5    | Received a gift from Okawaru
101491 | Zot:5    | Noticed an ancient lich
101519 | Zot:5    | Killed an ancient lich
101624 | Zot:5    | Noticed an ancient lich
101656 | Zot:4    | Received a gift from Okawaru
101680 | Zot:4    | HP: 28/206 [ancient lich/crystal spear (52)]
102880 | Zot:4    | Identified the +2 scimitar "Goshrado" {distort, MP+9 Int+5}
                  | (Okawaru gifted it to you on level 5 of the Realm of Zot)
103530 | Zot:4    | Killed an ancient lich
103530 | Zot:4    | Received a gift from Okawaru
103907 | Zot:5    | Identified +0 storm dragon scales
104180 | Zot:5    | Got a slimy plate armour
104191 | Zot:5    | Identified the +0 plate armour of the Falcon {MR+ Str+2
                  | Slay+6 Stlth+} (You acquired it on level 5 of the Realm of
                  | Zot)
104249 | Zot:5    | Upgraded the game from 0.24-a0-67-ga78bd38 to
                  | 0.24-a0-73-g81bb1ad
104574 | Hell     | Received a gift from Okawaru
104594 | Hell     | Reached skill level 22 in Fighting
104693 | Hell     | Got a pair of bloodstained boots {god gift}
104714 | Hell     | Identified a +3 halberd
104718 | Hell     | Identified a +0 halberd
104719 | Hell     | Identified a +0 short sword
104719 | Hell     | Identified a +0 flail
104756 | Hell     | Identified a +0 short sword
104791 | Hell     | Identified a +1 great sword of draining
104791 | Hell     | Identified a +0 chain mail
104791 | Hell     | Identified a +0 trident
104853 | Hell     | Identified a +0 scimitar
104993 | Hell     | Found a gateway to the Iron City of Dis.
105072 | Hell     | Identified a +0 flail
105073 | Hell     | Identified a +0 trident
105074 | Hell     | Identified a +0 halberd
105100 | Hell     | Identified a +0 great mace of draining
105100 | Hell     | Identified a +0 chain mail
105111 | Hell     | Noticed a lich
105115 | Hell     | Identified a +0 scythe of flaming
105141 | Hell     | Killed a lich
105214 | Hell     | Identified a +0 scythe of flaming
105216 | Hell     | Identified a +0 war axe
105236 | Hell     | Found a gateway to the decaying netherworld of Tartarus.
105340 | Hell     | Identified a +0 hand axe
105432 | Hell     | Found a gateway to the freezing wastes of Cocytus.
105643 | Hell     | Identified the +0 pair of boots of Yesterday {Str+5}
                  | (Okawaru gifted it to you in the Vestibule of Hell)
105663 | Hell     | Learned a level 3 spell: Ozocubu's Armour
105694 | Hell     | Upgraded the game from 0.24-a0-73-g81bb1ad to
                  | 0.24-a0-91-g4e4936a
105694 | Hell     | Upgraded the game from 0.24-a0-91-g4e4936a to
                  | 0.24-a0-102-g7635c99
105694 | Hell     | Upgraded the game from 0.24-a0-102-g7635c99 to
                  | 0.24-a0-114-g5d539f0
105694 | Hell     | Upgraded the game from 0.24-a0-114-g5d539f0 to
                  | 0.24-a0-127-gfc1eed5
105694 | Hell     | Upgraded the game from 0.24-a0-127-gfc1eed5 to
                  | 0.24-a0-139-geb6712d
105694 | Hell     | Upgraded the game from 0.24-a0-139-geb6712d to
                  | 0.24-a0-201-gf205589
106180 | Zot:5    | Got the Orb of Zot
106282 | Zot:3    | Identified a +8 great sword of flaming
106282 | Zot:3    | Identified +2 pearl dragon scales
106282 | Zot:3    | Noticed a seraph
106287 | Zot:3    | Identified a +4 scimitar of holy wrath
106287 | Zot:3    | Identified a cursed -2 large shield
106287 | Zot:3    | Identified a +5 scimitar of holy wrath
106287 | Zot:3    | Identified a cursed +0 large shield
106287 | Zot:3    | Identified a +1 falchion of flaming
106287 | Zot:3    | Identified a +0 fustibalus
106287 | Zot:3    | Identified a +0 robe
106287 | Zot:3    | Identified the cursed -5 buckler "Kuczeeph" {+Blink MR+}
106287 | Zot:3    | Identified a +5 eudemon blade of holy wrath
106287 | Zot:3    | Identified a +2 large shield
106287 | Zot:3    | Identified a +2 whip of holy wrath
106287 | Zot:3    | Identified a +0 robe
106287 | Zot:3    | Identified a +3 long sword of flaming
106287 | Zot:3    | Identified a +0 shortbow
106287 | Zot:3    | Identified a +0 robe
106374 | Depths:5 | Noticed Biugh the pandemonium lord
106421 | Depths:4 | Noticed an ancient lich
106484 | Depths:2 | Noticed Hoskalacve the pandemonium lord
106732 | D:8      | Identified a +2 demon whip of pain
106734 | D:8      | Identified a +0 dagger
106734 | D:8      | Identified a +2 robe
106734 | D:8      | Identified a +0 demon blade of venom
106734 | D:8      | Identified a +0 scale mail
106875 | D:2      | Noticed Vituegeo the pandemonium lord
106875 | D:2      | Noticed an ancient lich
106879 | D:2      | Noticed a Tzitzimitl
106934 | D:$      | Escaped with the Orb!

Table legend:
 A = Turns spent in this place as a percentage of turns spent in the entire game.
 B = Non-inter-level travel turns spent in this place as a percentage of non-inter-level travel turns spent in the entire game.
 C = Inter-level travel turns spent in this place as a percentage of turns spent in this place.
 D = Turns resting spent in this place as a percentage of non-inter-level travel turns spent in this place.
 E = Turns spent auto-exploring this place as a percentage of non-inter-level travel turns spent in this place.
 F = Non-inter-level travel turns spent in this place divided by the number of levels of this place that you've seen.
                   A       B       C       D       E      F
               +-------+-------+-------+-------+-------+----------------------
         Total | 100.0 | 100.0 |  11.5 |   9.2 |  46.3 | 1526.5
       Dungeon |  25.4 |  24.7 |  14.0 |  10.0 |  63.4 | 1559.1
        Temple |   0.1 |   0.1 |  29.2 |   0.0 |  41.3 |  75.0
          Lair |   9.6 |   9.4 |  13.8 |   8.2 |  56.1 | 1475.2
         Swamp |   5.0 |   5.2 |   6.5 |   8.1 |  40.5 | 1238.8
   Spider Nest |   4.6 |   4.9 |   5.8 |  13.2 |  38.1 | 1147.8
    Slime Pits |   3.0 |   3.2 |   5.2 |  23.9 |   8.1 | 599.4
  Orcish Mines |   2.3 |   2.3 |  12.4 |   5.4 |  53.8 | 1092.0
   Elven Halls |   6.6 |   6.6 |  11.1 |   4.7 |  35.5 | 2080.0
        Vaults |  14.6 |  14.6 |  11.8 |   6.4 |  41.2 | 2759.6
        Depths |  10.7 |  10.0 |  17.1 |   4.7 |  48.3 | 1901.0
          Hell |   1.1 |   1.2 |   0.9 |   0.0 |  34.1 | 1157.0
           Zot |  12.3 |  12.4 |  10.1 |  12.4 |  38.1 | 2356.2
         Abyss |   0.3 |   0.3 |   0.0 |   1.4 |   0.0 | 287.0
        Bazaar |   0.3 |   0.4 |   0.0 |   0.0 |  83.5 | 334.0
        Bailey |   0.6 |   0.7 |   0.0 |  19.4 |  36.5 | 666.0
        Wizlab |   0.9 |   1.0 |   0.0 |  20.0 |  34.6 | 952.0
    Desolation |   1.9 |   2.2 |   0.0 |  18.7 |  23.1 | 2065.0
      Gauntlet |   0.8 |   0.9 |   0.0 |   0.4 |  15.0 | 819.0
               +-------+-------+-------+-------+-------+----------------------

Table legend:
 A = Kills in this place as a percentage of kills in entire the game.
 B = Kills by you in this place as a percentage of kills by you in the entire game.
 C = Kills by friends in this place as a percentage of kills by friends in the entire game.
 D = Other kills in this place as a percentage of other kills in the entire game.
 E = Experience gained in this place as a percentage of experience gained in the entire game.
 F = Experience gained in this place divided by the number of levels of this place that you have seen.
                   A       B       C       D       E      F
               +-------+-------+-------+-------+-------+----------------------
         Total | 100.0 | 100.0 | 100.0 | 100.0 | 100.0 | 28725.9
       Dungeon |  17.9 |  19.0 |   0.0 |  11.1 |   4.4 | 5245.5
          Lair |   8.3 |   8.8 |   0.0 |   5.6 |   4.2 | 12328.2
         Swamp |   6.6 |   6.6 |   4.4 |  22.2 |   3.9 | 17163.5
   Spider Nest |   5.3 |   5.5 |   1.9 |   0.0 |   3.9 | 17334.8
    Slime Pits |   2.8 |   3.0 |   0.0 |   0.0 |   3.7 | 13115.4
  Orcish Mines |   3.9 |   4.1 |   0.0 |   0.0 |   0.7 | 6157.5
   Elven Halls |   7.5 |   7.3 |   9.4 |  22.2 |   8.8 | 52270.7
        Vaults |  20.2 |  18.5 |  51.2 |   0.0 |  21.9 | 77892.8
        Depths |   9.8 |   9.6 |  13.1 |  11.1 |  13.6 | 48445.2
          Hell |   2.6 |   2.7 |   1.2 |   0.0 |   2.9 | 51376.0
           Zot |   8.9 |   8.5 |  16.9 |  11.1 |  27.9 | 99548.4
         Abyss |   1.2 |   1.3 |   0.0 |   5.6 |   1.4 | 24979.0
        Bailey |   1.2 |   1.3 |   0.0 |   0.0 |   0.0 | 819.0
        Wizlab |   1.1 |   1.2 |   0.0 |   0.0 |   0.7 | 12042.0
    Desolation |   2.2 |   2.1 |   1.9 |  11.1 |   1.8 | 31910.0
      Gauntlet |   0.5 |   0.5 |   0.0 |   0.0 |   0.3 | 5097.0
               +-------+-------+-------+-------+-------+----------------------

Skill      XL: |  1  2  3  4  5  6  7  8  9 10 11 12 13 14 15 16 17 18 19 20 21 22 23 24 25 26 27 |
---------------+----------------------------------------------------------------------------------+-----
Slings         | 6 7 8 9 10 11 12 13 14 | 14.0
Fighting       | 2 3 4 5 7 8 9 10 12 13 14 22 | 22.7
Dodging        | 3 4 5 6 8 10 12 14 15 16 18 19 22 | 22.0
Short Blades   | 1 2 3 4 5 7 10 | 10.2
Armour         | 1 3 8 12 13 14 16 17 22 | 22.0
Translocations | 2 3 |  3.0
Air Magic      | 2 4 7 9 |  9.0
Poison Magic   | 2 3 4 |  4.0
Conjurations   | 1 2 |  2.0
Spellcasting   | 1 2 4 6 |  6.0
Shields        | 3 6 11 13 16 17 19 20 21 | 21.0
Evocations     | 3 7 8 9 10 | 10.0
Invocations    | 8 9 10 | 10.0
Stealth        | 3 10 11 13 | 13.2
Summonings     | 3 5 |  5.0
Charms         | 5 10 | 10.0
Necromancy     | 2 |  2.0
Long Blades    | 8 11 13 | 13.1

Action                   |  1- 3 |  4- 6 |  7- 9 | 10-12 | 13-15 | 16-18 | 19-21 | 22-24 | 25-27 || total
-------------------------+-------+-------+-------+-------+-------+-------+-------+-------+-------++-------
Melee: Short sword       |    30 |    34 |     2 |       |       |       |       |       |       ||    66
       Dagger            |       |       |   201 |   626 |  1362 |  2420 |  2608 |  2736 |  3818 || 13771
       Demon blade       |       |       |       |     1 |       |       |     8 |   237 |  2582 ||  2828
       Rapier            |       |       |       |       |       |     6 |       |       |       ||     6
       Scimitar          |       |       |       |       |       |       |       |       |   290 ||   290
 Fire: Hunting sling     |    46 |   183 |   155 |   342 |   550 |   189 |    14 |       |       ||  1479
       Fustibalus        |       |       |       |       |       |       |       |    69 |   218 ||   287
Throw: Stone             |    22 |     2 |     3 |    43 |    16 |       |       |       |       ||    86
       Tomahawk          |       |       |     5 |    18 |    72 |    51 |     1 |    11 |     4 ||   162
       Throwing net      |       |       |       |     3 |     2 |       |       |       |       ||     5
 Cast: Mephitic Cloud    |       |       |       |     2 |       |       |       |       |       ||     2
       Summon Lightning  |       |       |       |       |       |     8 |    34 |    26 |    49 ||   117
       Apportation       |       |       |       |       |       |       |     3 |       |       ||     3
       Animate Skeleton  |       |       |       |       |       |       |    58 |   130 |   170 ||   358
       Regeneration      |       |       |       |       |       |       |    13 |    13 |   121 ||   147
       Blink             |       |       |       |       |       |       |     1 |     2 |     6 ||     9
       Deflect Missiles  |       |       |       |       |       |       |       |     1 |     1 ||     2
       Shroud of Golubri |       |       |       |       |       |       |       |     2 |    27 ||    29
       Shadow Creatures  |       |       |       |       |       |       |       |       |     2 ||     2
       Animate Dead      |       |       |       |       |       |       |       |       |     1 ||     1
       Ozocubu's Armour  |       |       |       |       |       |       |       |       |     3 ||     3
Invok: Heroism           |       |       |       |     1 |    19 |    13 |    16 |    17 |    36 ||   102
       Finesse           |       |       |       |       |     5 |     4 |     7 |     9 |    21 ||    46
 Abil: Evoke Invisibilit |       |       |       |       |       |     4 |     4 |       |     2 ||    10
Evoke: Wand              |       |       |       |    10 |     4 |     7 |     8 |     2 |    34 ||    65
       Sack of spiders   |       |       |       |       |       |     1 |     1 |     2 |     2 ||     6
       Lamp of fire      |       |       |       |       |       |       |     1 |     1 |     4 ||     6
       Phial of floods   |       |       |       |       |       |       |       |       |     5 ||     5
       Box of beasts     |       |       |       |       |       |       |       |       |     5 ||     5
       Phantom mirror    |       |       |       |       |       |       |       |       |     2 ||     2
       Fan of gales      |       |       |       |       |       |       |       |       |     1 ||     1
  Use: Scroll            |       |       |    11 |    11 |    11 |    18 |    17 |    13 |    27 ||   108
       Potion            |       |       |       |    11 |     1 |       |     3 |     6 |    38 ||    59
 Stab: Sleeping          |       |     2 |     4 |     5 |    14 |    96 |    93 |    83 |    37 ||   334
       Confused          |       |       |       |     2 |       |     4 |       |       |       ||     6
       Invisible         |       |       |       |     1 |       |    14 |    10 |       |       ||    25
       Paralysed         |       |       |       |       |     1 |     1 |       |       |       ||     2
       Petrifying        |       |       |       |       |     3 |       |       |       |       ||     3
       Distracted        |       |       |       |       |     2 |    17 |    24 |    44 |   100 ||   187
       Held in net/web   |       |       |       |       |       |     4 |     4 |       |       ||     8
  Eat: Chunk             |     2 |     7 |    11 |    21 |    37 |    44 |    31 |    48 |    67 ||   268
       Ration            |       |       |     1 |     2 |     1 |     3 |     5 |       |    22 ||    34
Armor: Leather armour    |     9 |    11 |    36 |    11 |    47 |       |       |       |       ||   114
       Robe              |       |       |     2 |    35 |       |       |       |       |       ||    37
       Steam dragon scal |       |       |       |       |    30 |   183 |   161 |   201 |   546 ||  1121
       Skin              |       |       |       |       |       |       |     8 |       |       ||     8
       Plate armour      |       |       |       |       |       |       |       |       |   198 ||   198
Dodge: Dodged            |    39 |    60 |   135 |   353 |   414 |  1174 |  1086 |  1007 |  3293 ||  7561
       Deflected         |       |       |       |     8 |     4 |       |       |     2 |     3 ||    17
Block: Buckler           |       |       |       |    13 |       |       |       |       |       ||    13
       Shield            |       |       |       |    80 |   582 |  1675 |  1700 |  1696 |  4791 || 10524
       Rpst.: Demon blade |       |       |       |       |       |       |     2 |    30 |   228 ||   260
       Scimitar          |       |       |       |       |       |       |       |       |    38 ||    38

Vanquished Creatures
  the Royal Jelly (Slime:5)
  4 orbs of fire
  2 juggernauts (Depths:5)
  10 ancient liches
  Sojobo (Vaults:2)
  Boris (Vaults:4)
  7 Killer Klowns
  Geryon (Hell)
  Saint Roka (Vaults:2)
  The ghost of CanOfBees the Merry Centaur, an adept CeHu of Okawaru (Depths:2)
  8 golden dragons
  The ghost of grandjackal the Warrior, a veteran TeFi of Zin (Elf:3)
  5 electric golems
  3 liches
  A bone dragon (Swamp:4)
  Jorgrun (Spider:1)
  12 tentacled monstrosities
  5 titans
  4 quicksilver dragons
  20 Orb Guardians
  3 deep elf master archers (Elf:3)
  2 deep elf blademasters (Elf:3)
  16 acid blobs
  8 death cobs
  4 sphinxes
  2 tentacled starspawn
  3 draconian monks
  2 ancient champions
  3 thorn hunters
  8 tengu reavers
  5 shadow dragons
  Donald (Elf:3)
  14 storm dragons
  13 azure jellies
  Roxanne (Swamp:2)
  7 draconian scorchers
  5 deep elf sorcerers (Elf:3)
  Louise (D:14)
  17 vault wardens
  2 imperial myrmidons (Desolation)
  5 draconian shifters
  9 frost giants
  8 ghost moths
  5 fire giants
  4 draconian knights
  A balrug (Depths:2)
  6 emperor scorpions (Spider:4)
  2 spectral juggernauts (Depths:2)
  6 draconian annihilators
  A juggernaut skeleton (Depths:2)
  7 draconian stormcallers
  A reaper (Hell)
  19 stone giants
  15 ironheart preservers
  6 deep elf elementalists
  5 war gargoyles
  22 very ugly things
  4 entropy weavers
  5 deep elf demonologists
  A vampire knight (Depths:1)
  12 green draconians
  22 black draconians
  14 purple draconians
  8 white draconians
  13 red draconians
  A dire elephant (Gauntlet)
  10 yellow draconians
  4 spark wasps (Depths:3)
  9 deep elf annihilators
  A minotaur (shapeshifter) (Vaults:4)
  4 halazid warlocks (Desolation)
  A minotaur (Gauntlet)
  A blizzard demon (WizLab)
  2 eidola (Vaults:2)
  12 ettins
  9 fire dragons
  Josephine (Lair:5)
  8 deep elf death magi
  8 death oozes
  A merfolk impaler (Depths:5)
  23 yaktaur captains
  14 hydras
  6 deep elf high priests
  Erolcha (D:11)
  A hydra (shapeshifter) (Elf:3)
  17 great orbs of eyes
  4 ragged hierophants (Desolation)
  Harold (D:9)
  5 peacekeepers (Desolation)
  A catoblepas (D:12)
  2 shambling mangroves
  10 ice dragons
  An anaconda (shapeshifter) (Vaults:4)
  5 ghost crabs (Swamp:4)
  33 vault guards
  2 servants of whispers (Desolation)
  4 spriggan air magi
  4 rakshasas
  3 death knights
  37 two-headed ogres
  7 centaur warriors
  13 death yaks
  A queen ant (shapeshifter) (Elf:2)
  2 deep troll shamans
  13 ogre magi
  3 tengu warriors (Depths:2)
  6 thrashing horrors
  14 hell hogs
  10 alligators
  The ghost of ICEMaiden the Arsonist, a journeyman DEFE of Vehumet (Lair:1)
  20 dancing weapons
  A titan zombie (Hell)
  6 deep troll earth magi
  4 shock serpents (Zot:2)
  Urug (Lair:5)
  2 iron golems
  5 spriggan berserkers
  A titan skeleton (Hell)
  Nergalle (D:10)
  11 soul eaters
  16 deep elf knights
  2 sun demons
  2 storm dragon zombies (Hell)
  3 fire crabs (shapeshifter)
  27 skeletal warriors
  An anaconda zombie (Hell)
  3 shadow wraiths
  4 spriggan druids
  3 sixfirhies
  2 glowing orange brains
  3 unseen horrors
  4 swamp dragons
  2 death drakes (Abyss:5)
  A spatial maelstrom (Abyss:5)
  20 deep trolls
  10 wizards
  2 flayed ghosts
  A spectral hydra (Swamp:4)
  Pikel (D:9)
  8 necromancers
  9 ironbrand convokers
  19 deep elf archers
  90 deep elf magi
  3 anaconda skeletons
  A tengu zombie (Depths:2)
  24 orc knights
  3 phantasmal warriors
  16 orb spiders
  49 ugly things
  An oklob plant (Swamp:4)
  A wolf spider (shapeshifter) (Elf:3)
  8 cyclopes
  2 manticores
  26 wolf spiders
  3 salamanders
  A worldbinder (WizLab)
  24 moths of wrath
  A moth of wrath (shapeshifter) (Vaults:4)
  A frost giant skeleton (Depths:2)
  7 orc sorcerers
  3 shining eyes
  An apocalypse crab (WizLab)
  6 rust devils
  2 elephants (Gauntlet)
  A titan simulacrum (Vaults:5)
  4 centaur zombies
  A black mamba (shapeshifter) (Elf:3)
  6 guardian serpents (Desolation)
  2 eyes of devastation
  2 molten gargoyles
  15 vault sentinels
  7 black mambas
  2 smoke demons
  2 orange demons (Abyss:5)
  A spiny frog (shapeshifter) (Elf:3)
  14 spiny frogs
  2 torpor snails
  3 centaur skeletons
  9 komodo dragons
  2 efreet (Depths:2)
  2 swamp worm zombies (Swamp:4)
  A hellion (Depths:1)
  3 kobold demonologists
  4 rime drakes
  A rime drake (shapeshifter) (Vaults:2)
  3 freezing wraiths
  70 yaktaurs
  3 hydra zombies
  14 demonic crawlers
  A redback zombie (D:15)
  A komodo dragon (shapeshifter) (Depths:5)
  10 ice devils
  3 red devils
  An ancient zyme (Abyss:5)
  A merfolk (shapeshifter) (Vaults:5)
  A queen bee (shapeshifter) (Vaults:2)
  3 tengu conjurers
  An entropy weaver simulacrum (Vaults:2)
  11 trolls
  A jumping spider (shapeshifter) (Depths:2)
  21 jumping spiders
  A meliai (shapeshifter) (Vaults:2)
  9 polar bears
  8 tyrant leeches
  29 hornets
  34 saltlings (Desolation)
  15 bog bodies
  8 alligator zombies
  A wind drake (shapeshifter) (Elf:3)
  A raiju (Zot:2)
  A blink frog (shapeshifter) (Elf:3)
  A raiju (shapeshifter) (Vaults:4)
  A fire giant simulacrum (Depths:2)
  11 dream sheep (Lair:6)
  15 hippogriffs
  29 blink frogs
  2 spectral swamp dragons (Swamp:4)
  76 slime creatures
  2 meliai zombies
  9 shadows
  47 redbacks
  A spriggan (shapeshifter) (Depths:4)
  A centaur simulacrum (D:15)
  17 spriggans
  11 water elementals
  A vampire (D:11)
  4 air elementals
  An elf zombie (Vaults:5)
  22 tarantellas
  9 wraiths
  An ettin skeleton (Depths:2)
  A redback (shapeshifter) (Vaults:4)
  A tarantella (shapeshifter) (Elf:3)
  8 basilisks
  A neqoxec (Abyss:5)
  A yak (shapeshifter) (Depths:1)
  45 yaks
  4 large abominations
  22 vampire mosquitoes
  A steam dragon (D:14)
  3 wyverns
  A ynoxinul (WizLab)
  5 golden eyes
  A chaos spawn (WizLab)
  9 fire elementals
  3 hungry ghosts
  A golden eye (shapeshifter) (Vaults:3)
  A human zombie (Depths:2)
  21 swamp worms
  A soldier ant (D:15)
  2 water moccasins (shapeshifter) (Vaults:5)
  9 wargs
  6 insubstantial wisps
  Duvessa (D:4)
  10 water moccasins
  3 acid dragons
  6 spatial vortices
  A spiny frog zombie (Hell)
  13 porcupines
  4 hell hounds (Hell)
  12 swamp drakes
  2 floating eyes
  A meliai simulacrum (D:15)
  A slave (D:9)
  A spiny frog skeleton (Hell)
  7 ice beasts
  2 sky beasts (shapeshifter)
  A black bear (shapeshifter) (Elf:1)
  An eye of draining (shapeshifter) (Depths:3)
  8 sky beasts
  5 swamp dragon zombies (Swamp:4)
  2 black bears
  3 ettin simulacra
  6 eyes of draining
  6 phantoms (Swamp:4)
  41 ogres
  65 orc warriors
  An alligator simulacrum (Hell)
  23 wolves
  31 centaurs
  A tengu (shapeshifter) (Depths:5)
  13 boggarts
  15 crocodiles
  9 earth elementals
  4 big kobolds
  24 bullfrogs
  A gnoll sergeant (D:7)
  2 human skeletons (WizLab)
  A glowing shapeshifter simulacrum (Vaults:5)
  5 scorpions
  2 small abominations
  A troll zombie (Swamp:2)
  2 water moccasin skeletons
  Dowan (D:4)
  19 killer bees
  5 howler monkeys
  A troll skeleton (Swamp:2)
  22 wights
  4 electric eels
  16 crimson imps
  25 orc priests
  2 bullfrog zombies
  4 quasits
  5 human simulacra
  5 jellies
  32 orc wizards
  A bullfrog skeleton (D:13)
  6 hounds
  7 iguanas
  A spectral swamp drake (Swamp:4)
  5 lightning spires (Zot:2)
  7 worker ants
  A hound zombie (D:7)
  A howler monkey zombie (D:11)
  A worker ant zombie (D:11)
  A howler monkey skeleton (D:4)
  21 gnolls
  3 swamp drake zombies (Swamp:4)
  16 adders
  7 shadow imps
  4 white imps
  An adder zombie (D:10)
  An adder skeleton (D:9)
  5 worms
  4 dart slugs
  6 leopard geckos
  124 orcs
  6 giant cockroaches
  16 hobgoblins
  9 jackals
  30 kobolds
  2 quokkas
  A ball python (D:4)
  7 bats
  4 frilled lizards
  9 goblins
  A jackal zombie (D:9)
  A quokka zombie (D:7)
  6 rats
  A lurking horror (WizLab)
  A starspawn tentacle (Abyss:5)
2730 creatures vanquished.

Vanquished Creatures (collateral kills)
  An ancient lich (Zot:5)
  Mara (Vaults:4)
  An electric golem (Zot:3)
  2 tentacled monstrosities
  6 Orb Guardians (Zot:5)
  A titan (Vaults:4)
  2 sphinxes
  2 death cobs
  2 shadow dragons
  2 draconian monks
  A storm dragon (Vaults:4)
  A tengu reaver (Vaults:5)
  2 frost giants
  A fire giant (Depths:5)
  An emperor scorpion (Spider:4)
  2 draconian scorchers
  A deep elf sorcerer (Vaults:5)
  An angel (Depths:4)
  2 draconian shifters
  2 very ugly things (Depths:3)
  3 ironheart preservers
  A reaper (Hell)
  A deep elf demonologist (Elf:1)
  A deep elf annihilator (Vaults:5)
  A green draconian (Zot:3)
  A spark wasp (Depths:3)
  3 red draconians
  2 purple draconians
  A green death (Hell)
  A halazid warlock (Desolation)
  2 ettins (Vaults:5)
  2 yaktaur captains
  A juggernaut simulacrum (Depths:2)
  4 ogre magi
  An alligator (Swamp:1)
  A tengu warrior (Depths:2)
  A death knight (Vaults:1)
  4 dancing weapons
  9 two-headed ogres
  A skeletal warrior (Depths:2)
  A swamp dragon (Swamp:2)
  2 flayed ghosts
  A deep elf archer (Elf:3)
  2 ironbrand convokers
  2 orc knights
  A necromancer (Vaults:5)
  A wizard (Vaults:3)
  10 deep elf magi
  An orb spider (Spider:4)
  3 ugly things
  A moth of wrath (Zot:1)
  An orc sorcerer (Vaults:5)
  2 vault sentinels
  2 rust devils (Depths:2)
  15 yaktaurs
  An efreet (Depths:2)
  A freezing wraith (Vaults:1)
  A tengu conjurer (Depths:2)
  A merfolk (shapeshifter) (Vaults:3)
  A raiju (Zot:2)
  A blink frog (shapeshifter) (Vaults:4)
  A bog body (Swamp:1)
  A hornet (Depths:5)
  A slime creature (Depths:3)
  A spectral swamp dragon (Swamp:4)
  2 saltlings (Desolation)
  2 redbacks
  A spriggan (Depths:5)
  2 vampire mosquitoes (Swamp:1)
  2 wargs
  An acid dragon (Vaults:1)
  An ettin simulacrum (Depths:2)
  A swamp drake (Swamp:1)
  3 orc warriors
  3 ogres (Vaults:3)
  An orc priest (Vaults:2)
  An orc wizard (Vaults:2)
  10 orcs
160 creatures vanquished.

Vanquished Creatures (others)
  A tentacled monstrosity (Zot:1)
  A deep elf master archer (Elf:3)
  A death cob (Zot:4)
  A draconian scorcher (Zot:1)
  A draconian knight (Zot:4)
  A peacekeeper (Desolation)
  A shock serpent (Zot:2)
  2 deep elf knights
  A spriggan druid (Swamp:4)
  3 deep elf magi
  A guardian serpent (Desolation)
  A saltling (Desolation)
  A hornet (Abyss:5)
  4 dream sheep (Lair:6)
  4 blink frogs
  A redback (Spider:4)
  A spriggan (Swamp:2)
  A wyvern (D:12)
  6 insubstantial wisps (Swamp:4)
  3 ogres
  An eye of draining (D:12)
  A bullfrog (D:9)
  A scorpion (D:12)
  A bullfrog skeleton (D:12)
  A tengu simulacrum (Abyss:5)
  5 ball lightnings (Zot:2)
  5 orcs
  16 fungi
  9 plants
  A starspawn tentacle (Abyss:5)
  13 withered plants (Gauntlet)
90 creatures vanquished.

Grand Total: 2980 creatures vanquished
